Workbook

Sheet Pag0
A24: INFORMACIÓN ESTADÍSTICA
A25: 2025

Sheet Pag1

Sheet Pag2
A1: RESULTADOS DE ENERGÍA
A2: RESUMEN DE PRODUCCIÓN DE ENERGÍA (GWh)
B4: ENE | C4: FEB | D4: MAR | E4: ABR | F4: MAY | G4: JUN | H4: JUL | I4: AGO | J4: SEP | K4: OCT | L4: NOV | M4: DIC | N4: TOTAL
A5: + PRODUCCIÓN S. N. I. | B5: 1071.5509 | C5: 990.00915 | D5: 1181.3614 | E5: 1129.7301 | F5: 1136.9156 | G5: 1058.6954 | H5: 1087.6723 | I5: 1121.1981 | J5: 1127.7605 | K5: 1155.28 | L5: 1091.5076 | M5: 1156.7305 | N5: =SUM(B5:M5) -> 13308.411
A6: + IMPORTACIÓN | B6: 162.12359 | C6: 176.50812 | D6: 189.57312 | E6: 165.44033 | F6: 228.01882 | G6: 207.95297 | H6: 247.43193 | I6: 231.2244 | J6: 188.00836 | K6: 211.16445 | L6: 209.81088 | M6: 170.28444 | N6: =SUM(B6:M6) -> 2387.5414
A7: + DESVIACIONES* | B7: 4.7868898 | C7: 4.7529684 | D7: 6.202923 | E7: 6.0830385 | F7: 5.0187717 | G7: 4.5986726 | H7: 5.2168829 | I7: 4.8256582 | J7: 4.8467277 | K7: 4.9257122 | L7: 3.7622573 | M7: 4.6376219 | N7: =SUM(B7:M7) -> 59.658124
A8: TOTAL | B8: =SUM(B5:B7) -> 1238.4614 | C8: =SUM(C5:C7) -> 1171.2702 | D8: =SUM(D5:D7) -> 1377.1374 | E8: =SUM(E5:E7) -> 1301.2534 | F8: =SUM(F5:F7) -> 1369.9532 | G8: =SUM(G5:G7) -> 1271.247 | H8: =SUM(H5:H7) -> 1340.3211 | I8: =SUM(I5:I7) -> 1357.2481 | ... N8: =SUM(N5:N7) -> 15755.611
A9: * Desviaciones y energias inadvertidas de Importación
E12: =J13 -> PLANTAS HIDRÁULICAS | F12: =M13 -> 0.34704041 | L12: GWh | M12: %
E13: =J14 -> TURBINAS DE VAPOR | F13: =M14 -> 0.21278442 | J13: PLANTAS HIDRÁULICAS | L13: 5467.8337 | M13: =L13/$L$23 -> 0.34704041
E14: =J15 -> COGENERADORES (**) | F14: =M15 -> 0.16779358 | J14: TURBINAS DE VAPOR | L14: 3352.5485 | M14: =L14/$L$23 -> 0.21278442
E15: =J16 -> MOTORES RECIPROCANTES | F15: =M16 -> 0.038141131 | J15: COGENERADORES (**) | L15: 2643.6904 | M15: =L15/$L$23 -> 0.16779358
E16: =J17 -> EÓLICA | F16: =M17 -> 0.021757401 | J16: MOTORES RECIPROCANTES | L16: 600.93683 | M16: =L16/$L$23 -> 0.038141131
E17: =J18 -> GEOTÉRMICAS | F17: =M18 -> 0.017076622 | J17: EÓLICA | L17: 342.80115 | M17: =L17/$L$23 -> 0.021757401
E18: =J19 -> FOTOVOLTAÍCA | F18: =M19 -> 0.033656329 | J18: GEOTÉRMICAS | L18: 269.05261 | M18: =L18/$L$23 -> 0.017076622
E19: =J20 -> TURBINAS DE GAS | F19: =M20 -> 0.0064276961 | J19: FOTOVOLTAÍCA | L19: 530.27603 | M19: =L19/$L$23 -> 0.033656329
E20: =J21 -> IMPORTACIONES | F20: =M21 -> 0.15153595 | J20: TURBINAS DE GAS | L20: 101.27228 | M20: =L20/$L$23 -> 0.0064276961
E21: =J22 -> DESVIACIONES | F21: =M22 -> 0.0037864685 | J21: IMPORTACIONES | L21: 2387.5414 | M21: =L21/$L$23 -> 0.15153595
J22: DESVIACIONES | L22: 59.658124 | M22: =L22/$L$23 -> 0.0037864685
J23: TOTAL | L23: =SUM(L13:L22) -> 15755.611 | M23: =SUM(M13:M22) -> 1
J24: ** Turbinas de vapor.
A27: RESUMEN DE CONSUMO DE ENERGÍA (GWh)
B29: ENE | C29: FEB | D29: MAR | E29: ABR | F29: MAY | G29: JUN | H29: JUL | I29: AGO | J29: SEP | K29: OCT | L29: NOV | M29: DIC | N29: TOTAL
A30: - CONSUMO S. N. I. | B30: 1129.2578 | C30: 1054.6632 | D30: 1211.8481 | E30: 1158.5459 | F30: 1258.2538 | G30: 1155.0088 | H30: 1210.7329 | I30: 1215.6065 | J30: 1177.8881 | K30: 1210.975 | L30: 1164.955 | M30: 1188.721 | N30: =SUM(B30:M30) -> 14136.456
A31: - EXPORTACIÓN | B31: 71.811154 | C31: 79.790431 | D31: 119.59065 | E31: 99.684905 | F31: 65.581066 | G31: 74.396952 | H31: 87.354008 | I31: 98.220737 | J31: 97.396082 | K31: 109.98095 | L31: 103.01305 | M31: 101.94455 | N31: =SUM(B31:M31) -> 1108.7645
A32: - DESVIACIONES *** | B32: 4.4628569 | C32: 3.8672135 | D32: 4.6181877 | E32: 3.9565521 | F32: 4.3999057 | G32: 4.3245554 | H32: 4.1859807 | I32: 3.9041287 | J32: 4.2224926 | K32: 6.0640864 | L32: 4.0025627 | M32: 4.302197 | N32: =SUM(B32:M32) -> 52.310719
A33: - PÉRDIDAS | B33: 32.929643 | C33: 32.949404 | D33: 41.080432 | E33: 39.066043 | F33: 41.718432 | G33: 37.516666 | H33: 38.048225 | I33: 39.516744 | J33: 41.108919 | K33: 44.350125 | L33: 33.110083 | M33: 36.684883 | N33: =SUM(B33:M33) -> 458.0796
A34: TOTAL | B34: =SUM(B30:B33) -> 1238.4614 | C34: =SUM(C30:C33) -> 1171.2702 | D34: =SUM(D30:D33) -> 1377.1374 | E34: =SUM(E30:E33) -> 1301.2534 | F34: =SUM(F30:F33) -> 1369.9532 | G34: =SUM(G30:G33) -> 1271.247 | H34: =SUM(H30:H33) -> 1340.3211 | I34: =SUM(I30:I33) -> 1357.2481 | ... N34: =SUM(N30:N33) -> 15755.611 | O34: =((N8-N31-N32)*1000)/('Pag7'!N16*365*24) -> 0.75584238
A35: *** Desviaciones y energias inadvertidas de Exportación
A38: COMPOSICIÓN POR TIPO DE CONSUMO DE ENERGÍA
C39: GWh | D39: % | Q39: DISTRIBUIDORES | R39: =C40 -> 9608.2978
A40: DISTRIBUIDORES | C40: 9608.2978 | D40: =C40/$C$47 -> 0.60983347 | G40: =A40 -> DISTRIBUIDORES | H40: =D40 -> 0.60983347 | I40: =TRUNC(ROUND(H40*100,1),1) -> 61 | Q40: COMERCIALIZADORES * | R40: =C41 -> 4398.9963
A41: COMERCIALIZADORES **** | C41: 4398.9963 | D41: =C41/$C$47 -> 0.27920192 | G41: =A41 -> COMERCIALIZADORES **** | H41: =D41 -> 0.27920192 | I41: =TRUNC(ROUND(H41*100,1),1) -> 27.9 | Q41: GRANDES USUARIOS PARTICIPANTES | R41: =C43 -> 34.720144
A42: CONSUMOS PROPIOS | C42: 94.44 | D42: =C42/$C$47 -> 0.0059940558 | G42: =A42 -> CONSUMOS PROPIOS | H42: =D42 -> 0.0059940558 | I42: =TRUNC(ROUND(H42*100,1),1) -> 0.6 | Q42: EXPORTACIONES | R42: =C45+C46 -> 1161.0753
A43: GRANDES USUARIOS PARTICIPANTES | C43: 34.720144 | D43: =C43/$C$47 -> 0.0022036688 | G43: =A43 -> GRANDES USUARIOS PARTICIPANTES | H43: =D43 -> 0.0022036688 | I43: =TRUNC(ROUND(H43*100,1),1) -> 0.2 | Q43: PÉRDIDAS | R43: =C44 -> 458.0796
A44: PÉRDIDAS | C44: 458.0796 | D44: =C44/$C$47 -> 0.029074065 | G44: =A44 -> PÉRDIDAS | H44: =D44 -> 0.029074065 | I44: =TRUNC(ROUND(H44*100,1),1) -> 2.9 | Q44: CONSUMOS PROPIOS | R44: =C42 -> 94.44
A45: EXPORTACIONES | C45: 1108.7645 | D45: =C45/$C$47 -> 0.070372686 | G45: =A45 -> EXPORTACIONES | H45: =D45 -> 0.070372686 | I45: =TRUNC(ROUND(H45*100,1),1) -> 7
A46: DESVIACIONES | C46: 52.310719 | D46: =C46/$C$47 -> 0.0033201331 | G46: =A46 -> DESVIACIONES | H46: =D46 -> 0.0033201331 | I46: =TRUNC(ROUND(H46*100,1),1) -> 0.3
A47: TOTAL | C47: =SUM(C40:C46) -> 15755.609 | D47: =SUM(D40:D46) -> 1
A49: **** Comercializadores: Consumo de Grandes Usuarios a través de Comercializadores
A53: =C47-C46-C44-C42 -> 15150.779

Sheet Pag3
A1: PARTICIPACIÓN EN LA PRODUCCIÓN DE ENERGÍA (GWh) | P1: 1000000
A3: PARTICIPANTES | B3: ENE | C3: FEB | D3: MAR | E3: ABR | F3: MAY | G3: JUN | H3: JUL | I3: AGO | J3: SEP | K3: OCT | L3: NOV | M3: DIC | N3: TOTAL
A4: AGEN, S. A. | B4: 1.3630054 | C4: 1.0124937 | D4: 0.84242392 | E4: 1.0725259 | F4: 1.400348 | G4: 2.0134759 | H4: 1.7510013 | I4: 1.7408129 | J4: 2.5100319 | K4: 1.9707251 | L4: 1.6343109 | M4: 1.3413335 | N4: =SUM(B4:M4) -> 18.652488
A5: AGRICOLA LA ENTRADA, S. A. | B5: 0.70371236 | C5: 0.43607703 | D5: 0.40569894 | E5: 0.60387129 | F5: 1.1888825 | G5: 2.7403634 | H5: 2.1516386 | I5: 2.3317041 | J5: 3.1494612 | K5: 3.2327739 | L5: 2.1098867 | M5: 1.1005031 | N5: =SUM(B5:M5) -> 20.154573
A6: AGRO COMERCIALIZADORA DEL POLOCHIC, S. A. | B6: 3.5165462 | C6: 2.3077979 | D6: 1.9585238 | E6: 1.6536129 | F6: 1.5669193 | G6: 6.087121 | H6: 4.8235645 | I6: 4.2486015 | J6: 6.6503594 | K6: 3.9971967 | L6: 4.2770159 | M6: 3.9647342 | N6: =SUM(B6:M6) -> 45.051993
A7: AGRO COMERCIALIZADORA DEL POLOCHIC, S. A. (IMPORTACIÓN) | B7: 0.266281 | C7: 0.021446 | D7: 0.100988 | E7: 0.280913 | F7: 0.065188 | G7: 0.01349 | H7: 0.079196 | I7: 0.108484 | J7: 0.016873 | K7: 0.142635 | L7: 0 | M7: 0.100242 | N7: =SUM(B7:M7) -> 1.195736
A8: AGRO MOLLER, S. A. | B8: 0 | C8: 0 | D8: 0 | E8: 0 | F8: 0 | G8: 0 | H8: 0 | I8: 0 | J8: 0 | K8: 0 | L8: 0.51177051 | M8: 0.89038589 | N8: =SUM(B8:M8) -> 1.4021564
A9: AGROFORESTAL EL CEDRO, S. A. | B9: 0.21563558 | C9: 0.37867652 | D9: 0.475916 | E9: 0.45589599 | F9: 0.46689479 | G9: 0.45624864 | H9: 0.46830385 | I9: 0.46991175 | J9: 0.48916227 | K9: 0.48179045 | L9: 0.45773385 | M9: 0.4683904 | N9: =SUM(B9:M9) -> 5.2845601
A10: AGROGENERADORA, S. A. | B10: 0.72265159 | C10: 0.677045 | D10: 0.73160338 | E10: 0.38427045 | F10: 0.3881855 | G10: 0.43183811 | H10: 0.37223828 | I10: 0.35210256 | J10: 0.37490607 | K10: 0.34097015 | L10: 0.28155726 | M10: 0.34201967 | N10: =SUM(B10:M10) -> 5.399388
A11: AGROINDUSTRIAL PIEDRA NEGRA, S. A. | B11: 1.6263416 | C11: 1.5929352 | D11: 1.088159 | E11: 1.6204387 | F11: 1.1428988 | G11: 2.2850834 | H11: 2.1875231 | I11: 2.3490985 | J11: 2.6309387 | K11: 2.7690817 | L11: 1.1604324 | M11: 1.7460782 | N11: =SUM(B11:M11) -> 22.199009
A12: AGROPECUARIA ALTORR, S. A. | B12: 0.56806175 | C12: 0.60330252 | D12: 0.51445291 | E12: 0.62400779 | F12: 0.65349792 | G12: 0.65355287 | H12: 0.622798 | I12: 0.60027843 | J12: 0.60021459 | K12: 0.63482392 | L12: 0.622718 | M12: 0.64197823 | N12: =SUM(B12:M12) -> 7.339687
A13: AGROPECUARIA LA LAGUNA, S. A. | B13: 0 | C13: 0 | D13: 0 | E13: 0 | F13: 0 | G13: 0 | H13: 0.16166427 | I13: 0.18203874 | J13: 0.16913374 | K13: 0.16751303 | L13: 0.20156455 | M13: 0.21156996 | N13: =SUM(B13:M13) -> 1.0934843
A14: AGROPROP, S. A. | B14: 0.2624811 | C14: 0.17800102 | D14: 0.1308291 | E14: 0.18824379 | F14: 0.26979466 | G14: 0.64031551 | H14: 0.58451355 | I14: 0.620241 | J14: 0.71774543 | K14: 0.85040234 | L14: 0.71669573 | M14: 0.52449148 | N14: =SUM(B14:M14) -> 5.6837547
A15: AGUILAR, ARIMANY, ASOCIADOS CONSULTORES, S. A. | B15: 3.6768242 | C15: 2.860926 | D15: 3.37885 | E15: 2.9720977 | F15: 1.9447208 | G15: 2.3900451 | H15: 3.1562839 | I15: 3.1814236 | J15: 2.9785894 | K15: 3.7073145 | L15: 3.4968328 | M15: 2.8398229 | N15: =SUM(B15:M15) -> 36.583731
... A178: XOLHUITZ PROVIDENCIA, S. A. | B178: 0.61180988 | C178: 0.41599934 | D178: 0.37856569 | E178: 0.3949604 | F178: 0.67503763 | G178: 1.4466856 | H178: 1.3483634 | I178: 1.2038845 | J178: 2.1660172 | K178: 2.2488563 | L178: 1.282648 | M178: 0.77269665 | N178: =SUM(B178:M178) -> 12.945525
A179: TOTAL | B179: =SUM(B4:B178) -> 1238.4614 | C179: =SUM(C4:C178) -> 1171.2702 | D179: =SUM(D4:D178) -> 1377.1374 | E179: =SUM(E4:E178) -> 1301.2534 | F179: =SUM(F4:F178) -> 1369.9532 | G179: =SUM(G4:G178) -> 1271.247 | H179: =SUM(H4:H178) -> 1340.3211 | I179: =SUM(I4:I178) -> 1357.2481 | ... N179: =SUM(N4:N178) -> 15755.611

Sheet Pag4
A1: PARTICIPACIÓN EN EL CONSUMO DE ENERGÍA (GWh) | P1: 1000000
A3: PARTICIPANTES | B3: ENE | C3: FEB | D3: MAR | E3: ABR | F3: MAY | G3: JUN | H3: JUL | I3: AGO | J3: SEP | K3: OCT | L3: NOV | M3: DIC | N3: TOTAL
A4: ALTERNATIVA DE ENERGIA RENOVABLE, S. A. (EXPORTACIÓN) | B4: 1.130673 | C4: 2.207725 | D4: 4.531021 | E4: 1.272835 | F4: 0.910828 | G4: 0.94117 | H4: 0.146155 | I4: 0.514058 | J4: 0.142662 | K4: 0 | L4: 0.357149 | M4: 0.058181 | N4: =SUM(B4:M4) -> 12.212457
A5: BIOMASS ENERGY, S. A. (EXPORTACIÓN) | B5: 0 | C5: 0 | D5: 0 | E5: 0 | F5: 0 | G5: 7e-06 | H5: 6.3e-05 | I5: 0.004182 | J5: 0.140079 | K5: 0.031225 | L5: 0.025941 | M5: 0 | N5: =SUM(B5:M5) -> 0.201497
A6: BORAX, S. A. | B6: 0 | C6: 0 | D6: 0 | E6: 0 | F6: 0 | G6: 0 | H6: 0 | I6: 0 | J6: 0 | K6: 0 | L6: 0 | M6: 0.079315097 | N6: =SUM(B6:M6) -> 0.079315097
A7: BORAX, S. A. (EXPORTACIÓN) | B7: 0.110395 | C7: 0 | D7: 0 | E7: 0 | F7: 1.104232 | G7: 1.801013 | H7: 0 | I7: 0 | J7: 0 | K7: 0.000137 | L7: 0 | M7: 0 | N7: =SUM(B7:M7) -> 3.015777
A8: CENTRAL COMERCIALIZADORA DE ENERGIA ELECTRICA, S.A. | B8: 23.389051 | C8: 21.66908 | D8: 24.953193 | E8: 23.142344 | F8: 25.179654 | G8: 22.843512 | H8: 24.331232 | I8: 24.171135 | J8: 23.264734 | K8: 23.673021 | L8: 22.842545 | M8: 22.266528 | N8: =SUM(B8:M8) -> 281.72603
A9: CENTRAL COMERCIALIZADORA DE ENERGIA ELECTRICA, S.A. (EXPORTACIÓN) | B9: 15.972716 | C9: 14.966658 | D9: 19.694107 | E9: 17.837457 | F9: 16.884002 | G9: 16.134084 | H9: 16.901016 | I9: 17.836842 | J9: 18.280991 | K9: 19.118572 | L9: 17.726924 | M9: 17.935803 | N9: =SUM(B9:M9) -> 209.28917
A10: CEPAM GT, S. A. (EXPORTACIÓN) | B10: 1.736215 | C10: 1.29634 | D10: 2.620459 | E10: 2.6599 | F10: 1.02149 | G10: 0.341235 | H10: 0.06969 | I10: 0.056438 | J10: 0.531395 | K10: 0.249053 | L10: 0.002669 | M10: 0.425874 | N10: =SUM(B10:M10) -> 11.010758
A11: COMERCIALIZADORA CENTROAMERICANA DE ENERGIA LA CEIBA, S. A. | B11: 7.2168176 | C11: 6.9158867 | D11: 7.7823919 | E11: 7.1670216 | F11: 7.4721689 | G11: 6.5989491 | H11: 7.1422264 | I11: 6.9760298 | J11: 7.0616898 | K11: 7.1446409 | L11: 7.5436838 | M11: 7.5805379 | N11: =SUM(B11:M11) -> 86.602044
A12: COMERCIALIZADORA DE ENERGIA PARA EL DESARROLLO, S. A. | B12: 48.714853 | C12: 36.177233 | D12: 53.868101 | E12: 51.43188 | F12: 53.194084 | G12: 54.121814 | H12: 55.042937 | I12: 55.050202 | J12: 52.928902 | K12: 55.350375 | L12: 54.053756 | M12: 52.394244 | N12: =SUM(B12:M12) -> 622.32838
A13: COMERCIALIZADORA DE ENERGÍA SAN DIEGO, S. A. | B13: 8.244327 | C13: 8.4879353 | D13: 10.085639 | E13: 9.0329183 | F13: 9.3810606 | G13: 7.9604533 | H13: 8.9305867 | I13: 8.8556655 | J13: 8.692991 | K13: 9.128915 | L13: 9.0762762 | M13: 8.1603178 | N13: =SUM(B13:M13) -> 106.03709
A14: COMERCIALIZADORA ELECTRICA DE GUATEMALA, S. A. (EXPORTACIÓN) | B14: 0.601025 | C14: 1.074355 | D14: 1.195759 | E14: 1.209062 | F14: 0.00467 | G14: 0.468626 | H14: 0.773875 | I14: 1.315269 | J14: 0.141573 | K14: 0.386787 | L14: 2.485757 | M14: 1.897211 | N14: =SUM(B14:M14) -> 11.553969
A15: COMERCIALIZADORA ELECTRICA DE GUATEMALA, S.A. | B15: 79.842582 | C15: 78.662535 | D15: 85.272794 | E15: 77.919496 | F15: 86.281234 | G15: 81.323813 | H15: 77.847452 | I15: 77.893645 | J15: 76.446961 | K15: 78.745625 | L15: 75.14289 | M15: 70.275151 | N15: =SUM(B15:M15) -> 945.65418
... A87: CONSUMO PROPIO | B87: 5.8726215 | C87: 4.9555416 | D87: 4.2451208 | E87: 5.1400929 | F87: 8.5853752 | G87: 9.1530917 | H87: 10.157237 | I87: 9.167132 | J87: 10.856108 | K87: 11.953447 | L87: 8.9352709 | M87: 5.4208932 | N87: =SUM(B87:M87) -> 94.441932
A88: TOTAL | B88: =SUM(B4:B87) -> 1238.4614 | C88: =SUM(C4:C87) -> 1171.2702 | D88: =SUM(D4:D87) -> 1377.1374 | E88: =SUM(E4:E87) -> 1301.2534 | F88: =SUM(F4:F87) -> 1369.9532 | G88: =SUM(G4:G87) -> 1271.247 | H88: =SUM(H4:H87) -> 1340.3211 | I88: =SUM(I4:I87) -> 1357.2481 | ... N88: =SUM(N4:N87) -> 15755.611

Sheet Pag5
A1: GENERACIÓN POR TIPO DE COMBUSTIBLE (GWh)
E2: %
I3: COMBUSTIBLE | K3: GWh | L3: %
I4: RECURSOS HÍDRICOS | K4: 5467.8337 | L4: =K4/$K$17 -> 0.34704041
I5: BIOMASA | K5: 1697.4925 | L5: =K5/$K$17 -> 0.10773892
I6: EÓLICO | K6: 342.80115 | L6: =K6/$K$17 -> 0.021757401
I7: VAPOR GEOTÉRMICO | K7: 269.05261 | L7: =K7/$K$17 -> 0.017076622
I8: SOLAR | K8: 530.27603 | L8: =K8/$K$17 -> 0.033656329
I9: BIOGAS | K9: 20.851908 | L9: =K9/$K$17 -> 0.0013234592
I10: GAS NATURAL | K10: 94.705804 | L10: =K10/$K$17 -> 0.0060109255
I11: SYNGAS | K11: 0.026881638 | L11: =K11/$K$17 -> 1.7061628e-06
I12: CARBÓN | K12: 2654.5857 | L12: =K12/$K$17 -> 0.1684851
I13: COQUE DE PETROLEO | K13: 1612.0296 | L13: =K13/$K$17 -> 0.10231463
I14: BUNKER | K14: 609.80196 | L14: =K14/$K$17 -> 0.038703797
I15: DIESEL | K15: 8.9536253 | L15: =K15/$K$17 -> 0.00056828169
I16: IMPORTACIONES | K16: 2447.1995 | L16: =K16/$K$17 -> 0.15532241
I17: TOTALES | K17: =SUM(K4:K16) -> 15755.611 | L17: =SUM(L4:L16) -> 1
I19: RENOVABLES | K19: =SUM(K4:K11) -> 8423.0406 | L19: =K19/$K$22 -> 0.53460578
I20: NO RENOVABLES | K20: =SUM(K12:K15) -> 4885.3708 | L20: =K20/$K$22 -> 0.31007181
I21: IMPORTACIÓN | K21: =K16 -> 2447.1995 | L21: =K21/$K$22 -> 0.15532241
K22: =SUM(K19:K21) -> 15755.611
C29: CARGA HORARIA PARA EL DÍA DE MÁXIMA DEMANDA DE POTENCIA
C30: Martes 08 de Mayo de 2025 19:00 - 2,204.22 MW
A32: 45785 | B32: Hora | C32: CARGA HORARIA | D32: SPOT
B33: 45055.042 | C33: 1416.79 | D33: 128.07614
B34: 45055.083 | C34: 1364.43 | D34: 141.02775
B35: 45055.125 | C35: 1394.48 | D35: 141.02775
B36: 45055.167 | C36: 1316.41 | D36: 141.02775
B37: 45055.208 | C37: 1487.34 | D37: 114.22012
B38: 45055.25 | C38: 1570.87 | D38: 141.02775
B39: 45055.292 | C39: 1705.4 | D39: 129.89786
B40: 45055.333 | C40: 1816.29 | D40: 129.89786
B41: 45055.375 | C41: 1921.48 | D41: 129.89786
B42: 45055.417 | C42: 1963.35 | D42: 129.89786
B43: 45055.458 | C43: 2040.97 | D43: 129.89786
B44: 45055.479 | C44: 1991.57 | D44: 129.89786
... B56: 45055.802 | C56: 2185.45 | D56: 164.6822
B57: 45055.812 | C57: 2168.97 | D57: 164.6822 | F57: =1/24 -> 0.041666667
B58: 45055.823 | C58: 2167.41 | D58: 164.6822
B59: 45055.833 | C59: 2135.22 | D59: 164.6822
B60: 45055.844 | C60: 2112.76 | D60: 164.6822
B61: 45055.854 | C61: 2098.14 | D61: 164.6822
B62: 45055.865 | C62: 2079.3 | D62: 164.6822
B63: 45055.875 | C63: 2040.51 | D63: 164.6822
B64: 45055.917 | C64: 1856.86 | D64: 164.6822
B65: 45055.958 | C65: 1722.3 | D65: 166.63223
B66: 45056 | C66: 1510.83 | D66: 166.63223
A68: *Valores según Carga Horaria del Posdespacho Diario
C70: PRECIO SPOT PROMEDIO MENSUAL (US$ / MWh) Y
C71: DEMANDA MÁXIMA DE POTENCIA MENSUAL (MW)
C76: 2024 | D76: SPOT | E76: DEMANDA DE POTENCIA MÁXIMA MENSUAL (MW)
C77: Enero | D77: 60.683131 | E77: 2033.22
C78: Febrero | D78: 73.980168 | E78: 2081.05
C79: Marzo | D79: 91.511173 | E79: 2115.83
C80: Abril | D80: 106.82619 | E80: 2135.33
C81: Mayo | D81: 124.06739 | E81: 2204.22
C82: Junio | D82: 79.599391 | E82: 2084.12
C83: Julio | D83: 84.451048 | E83: 2106.5
C84: Agosto | D84: 87.242708 | E84: 2141.55
C85: Septiembre | D85: 84.584015 | E85: 2122.07
C86: Octubre | D86: 73.727422 | E86: 2116.87
C87: Noviembre | D87: 72.299083 | E87: 2162.83
C88: Diciembre | D88: 75.207687 | E88: 2132.53
D89: =AVERAGE(D77:D88) -> 84.51495 | E89: =MAX(E77:E88) -> 2204.22

Sheet Pag6
A1: MERCADO A TÉRMINO Y DE OPORTUNIDAD DE LA ENERGÍA
A3: TRANSACCIONES EN EL MERCADO A TÉRMINO Y EN EL MERCADO DE OPORTUNIDAD (GWh)*
B5: ENE | C5: FEB | D5: MAR | E5: ABR | F5: MAY | G5: JUN | H5: JUL | I5: AGO | J5: SEP | K5: OCT | L5: NOV | M5: DIC | N5: TOTAL
A6: MERCADO A TÉRMINO | B6: =B37 -> 938.31327 | C6: =C37 -> 921.25764 | D6: =D37 -> 1108.3159 | E6: =E37 -> 1079.5286 | F6: =F37 -> 1070.875 | G6: =G37 -> 1004.463 | H6: =H37 -> 1145.1342 | I6: =I37 -> 1218.3466 | ... M6: =M37 -> 1167.9532 | N6: =SUM(B6:M6) -> 13211.774
A7: MERCADO DE OPORTUNIDAD | B7: 267.2185 | C7: 217.0632 | D7: 227.74108 | E7: 182.65879 | F7: 257.35977 | G7: 229.26739 | H7: 157.13873 | I7: 99.384808 | J7: 106.65912 | K7: 110.2472 | L7: 104.00472 | M7: 127.01452 | N7: =SUM(B7:M7) -> 2085.7578
A8: TOTAL | B8: =SUM(B6,B7) -> 1205.5318 | C8: =SUM(C6,C7) -> 1138.3208 | D8: =SUM(D6,D7) -> 1336.057 | E8: =SUM(E6,E7) -> 1262.1874 | F8: =SUM(F6,F7) -> 1328.2348 | G8: =SUM(G6,G7) -> 1233.7303 | H8: =SUM(H6,H7) -> 1302.2729 | I8: =SUM(I6,I7) -> 1317.7314 | ... M8: =SUM(M6,M7) -> 1294.9677 | N8: =SUM(N6:N7) -> 15297.531
E14: =A6 -> MERCADO A TÉRMINO | F14: =N6 -> 13211.774
E15: =A7 -> MERCADO DE OPORTUNIDAD | F15: =N7 -> 2085.7578
A28: TRANSACCIONES EN EL MERCADO A TÉRMINO POR TIPO DE CONTRATO DE ENERGÍA (GWh) *
A30: TIPO DE CONTRATO | B30: ENE | C30: FEB | D30: MAR | E30: ABR | F30: MAY | G30: JUN | H30: JUL | I30: AGO | J30: SEP | K30: OCT | L30: NOV | M30: DIC | N30: TOTAL
A31: Por diferencias con curva de carga (a) | B31: 351.33971 | C31: 291.95883 | D31: 284.53984 | E31: 269.15051 | F31: 198.96594 | G31: 317.90642 | H31: 392.80803 | I31: 418.23646 | J31: 424.40003 | K31: 471.50219 | L31: 440.46002 | M31: 389.77827 | N31: =SUM(B31:M31) -> 4251.0463
A32: De opción de compra de energía ( c ) | B32: 189.28872 | C32: 262.89517 | D32: 405.66865 | E32: 429.10976 | F32: 496.00256 | G32: 322.54858 | H32: 354.23061 | I32: 394.96878 | J32: 344.19371 | K32: 306.41123 | L32: 286.28146 | M32: 319.95883 | N32: =SUM(B32:M32) -> 4111.5581
A33: Por diferencias por la demanda faltante (d) | B33: 179.32345 | C33: 165.21366 | D33: 176.74947 | E33: 161.66908 | F33: 190.5655 | G33: 181.88467 | H33: 174.51851 | I33: 178.728 | J33: 165.33934 | K33: 169.43698 | L33: 154.48947 | M33: 158.35317 | N33: =SUM(B33:M33) -> 2056.2713
A34: Contratos de energía generada (f) | B34: 148.28354 | C34: 122.89121 | D34: 125.25306 | E34: 121.67485 | F34: 121.84671 | G34: 110.82505 | H34: 137.89531 | I34: 131.04212 | J34: 144.6107 | K34: 164.12347 | L34: 186.09959 | M34: 201.35325 | N34: =SUM(B34:M34) -> 1715.8988
A35: Cumplimiento de transacciones internacionales | B35: 70.077857 | C35: 78.298773 | D35: 116.10487 | E35: 97.924417 | F35: 63.494305 | G35: 71.298225 | H35: 85.681716 | I35: 95.371206 | J35: 94.303744 | K35: 105.29894 | L35: 100.63538 | M35: 98.509658 | N35: =SUM(B35:M35) -> 1076.9991
A36: Respaldo de Energía Generada (Productores) | B36: 12.719227 | C36: 33.337023 | D36: 42.109679 | E36: 42.658475 | F36: 37.401669 | G36: 45.467164 | H36: 50.995458 | I36: 44.854948 | J36: 59.58162 | K36: 62.820876 | L36: 51.374495 | M36: 60.761779 | N36: =SUM(B36:M36) -> 544.08241
A37: TOTAL | B37: =SUM(B31:B35) -> 938.31327 | C37: =SUM(C31:C35) -> 921.25764 | D37: =SUM(D31:D35) -> 1108.3159 | E37: =SUM(E31:E35) -> 1079.5286 | F37: =SUM(F31:F35) -> 1070.875 | G37: =SUM(G31:G35) -> 1004.463 | H37: =SUM(H31:H35) -> 1145.1342 | I37: =SUM(I31:I35) -> 1218.3466 | ... N37: =SUM(N31:N35) -> 13211.774
A38: * Resultados correspondientes a las compras de los Participantes en el Consumo de Energía

Sheet Pag7
A1: RESULTADOS DE ENERGÍA EN EL MERCADO MAYORISTA
B3: ENE | C3: FEB | D3: MAR | E3: ABR | F3: MAY | G3: JUN | H3: JUL | I3: AGO | J3: SEP | K3: OCT | L3: NOV | M3: DIC | N3: TOTAL
A4: VENTAS DE ENERGÍA EN EL MERCADO DE OPORTUNIDAD (GWh) | B4: ='Pag17'!B13 -> 414.45849 | C4: ='Pag17'!C13 -> 355.29175 | D4: ='Pag17'!D13 -> 334.31568 | E4: ='Pag17'!E13 -> 301.95656 | F4: ='Pag17'!F13 -> 401.26579 | G4: ='Pag17'!G13 -> 369.05346 | H4: ='Pag17'!H13 -> 364.82947 | I4: ='Pag17'!I13 -> 370.0207 | ... M4: ='Pag17'!M13 -> 310.00154 | N4: =SUM(B4:M4) -> 4260.0514
A5: COMPRAS DE ENERGÍA EN EL MERCADO DE OPORTUNIDAD (GWh) | B5: ='Pag17'!B55 -> 381.85288 | C5: ='Pag17'!C55 -> 323.2281 | D5: ='Pag17'!D55 -> 294.81998 | E5: ='Pag17'!E55 -> 265.017 | F5: ='Pag17'!F55 -> 360.52622 | G5: ='Pag17'!G55 -> 331.81092 | H5: ='Pag17'!H55 -> 327.81214 | I5: ='Pag17'!I55 -> 331.42549 | ... M5: ='Pag17'!M55 -> 273.65208 | N5: =SUM(B5:M5) -> 3809.6792
A6: IMPORTACIONES DE ENERGÍA DEL MER (GWh) | B6: ='Pag25'!C10 -> 63.08759 | C6: ='Pag25'!D10 -> 39.736121 | D6: ='Pag25'!E10 -> 28.70712 | E6: ='Pag25'!F10 -> 21.919294 | F6: ='Pag25'!G10 -> 92.870307 | G6: ='Pag25'!H10 -> 78.252166 | H6: ='Pag25'!I10 -> 88.429294 | I6: ='Pag25'!J10 -> 81.207594 | ... M6: ='Pag25'!N10 -> 53.877047 | N6: =SUM(B6:M6) -> 730.66355
A7: IMPORTACIONES DE ENERGÍA DE MÉXICO(GWh) | B7: ='Pag26'!C10 -> 99.036 | C7: ='Pag26'!D10 -> 136.772 | D7: ='Pag26'!E10 -> 160.866 | E7: ='Pag26'!F10 -> 143.52104 | F7: ='Pag26'!G10 -> 135.14851 | G7: ='Pag26'!H10 -> 129.70081 | H7: ='Pag26'!I10 -> 159.00264 | I7: ='Pag26'!J10 -> 150.01681 | ... M7: ='Pag26'!N10 -> 116.40739 | N7: =SUM(B7:M7) -> 1656.8779
A8: EXPORTACIONES DE ENERGÍA AL MER (GWh) | B8: ='Pag25'!C9 -> 71.779154 | C8: ='Pag25'!D9 -> 79.790431 | D8: ='Pag25'!E9 -> 119.59065 | E8: ='Pag25'!F9 -> 99.662905 | F8: ='Pag25'!G9 -> 65.389066 | G8: ='Pag25'!H9 -> 73.755952 | H8: ='Pag25'!I9 -> 87.152008 | I8: ='Pag25'!J9 -> 96.565737 | ... M8: ='Pag25'!N9 -> 101.86455 | N8: =SUM(B8:M8) -> 1105.5515
A9: EXPORTACIONES DE ENERGÍA A MÉXICO (GWh) | B9: ='Pag26'!C9 -> 0.032 | C9: ='Pag26'!D9 -> 0 | D9: ='Pag26'!E9 -> 0 | E9: ='Pag26'!F9 -> 0.022 | F9: ='Pag26'!G9 -> 0.192 | G9: ='Pag26'!H9 -> 0.641 | H9: ='Pag26'!I9 -> 0.202 | I9: ='Pag26'!J9 -> 1.655 | ... M9: ='Pag26'!N9 -> 0.08 | N9: =SUM(B9:M9) -> 3.213
A11: RESULTADOS DE POTENCIA EN EL MERCADO MAYORISTA
B13: ENE | C13: FEB | D13: MAR | E13: ABR | F13: MAY | G13: JUN | H13: JUL | I13: AGO | J13: SEP | K13: OCT | L13: NOV | M13: DIC | N13: ANUAL
A14: PROMEDIO DE POTENCIA ASIGNADA PARA RESERVA RODANTE OPERATIVA INTEGRADA (MW) | B14: ='Pag20'!B41 -> 67.69103 | C14: ='Pag20'!C41 -> 61.424965 | D14: ='Pag20'!D41 -> 72.986195 | E14: ='Pag20'!E41 -> 69.8836 | F14: ='Pag20'!F41 -> 76.391215 | G14: ='Pag20'!G41 -> 70.77773 | H14: ='Pag20'!H41 -> 72.99903 | I14: ='Pag20'!I41 -> 74.78039 | ... M14: ='Pag20'!M41 -> 72.101815 | N14: =AVERAGE(B14:M14) -> 71.642034
A15: RESERVA RÁPIDA PROMEDIO ASIGNADA (MW) | B15: ='Pag20'!C48 -> 186.07 | C15: ='Pag20'!D48 -> 196.66 | D15: ='Pag20'!E48 -> 181.14 | E15: ='Pag20'!F48 -> 164.65 | F15: ='Pag20'!G48 -> 152.29 | G15: ='Pag20'!H48 -> 186.7 | H15: ='Pag20'!I48 -> 202.44 | I15: ='Pag20'!J48 -> 191.31 | ... M15: ='Pag20'!N48 -> 135.5 | N15: =AVERAGE(B15:M15) -> 175.98083
A16: DEMANDA DE POTENCIA MÁXIMA (MW) | B16: ='Pag5'!$E77 -> 2033.22 | C16: ='Pag5'!E78 -> 2081.05 | D16: ='Pag5'!E79 -> 2115.83 | E16: ='Pag5'!E80 -> 2135.33 | F16: ='Pag5'!E81 -> 2204.22 | G16: ='Pag5'!E82 -> 2084.12 | H16: ='Pag5'!E83 -> 2106.5 | I16: ='Pag5'!E84 -> 2141.55 | J16: ='Pag5'!E85 -> 2122.07 | K16: ='Pag5'!E86 -> 2116.87 | L16: ='Pag5'!E87 -> 2162.83 | M16: ='Pag5'!E88 -> 2132.53 | N16: =MAX(B16:M16) -> 2204.22
A18: OTROS RESULTADOS DEL MERCADO MAYORISTA EN US$
B20: ENE | C20: FEB | D20: MAR | E20: ABR | F20: MAY | G20: JUN | H20: JUL | I20: AGO | J20: SEP | K20: OCT | L20: NOV | M20: DIC | N20: TOTAL
A21: REMUNERACIÓN POR GENERACIÓN FORZADA | B21: 3227703.9 | C21: 1925827.3 | D21: 3302754.7 | E21: 2583695.8 | F21: 3326477.1 | G21: 5476167.4 | H21: 2490078.4 | I21: 2586787.5 | J21: 3254914.4 | K21: 4329228.3 | L21: 2261075.3 | M21: 2879086.1 | N21: =SUM(B21:M21) -> 37643796
A22: REMUNERACION POR RESERVA RODANTE OPERATIVA | B22: 4673486.3 | C22: 3750426.6 | D22: 4188761 | E22: 4462107.2 | F22: 5548139.2 | G22: 5961690.3 | H22: 4669743.1 | I22: 4202407.3 | J22: 3877614.6 | K22: 4294730 | L22: 3643462.6 | M22: 3755077.8 | N22: =SUM(B22:M22) -> 53027646
A23: RESERVA RÁPIDA MONTO REMUNERADO | B23: 1322583.3 | C23: 1301302.6 | D23: 1240944.2 | E23: 1111015 | F23: 922363.48 | G23: 1109945.9 | H23: 1238818.9 | I23: 1392373.2 | J23: 1099388.3 | K23: 1000398.4 | L23: 943231.93 | M23: 902769.23 | N23: =SUM(B23:M23) -> 13585134
A24: CARGO DEL SALDO PRECIO DE LA POTENCIA Y DE LA ENERGÍA EXCEDENTE DE LOS CONTRATOS EXISTENTES | B24: 63060.096 | C24: 32751.225 | D24: 34846.899 | E24: 62622.249 | F24: 3274.6402 | G24: 35557.961 | H24: 95525.755 | I24: 93868.674 | J24: 83727.647 | K24: 104110.29 | L24: 333138.89 | M24: 154446.19 | N24: =SUM(B24:M24) -> 1096930.5
A25: RESULTADOS DE PEAJE EN EL SISTEMA PRINCIPAL DE TRANSPORTE | B25: 11401413 | C25: 11401413 | D25: 11406016 | E25: 11539662 | F25: 11544036 | G25: 11544652 | H25: 11544652 | I25: 11544652 | J25: 11544652 | K25: 11544652 | L25: 11544652 | M25: 11636316 | N25: =SUM(B25:M25) -> 1.3819677e+08
A26: RESULTADOS DE PEAJE EN EL SISTEMA SECUNDARIO DE TRANSPORTE | B26: 6588020.2 | C26: 6588027.7 | D26: 6586817 | E26: 6588071.3 | F26: 6595237.2 | G26: 6643421.9 | H26: 6668044.6 | I26: 6669211.3 | J26: 6666067.1 | K26: 6669162.3 | L26: 6744534.4 | M26: 6831977.3 | N26: =SUM(B26:M26) -> 79838592
A27: =UPPER('Pag27'!A49) -> EXCEDENTE PRECIOS NODALES | B27: 1732541.4 | C27: 1937155.4 | D27: 2635446.1 | E27: 3147156.6 | F27: 4169870.2 | G27: 2473961 | H27: 2452664.8 | I27: 2579872.1 | J27: 2659603.6 | K27: 2589536.6 | L27: 2090373.3 | M27: 1935152.1 | N27: =SUM(B27:M27) -> 30403333
A30: PRECIOS DE MERCADO
B32: ENE | C32: FEB | D32: MAR | E32: ABR | F32: MAY | G32: JUN | H32: JUL | I32: AGO | J32: SEP | K32: OCT | L32: NOV | M32: DIC
A33: PRECIO SPOT PROMEDIO MENSUAL (US$/MWh) | B33: {=TRANSPOSE('Pag5'!$D$77:$D$88)} -> 60.683131 | C33: 73.980168 | D33: 91.511173 | E33: 106.82619 | F33: 124.06739 | G33: 79.599391 | H33: 84.451048 | I33: 87.242708 | J33: 84.584015 | K33: 73.727422 | L33: 72.299083 | M33: 75.207687 | N33: =AVERAGE(B33:M33) -> 84.51495
A34: PRECIO PROMEDIO MENSUAL EN EL MERCADO ELÉCTRICO REGIONAL (US$/MWh)-Expost- | B34: 618.58655 | C34: 322.61392 | G34: 339.25678 | H34: 529.2333 | N34: =AVERAGE(B34:M34) -> 452.42264
A35: PRECIO PROMEDIO MENSUAL EN EL MERCADO ELÉCTRICO REGIONAL (US$/MWh)-Exante- | B35: 55.880116 | C35: 81.903571 | D35: 128.30554 | E35: 137.36854 | F35: 128.16139 | G35: 93.232093 | H35: 93.573123 | I35: 105.76536 | J35: 109.24563 | K35: 89.985134 | L35: 85.965894 | M35: 97.287527 | N35: =AVERAGE(B35:M35) -> 100.55616
A36: PRECIO PROMEDIO MENSUAL EN EL MERCADO ELÉCTRICO REGIONAL (US$/MWh) | B36: =AVERAGE(B34:B35) -> 337.23333 | C36: =AVERAGE(C34:C35) -> 202.25875 | D36: =AVERAGE(D34:D35) -> 128.30554 | E36: =AVERAGE(E34:E35) -> 137.36854 | F36: =AVERAGE(F34:F35) -> 128.16139 | G36: =AVERAGE(G34:G35) -> 216.24444 | H36: =AVERAGE(H34:H35) -> 311.40321 | I36: =AVERAGE(I34:I35) -> 105.76536 | ... M36: =AVERAGE(M34:M35) -> 97.287527 | N36: =AVERAGE(B36:M36) -> 162.4354
A37: PRECIO TOPE PARA LA RRO (US$/MW-mes) | B37: 225.5386 | C37: 219.8074 | D37: 206.1266 | E37: 195.4618 | F37: 180.4446 | G37: 171.4398 | H37: 169.584 | I37: 169.7796 | J37: 166.9218 | K37: 165.8702 | L37: 165.5402 | M37: 169.03 | N37: =AVERAGE(B37:M37) -> 183.79538
A38: PRECIO POR SERVICIO DE RESERVA RÁPIDA (US$/kW-mes) | B38: ='Pag20'!C49 -> 7.1079881 | C38: ='Pag20'!D49 -> 6.6170172 | D38: ='Pag20'!E49 -> 6.8507464 | E38: ='Pag20'!F49 -> 6.7477378 | F38: ='Pag20'!G49 -> 6.0566254 | G38: ='Pag20'!H49 -> 5.9450772 | H38: ='Pag20'!I49 -> 6.1194374 | I38: ='Pag20'!J49 -> 7.2780993 | ... M38: ='Pag20'!N49 -> 6.6625035 | N38: =AVERAGE(B38:M38) -> 6.4491869
A39: PRECIO DP + (US$/kW-mes) | B39: 1.0748234 | C39: 2.3140626 | D39: 3.9539428 | E39: 4.1812356 | F39: 5.5017846 | G39: 3.4427001 | H39: 4.1187062 | I39: 4.3170472 | J39: 5.8853615 | K39: 7.0397258 | L39: 3.6491342 | M39: 4.1877373 | N39: =AVERAGE(B39:M39) -> 4.1388551
A40: PRECIO DP - (US$/kW-mes) | B40: 8.9 | C40: 8.9 | D40: 8.9 | E40: 8.9 | F40: 8.9 | G40: 8.9 | H40: 8.9 | I40: 8.9 | J40: 8.9 | K40: 8.9 | L40: 8.9 | M40: 8.9 | N40: =AVERAGE(B40:M40) -> 8.9
A41: PRECIO PEAJE PRINCIPAL (US$/kW-mes) | B41: 4.7540301 | C41: 4.7744384 | D41: 4.7714267 | E41: 4.6755657 | F41: 4.6510992 | G41: 4.6444517 | H41: 4.6351384 | I41: 4.6580453 | J41: 4.614257 | K41: 4.6153578 | L41: 4.6336989 | M41: 4.6529032 | N41: =AVERAGE(B41:M41) -> 4.6733677
A42: PRECIO UNITARIO PEAJE SECUNDARIO TRANSMISIÓN (US $ / KW mes) | B42: 0.63120715 | C42: 0.63108592 | D42: 0.63108592 | E42: 0.62984705 | F42: 0.62984705 | G42: 0.62984705 | H42: 0.62984705 | I42: 0.62984705 | J42: 0.62984705 | K42: 0.62984705 | L42: 0.62150077 | M42: 0.62700437 | N42: =AVERAGE(B42:M42) -> 0.62923445
A43: PRECIO UNITARIO PEAJE SECUNDARIO SUBTRANSMISIÓN CENTRO (US $ / KW mes) | B43: 3.3614279 | C43: 3.3381797 | D43: 3.3275903 | E43: 3.2459132 | F43: 3.2368159 | G43: 3.2850035 | H43: 3.2916655 | I43: 3.2908506 | J43: 3.2825177 | K43: 3.2946866 | L43: 3.3472905 | M43: 3.4238314 | N43: =AVERAGE(B43:M43) -> 3.3104811
A44: PRECIO UNITARIO PEJAE SECUNDARIO SUBTRANSMISIÓN OCCIDENTE (US $ / KW mes) | B44: 2.2491549 | C44: 2.2429688 | D44: 2.2369649 | E44: 2.2027038 | F44: 2.2018579 | G44: 2.2127314 | H44: 2.2091216 | I44: 2.2083141 | J44: 2.2048021 | K44: 2.2085516 | L44: 2.1991642 | M44: 2.226324 | N44: =AVERAGE(B44:M44) -> 2.2168883
A45: PRECIO UNITARIO PEAJE SECUNDARIO SUBTRANSMISIÓN ORIENTE (US $ / KW mes) | B45: 2.1607172 | C45: 2.1529754 | D45: 2.1345495 | E45: 1.9830902 | F45: 1.992915 | G45: 2.0263768 | H45: 2.0493698 | I45: 2.0428493 | J45: 2.0414864 | K45: 2.0427406 | L45: 2.0356354 | M45: 2.0620465 | N45: =AVERAGE(B45:M45) -> 2.060396
B50: ENE | C50: FEB | D50: MAR | E50: ABR | F50: MAY | G50: JUN | H50: JUL | I50: AGO | J50: SEP | K50: OCT | L50: NOV | M50: DIC
A51: Generación Forzada | B51: =B21/(('Pag2'!B$30+'Pag2'!B$31)*1000) -> 2.6873594 | C51: =C21/(('Pag2'!C$30+'Pag2'!C$31)*1000) -> 1.6975814 | D51: =D21/(('Pag2'!D$30+'Pag2'!D$31)*1000) -> 2.4805907 | E51: =E21/(('Pag2'!E$30+'Pag2'!E$31)*1000) -> 2.0534354 | F51: =F21/(('Pag2'!F$30+'Pag2'!F$31)*1000) -> 2.5127583 | G51: =G21/(('Pag2'!G$30+'Pag2'!G$31)*1000) -> 4.4543205 | H51: =H21/(('Pag2'!H$30+'Pag2'!H$31)*1000) -> 1.9182678 | I51: =I21/(('Pag2'!I$30+'Pag2'!I$31)*1000) -> 1.9688947 | ... M51: =M21/(('Pag2'!M$30+'Pag2'!M$31)*1000) -> 2.2306989
A52: Reserva Rodante Operativa | B52: =B22/(('Pag2'!B$30+'Pag2'!B$31)*1000) -> 3.8911059 | C52: =C22/(('Pag2'!C$30+'Pag2'!C$31)*1000) -> 3.3059321 | D52: =D22/(('Pag2'!D$30+'Pag2'!D$31)*1000) -> 3.146041 | E52: =E22/(('Pag2'!E$30+'Pag2'!E$31)*1000) -> 3.5463343 | F52: =F22/(('Pag2'!F$30+'Pag2'!F$31)*1000) -> 4.1909601 | G52: =G22/(('Pag2'!G$30+'Pag2'!G$31)*1000) -> 4.8492454 | H52: =H22/(('Pag2'!H$30+'Pag2'!H$31)*1000) -> 3.5974041 | I52: =I22/(('Pag2'!I$30+'Pag2'!I$31)*1000) -> 3.1985996 | ... M52: =M22/(('Pag2'!M$30+'Pag2'!M$31)*1000) -> 2.9094121
A53: Reserva Rápida | B53: =B23/(('Pag2'!B$30+'Pag2'!B$31)*1000) -> 1.1011719 | C53: =C23/(('Pag2'!C$30+'Pag2'!C$31)*1000) -> 1.1470743 | D53: =D23/(('Pag2'!D$30+'Pag2'!D$31)*1000) -> 0.93203249 | E53: =E23/(('Pag2'!E$30+'Pag2'!E$31)*1000) -> 0.88299776 | F53: =F23/(('Pag2'!F$30+'Pag2'!F$31)*1000) -> 0.69673604 | G53: =G23/(('Pag2'!G$30+'Pag2'!G$31)*1000) -> 0.90283122 | H53: =H23/(('Pag2'!H$30+'Pag2'!H$31)*1000) -> 0.95434202 | I53: =I23/(('Pag2'!I$30+'Pag2'!I$31)*1000) -> 1.0597841 | ... M53: =M23/(('Pag2'!M$30+'Pag2'!M$31)*1000) -> 0.69946026
A54: Cargo del Saldo Precio de la Potencia y de la Energía Excedente de los Contratos por Licitación | B54: =B24/(('Pag2'!B$30+'Pag2'!B$31)*1000) -> 0.052503312 | C54: =C24/(('Pag2'!C$30+'Pag2'!C$31)*1000) -> 0.028869603 | D54: =D24/(('Pag2'!D$30+'Pag2'!D$31)*1000) -> 0.026172363 | E54: =E24/(('Pag2'!E$30+'Pag2'!E$31)*1000) -> 0.049770079 | F54: =F24/(('Pag2'!F$30+'Pag2'!F$31)*1000) -> 0.0024736017 | G54: =G24/(('Pag2'!G$30+'Pag2'!G$31)*1000) -> 0.028922884 | H54: =H24/(('Pag2'!H$30+'Pag2'!H$31)*1000) -> 0.073589644 | I54: =I24/(('Pag2'!I$30+'Pag2'!I$31)*1000) -> 0.07144674 | ... M54: =M24/(('Pag2'!M$30+'Pag2'!M$31)*1000) -> 0.11966399
B79: ENE | C79: FEB | D79: MAR | E79: ABR | F79: MAY | G79: JUN | H79: JUL | I79: AGO | J79: SEP | K79: OCT | L79: NOV | M79: DIC
A81: Peaje Principal | B81: =B25/(B$16*1000) -> 5.607565 | C81: =C25/(C$16*1000) -> 5.478683 | D81: =D25/(D$16*1000) -> 5.3908001 | E81: =E25/(E$16*1000) -> 5.4041586 | F81: =F25/(F$16*1000) -> 5.237243 | G81: =G25/(G$16*1000) -> 5.5393412 | H81: =H25/(H$16*1000) -> 5.4804898 | I81: =I25/(I$16*1000) -> 5.3907926 | ... M81: =M25/(M$16*1000) -> 5.4565779
A82: Peaje Secundario | B82: =B26/(B$16*1000) -> 3.2401905 | C82: =C26/(C$16*1000) -> 3.1657229 | D82: =D26/(D$16*1000) -> 3.1131126 | E82: =E26/(E$16*1000) -> 3.0852708 | F82: =F26/(F$16*1000) -> 2.9920957 | G82: =G26/(G$16*1000) -> 3.1876389 | H82: =H26/(H$16*1000) -> 3.1654615 | I82: =I26/(I$16*1000) -> 3.1141983 | ... M82: =M26/(M$16*1000) -> 3.2036957

Sheet Pag8
A1: INDICADORES
B4: 2025
A5: NOMBRE | B5: HORAS
A6: SAN JOSE | B6: 1137
A7: JAGUAR ENERGY U2 | B7: 904
A8: LAS PALMAS II | B8: 862
A9: JAGUAR ENERGY U1 | B9: 856
A10: CHIXOY | B10: 666
A11: GENOR | B11: 627
A12: INGENIO SAN ISIDRO | B12: 448
A13: ARIZONA | B13: 325
A14: TRINIDAD BLOQUE 5 | B14: 288
A15: LA LIBERTAD | B15: 222
A16: INTERCONEXIÓN CON MÉXICO (IMPORTACIÓN EDC-I) | B16: 197
A17: MAGDALENA BLOQUE 6 | B17: 182
... A66: PALO VIEJO | B66: 3
A67: HIDROELÉCTRICA FINCA LORENA | B67: 2 | D67: =D68-C68 -> 31 | E67: =E68-D68 -> 28 | F67: =F68-E68 -> 31 | G67: =G68-F68 -> 30 | H67: =H68-G68 -> 31 | I67: =I68-H68 -> 30 | J67: =J68-I68 -> 31 | K67: =K68-J68 -> 31 | ... O67: =O68-N68 -> 31
A68: HIDROELÉCTRICA SALTO MARINALA | B68: 2 | C68: 45658 | D68: 45689 | E68: 45717 | F68: 45748 | G68: 45778 | H68: 45809 | I68: 45839 | J68: 45870 | K68: 45901 | L68: 45931 | M68: 45962 | N68: 45992 | O68: 46023
A69: HIDROELÉCTRICA CERRO VIVO | B69: 2 | C69: 2020 | D69: ENE | E69: FEB | F69: MAR | G69: ABR | H69: MAY | I69: JUN | J69: JUL | K69: AGO | L69: SEP | M69: OCT | N69: NOV | O69: DIC | P69: PROMEDIO
A70: LAS VACAS | B70: 2 | C70: Factor de Carga del S.N.I. | D70: =(('Pag2'!B8-('Pag2'!B32+'Pag2'!B31))*1000)/('Pag7'!B16*D67*24) -> 0.76827881 | E70: =(('Pag2'!C8-('Pag2'!C32+'Pag2'!C31))*1000)/('Pag7'!C16*E67*24) -> 0.77771852 | F70: =(('Pag2'!D8-('Pag2'!D32+'Pag2'!D31))*1000)/('Pag7'!D16*F67*24) -> 0.79592584 | G70: =(('Pag2'!E8-('Pag2'!E32+'Pag2'!E31))*1000)/('Pag7'!E16*G67*24) -> 0.77896624 | H70: =(('Pag2'!F8-('Pag2'!F32+'Pag2'!F31))*1000)/('Pag7'!F16*H67*24) -> 0.79269516 | I70: =(('Pag2'!G8-('Pag2'!G32+'Pag2'!G31))*1000)/('Pag7'!G16*I67*24) -> 0.79471691 | J70: =(('Pag2'!H8-('Pag2'!H32+'Pag2'!H31))*1000)/('Pag7'!H16*J67*24) -> 0.79680478 | K70: =(('Pag2'!I8-('Pag2'!I32+'Pag2'!I31))*1000)/('Pag7'!I16*K67*24) -> 0.78774421 | ... O70: =(('Pag2'!M8-('Pag2'!M32+'Pag2'!M31))*1000)/('Pag7'!M16*O67*24) -> 0.77234593 | P70: =AVERAGE(D70:O70) -> 0.78578632
A71: RENACE II | B71: 2
A72: RENACE IV | B72: 2
A73: EL RECREO | B73: 2
A74: PROYECTO EÓLICO LAS CUMBRES DE AGUA BLANCA | B74: 2
A75: EL CAFETAL | B75: 1
A76: GDR HIDROELÉCTRICA LOS PATOS | B76: 1
A77: LAS FUENTES II | B77: 1
A78: RIO BOBOS | B78: 1
A79: MAGDALENA BLOQUE 4 | B79: 1
A80: HIDROAGUNÁ | B80: 1
A81: ORZUNIL | B81: 1
A82: CANDELARIA | B82: 1
... A87: Total general | B87: 8760
B89: =SUM(B6:B88) -> 17520
C93: Enero | D93: Febrero | E93: Marzo | F93: Abril | G93: Mayo | H93: Junio | I93: Julio | J93: Agosto | K93: Septiembre | L93: Octubre | M93: Noviembre | N93: Diciembre
C94: ='Pag2'!B5 -> 1071.5509 | D94: ='Pag2'!C5 -> 990.00915 | E94: ='Pag2'!D5 -> 1181.3614 | F94: ='Pag2'!E5 -> 1129.7301 | G94: ='Pag2'!F5 -> 1136.9156 | H94: ='Pag2'!G5 -> 1058.6954 | I94: ='Pag2'!H5 -> 1087.6723 | J94: ='Pag2'!I5 -> 1121.1981 | ... N94: ='Pag2'!M5 -> 1156.7305
C95: ='Pag2'!B6 -> 162.12359 | D95: ='Pag2'!C6 -> 176.50812 | E95: ='Pag2'!D6 -> 189.57312 | F95: ='Pag2'!E6 -> 165.44033 | G95: ='Pag2'!F6 -> 228.01882 | H95: ='Pag2'!G6 -> 207.95297 | I95: ='Pag2'!H6 -> 247.43193 | J95: ='Pag2'!I6 -> 231.2244 | ... N95: ='Pag2'!M6 -> 170.28444
C96: ='Pag5'!$D77 -> 60.683131 | D96: ='Pag5'!$D78 -> 73.980168 | E96: ='Pag5'!$D79 -> 91.511173 | F96: ='Pag5'!$D80 -> 106.82619 | G96: ='Pag5'!$D81 -> 124.06739 | H96: ='Pag5'!$D82 -> 79.599391 | I96: ='Pag5'!$D83 -> 84.451048 | J96: ='Pag5'!$D84 -> 87.242708 | K96: ='Pag5'!$D85 -> 84.584015 | L96: ='Pag5'!$D86 -> 73.727422 | M96: ='Pag5'!$D87 -> 72.299083 | N96: ='Pag5'!$D88 -> 75.207687
B98: 2019
B99: Producción
B100: Importación*
B101: SPOT
A116: *No incluye desviaciones

Sheet Pag9
B2: Comportamiento del Factor de Pérdida Nodal de Energía para las Centrales Generadoras 2025
B107: NOTA: LA MODIFICACIÓN DE LOS PARÁMETROS DE LAS CENTRALES Y DE LAS LÍNEAS DE TRANSMISIÓN DEL SISTEMA NACIONAL INTERCONECTADO PUEDEN HACER VARIAR EL FACTOR DE PÉRDIDA NODAL DE LA ENERGÍA. LOS VALORES REPRESENTAN DÁS TÍPICOS DE LA ÉPOCA INDICADA

Sheet Pag10
A1: INDICADORES
A37: Marca X - Frecuencia | B37: Probabilidad
A38: 59 | C38: 1.26839e-07
A39: 59.1 | C39: 1.26839e-07
A40: 59.2 | C40: 1.395231e-06
A41: 59.3 | C41: 1.902587e-06
A42: 59.4 | C42: 2.663622e-06
A43: 59.5 | C43: 3.170979e-06
A44: 59.6 | C44: 1.1415526e-05
A45: 59.7 | C45: 3.0821921e-05
A46: 59.8 | C46: 9.7412493e-05
A47: 59.9 | B47: 0.0039874434 | C47: 0.0039874434
A48: 60 | B48: 0.98727613
A49: 60.1 | B49: 0.0085646891 | C49: 0.0085646891
A50: 60.2 | C50: 1.2937596e-05
A51: 60.3 | C51: 4.946728e-06
A52: 60.4 | C52: 8.87874e-07
A53: 60.5 | C53: 1.52207e-06
A54: 60.6 | C54: 2.53678e-07
A55: 60.7 | C55: 0
A56: 60.8 | C56: 0
A57: 60.9 | C57: 0
A58: 61 | C58: 0
A69: * NOTA: EN LA GRÁFICA SE MUESTRA EL VALOR DE LA FRECUENCIA PARA CADA MINUTO DEL AÑO, REGISTRO TOMADO DEL SISTEMA SCADA. EL PORCENTAJE REPRESENTA EL TIEMPO DE OPERACIÓN DEL SISTEMA NACIONAL INTERCONECTADO DURANTE EL AÑO.
A79: 2020 | B79: ENE | C79: FEB | D79: MAR | E79: ABR | F79: MAY | G79: JUN | H79: JUL | I79: AGO | J79: SEP | K79: OCT | L79: NOV | M79: DIC | N79: Total
A80: % ± .10hZ | B80: 0.9999537 | C80: 0.99982308 | D80: 0.99929958 | E80: 0.99944444 | F80: 0.99991039 | G80: 0.99979321 | H80: 0.9988859 | I80: 0.99960872 | J80: 0.99976852 | K80: 0.99948925 | L80: 0.99992593 | M80: 0.99983124 | N80: =AVERAGE(B80:M80) -> 0.9996445
A81: % ± .20hZ | B81: 1 | C81: 0.99997685 | D81: 0.99970878 | E81: 0.99991512 | F81: 0.99998208 | G81: 0.9999892 | H81: 0.99959677 | I81: 0.9998865 | J81: 0.99994907 | K81: 0.99988351 | L81: 0.99999846 | M81: 0.99995072 | N81: =AVERAGE(B81:M81) -> 0.99990309

Sheet Pag11
A1: INFORMACIÓN ESTADÍSTICA HISTÓRICA
B2: 2019 | C2: 2020 | D2: 2021 | E2: 2022 | F2: 2023 | G2: 2024 | H2: 2025
A3: PRODUCCIÓN CON INTER | B3: 13368.759 | C3: 12206.631 | D3: 13172.536 | E3: 13505.509 | F3: 14167.142 | G3: 14980.287 | H3: 15755.611
A4: PRODUCCIÓN SIN INTER | B4: 12228.232 | C4: 11122.028 | D4: 11943.078 | E4: 12024.716 | F4: 12222.89 | G4: 13117.407 | H4: 13308.411
A5: DEMANDA CON INTER | B5: 12778.323 | C5: 11643.213 | D5: 12738.166 | E5: 13027.892 | F5: 13699.911 | G5: 14522.662 | H5: 15203.089
A6: DEMANDA SIN INTER | B6: 10676.455 | C6: 10579.727 | D6: 11549.548 | E6: 11923.944 | F6: 12635.657 | G6: 13496.289 | H6: 14042.014
H7: =(H6-G6)/G6 -> 0.040435222
B45: 2019 | C45: 2020 | D45: 2021 | E45: 2022 | F45: 2023 | G45: 2024 | H45: 2025
A46: EXPORTACIONES | B46: 2101.8678 | C46: 1063.4858 | D46: 1115.7532 | E46: 1035.3797 | F46: 1005.6166 | G46: 969.55605 | H46: 1108.7645
A47: IMPORTACIONES | B47: 1067.6278 | C47: 1007.912 | D47: 1140.9392 | E47: 1413.0687 | F47: 1870.9996 | G47: 1793.9656 | H47: 2387.5414
B86: 2019 | C86: 2020 | D86: 2021 | E86: 2022 | F86: 2023 | G86: 2024 | H86: 2025
A87: DEMANDA SNI | B87: 1785.43 | C87: 1787.16 | D87: 1829.53 | E87: 1923.05 | F87: 1970 | G87: 2121.8 | H87: 2204.22
G88: =(G87-F87)/F87 -> 0.077055838 | H88: =(H87-G87)/G87 -> 0.038844377

Sheet Pag12
A1: INFORMACIÓN ESTADÍSTICA HISTÓRICA
B7: 2019 | C7: 2020 | D7: 2021 | E7: 2022 | F7: 2023 | G7: 2024 | H7: 2025
A8: DP+ | B8: 1098.9212 | C8: 961.53491 | D8: 742.71447 | E8: 657.04338 | F8: 517.55729 | G8: 429.35007 | H8: 439.30438
A9: DP- | B9: 33.382627 | C9: 47.585949 | D9: 39.659074 | E9: 61.740864 | F9: 94.64692 | G9: 123.56521 | H9: 200.04277
A10: PRECIO | B10: 0.27944265 | C10: 0.46463555 | D10: 0.47637688 | E10: 0.8690984 | F10: 1.723889 | G10: 2.6380774 | H10: 4.139
B44: 2019 | C44: 2020 | D44: 2021 | E44: 2022 | F44: 2023 | G44: 2024 | H44: 2025
A45: PROMEDIO MENSUAL | B45: 63.320358 | C45: 42.422595 | D45: 63.360797 | E45: 86.215321 | F45: 105.19749 | G45: 116.46361 | H45: 84.51495
H46: =(H45-G45)/G45 -> -0.27432309
B84: 2019 | C84: 2020 | D84: 2021 | E84: 2022 | F84: 2023 | G84: 2024 | H84: 2025
A85: POE REAL | B85: 63.320358 | C85: 41.15359 | D85: 63.360376 | E85: 86.216667 | F85: 105.19833 | G85: 116.46361 | H85: 84.51495
A86: POE CON REFERENCIA AL AÑO 2000 * | B86: 29.223993 | C86: 18.537687 | D86: 27.279247 | E86: 34.771205 | F86: 40.100949 | G86: 43.152558 | H86: 31.051328
A121: Fuente: Elaborado por la Coordinación de Estudios Económicos (AMM) con base en datos del Banco de Guatemala y Bureau of Labor Statistics, 2025

Sheet Pag13
A1: INFORMACIÓN ESTADÍSTICA HISTÓRICA
C5: 2019 | D5: 2020 | E5: 2021 | F5: 2022 | G5: 2023 | H5: 2024 | I5: 2025
B6: HIDRAÚLICAS | C6: 4381.1295 | D6: 5816.5379 | E6: 5960.293 | F6: 6942.2262 | G6: 5571.8793 | H6: 5334.174 | I6: 5467.8337
B7: TURBINAS DE VAPOR | C7: 3338.8344 | D7: 2043.206 | E7: 2490.514 | F7: 2053.2312 | G7: 2527.9894 | H7: 3487.5642 | I7: 3352.5485
B8: MOTORES RECIPROCANTES | C8: 512.30424 | D8: 259.67583 | E8: 252.68065 | F8: 181.15729 | G8: 551.61919 | H8: 803.42788 | I8: 600.93683
B9: COGENERADORES | C9: 3167.9818 | D9: 2183.907 | E9: 2404.5701 | F9: 2016.9542 | G9: 2688.8328 | H9: 2568.1016 | I9: 2643.6904
B10: IMPORTACIONES | C10: 1140.5264 | D10: 1084.6032 | E10: 1229.4586 | F10: 1480.793 | G10: 1944.252 | H10: 1793.9656 | I10: 2387.5414
B11: GEOTÉRMICAS | C11: 262.13697 | D11: 273.85603 | E11: 264.96828 | F11: 281.9886 | G11: 285.4383 | H11: 275.03643 | I11: 269.05261
B12: EÓLICAS | C12: 330.77654 | D12: 312.68393 | E12: 323.79532 | F12: 313.79509 | G12: 343.95678 | H12: 286.43386 | I12: 342.80115
B13: FOTOVOLTAÍCAS | C13: 233.40522 | D13: 221.50676 | E13: 229.6003 | F13: 219.86656 | G13: 245.91834 | H13: 252.10352 | I13: 530.27603
B14: TURBINAS DE GAS | C14: 1.6637119 | D14: 10.654236 | E14: 16.656233 | F14: 15.496367 | G14: 7.2555829 | H14: 110.56593 | I14: 101.27228
C47: 2019 | D47: 2020 | E47: 2021 | F47: 2022 | G47: 2023 | H47: 2024 | I47: 2025
B48: DISTRIBUIDORES | C48: 7475.6306 | D48: 7421.4218 | E48: 7812.9842 | F48: 8051.5817 | G48: 8543.2798 | H48: 9157.734 | I48: 9608.2978
B49: COMERCIALIZADORES * | C49: 3156.1817 | D49: 3135.4933 | E49: 3608.786 | F49: 3744.1647 | G49: 3971.9421 | H49: 4204.987 | I49: 4398.9963
B50: GRANDES USUARIOS PARTICIPANTES | C50: 44.64273 | D50: 22.812133 | E50: 32.475289 | F50: 30.308143 | G50: 33.002867 | H50: 34.358049 | I50: 34.720144
B51: EXPORTACIONES | C51: 2189.9878 | D51: 1156.03 | E51: 1188.6181 | F51: 1103.9481 | G51: 1064.2541 | H51: 1026.3732 | I51: 1108.7645
B52: PÉRDIDAS | C52: 415.88686 | D52: 377.46522 | E52: 434.37042 | F52: 477.61692 | G52: 467.23069 | H52: 457.63 | I52: 458.0796
B53: CONSUMOS PROPIOS | C53: 86.428966 | D53: 93.408524 | E53: 95.302485 | F53: 97.889055 | G53: 87.432279 | H53: 99.21 | I53: 94.44
A79: * COMERCIALIZADORES: CONSUMO DE GRANDES USUARIOS A TRAVÉS DE COMERCIALIZADORES.
C88: 2019 | D88: 2020 | E88: 2021 | F88: 2022 | G88: 2023 | H88: 2024 | I88: 2025
B89: FACTOR DE CARGA | C89: 0.71473841 | D89: 0.70393107 | E89: 0.7477479 | F89: 0.736176 | G89: 0.75927078 | H89: 0.74868525 | I89: 0.75584238
G92: ENERGIA PRODUCIDA-EXPORTACIONES-DESVIACIONES MER- INADVERTIDA MEX-EXPORTA MER Y MEX DIVIDIDO ENTRE Dmax del año *24*365

Sheet Pag14

Sheet Pag15
A1: PARTICIPACIÓN EN LA PRODUCCIÓN DE ENERGÍA (GWh)
C5: Producción S. N. I. | D5: Importación | E5: Energía Inadvertida y Desviaciones de Importación
B6: ENE | C6: {=TRANSPOSE('Pag2'!B5:M7)} -> 1071.5509 | D6: 162.12359 | E6: 4.7868898
B7: FEB | C7: 990.00915 | D7: 176.50812 | E7: 4.7529684
B8: MAR | C8: 1181.3614 | D8: 189.57312 | E8: 6.202923
B9: ABR | C9: 1129.7301 | D9: 165.44033 | E9: 6.0830385
B10: MAY | C10: 1136.9156 | D10: 228.01882 | E10: 5.0187717
B11: JUN | C11: 1058.6954 | D11: 207.95297 | E11: 4.5986726
B12: JUL | C12: 1087.6723 | D12: 247.43193 | E12: 5.2168829
B13: AGO | C13: 1121.1981 | D13: 231.2244 | E13: 4.8256582
B14: SEP | C14: 1127.7605 | D14: 188.00836 | E14: 4.8467277
B15: OCT | C15: 1155.28 | D15: 211.16445 | E15: 4.9257122
B16: NOV | C16: 1091.5076 | D16: 209.81088 | E16: 3.7622573
B17: DIC | C17: 1156.7305 | D17: 170.28444 | E17: 4.6376219
B18: TOTAL | C18: #N/A | D18: #N/A | E18: #N/A
B33: 45785 | C33: 45785 | D33: 45785
B34: =CONCATENATE("OTROS** ",B59,"%") -> OTROS** 18.06% | C34: =CONCATENATE("HIDRAULICA ",C59,"%") -> HIDRAULICA 18.28% | D34: =CONCATENATE("TÉRMICA ",D59,"%") -> TÉRMICA 63.67%
A35: 0 | B35: 248.71197 | C35: 277.33974 | D35: 1153.3402
A36: 1 | B36: 212.46693 | C36: 249.33867 | D36: 1126.9097
A37: 2 | B37: 183.92728 | C37: 232.39875 | D37: 1116.9697
A38: 3 | B38: 179.08122 | C38: 206.94042 | D38: 1133.9614
A39: 4 | B39: 209.99672 | C39: 280.61134 | D39: 1130.5423
A40: 5 | B40: 221.13993 | C40: 277.94449 | D40: 1193.0575
A41: 6 | B41: 349.49452 | C41: 298.13194 | D41: 1204.3364
A42: 7 | B42: 460.50405 | C42: 313.54526 | D42: 1198.3724
A43: 8 | B43: 473.21033 | C43: 431.56309 | D43: 1201.6787
A44: 9 | B44: 488.20314 | C44: 466.32515 | D44: 1222.5918
A45: 10 | B45: 517.81445 | C45: 440.20753 | D45: 1270.4451
A46: 11 | B46: 522.43673 | C46: 447.85946 | D46: 1305.5279
... A58: 23 | B58: 234.54062 | C58: 233.40266 | D58: 1176.4959
A59: % | B59: =ROUND(SUM(B35:B58)/SUM($B$35:$D$58)*100,2) -> 18.06 | C59: =ROUND(SUM(C35:C58)/SUM($B$35:$D$58)*100,2) -> 18.28 | D59: =ROUND(SUM(D35:D58)/SUM($B$35:$D$58)*100,2) -> 63.67
B60: 45924 | C60: 45924 | D60: 45924
A61: maxhidr | B61: =CONCATENATE("OTROS** ",B86,"%") -> OTROS** 19.19% | C61: =CONCATENATE("HIDRAULICA ",C86,"%") -> HIDRAULICA 60.1% | D61: =CONCATENATE("TÉRMICA ",D86,"%") -> TÉRMICA 20.71%
A62: 0 | B62: 127.19898 | C62: 1188.3493 | D62: 298.77984
A63: 1 | B63: 194.00099 | C63: 1083.2409 | D63: 287.82429
A64: 2 | B64: 206.40739 | C64: 1066.811 | D64: 266.22041
A65: 3 | B65: 272.02983 | C65: 1006.802 | D65: 262.58095
A66: 4 | B66: 298.43011 | C66: 1035.9314 | D66: 265.8764
A67: 5 | B67: 322.85717 | C67: 1137.9838 | D67: 270.92739
A68: 6 | B68: 386.12089 | C68: 1172.0415 | D68: 291.5052
A69: 7 | B69: 444.4018 | C69: 1194.9116 | D69: 301.62908
A70: 8 | B70: 515.97699 | C70: 1203.2631 | D70: 336.83343
A71: 9 | B71: 500.70688 | C71: 1197.4293 | D71: 392.48472
A72: 10 | B72: 503.071 | C72: 1171.018 | D72: 436.27499
A73: 11 | B73: 499.94327 | C73: 1229.1548 | D73: 429.27863
... A85: 23 | B85: 237.86765 | C85: 1115.7506 | D85: 370.86312
A86: % | B86: =ROUND(SUM(B62:B85)/SUM($B$62:$D$85)*100,2) -> 19.19 | C86: =ROUND(SUM(C62:C85)/SUM($B$62:$D$85)*100,2) -> 60.1 | D86: =ROUND(SUM(D62:D85)/SUM($B$62:$D$85)*100,2) -> 20.71
B91: * DATOS TOMADOS DEL SISTEMA DE MEDICIÓN COMERCIAL (SMEC)
B92: ** EÓLICA, FOTOVOLTAÍCA, GEOTÉRMICA, IMPORTACIONES

Sheet Pag16
A1: PARTICIPACIÓN EN EL CONSUMO DE ENERGÍA (GWh)
C4: GWH | D4: %
B5: DISTRIBUIDORES | C5: ='Pag2'!C40 -> 9608.2978 | D5: =C5/$C$13 -> 0.60983347 | E5: =D5 -> 0.60983347
B6: COMERCIALIZADORES **** | C6: ='Pag2'!C41 -> 4398.9963 | D6: =C6/$C$13 -> 0.27920192 | E6: =D6 -> 0.27920192
B7: EXPORTACIONES MER | C7: ='Pag7'!N8 -> 1105.5515 | D7: =C7/$C$13 -> 0.070168759 | E7: =D7 -> 0.070168759
B8: EXPORTACIONES MÉXICO | C8: ='Pag7'!N9 -> 3.213 | D8: =C8/$C$13 -> 0.00020392738 | E8: =D8 -> 0.00020392738
B9: PÉRDIDAS | C9: ='Pag2'!C44 -> 458.0796 | D9: =C9/$C$13 -> 0.029074065 | E9: =D9 -> 0.029074065
B10: - DESVIACIONES *** | C10: ='Pag2'!C46 -> 52.310719 | D10: =C10/$C$13 -> 0.0033201331 | E10: =D10 -> 0.0033201331
B11: CONSUMOS PROPIOS | C11: ='Pag2'!C42 -> 94.44 | D11: =C11/$C$13 -> 0.0059940558 | E11: =D11 -> 0.0059940558
B12: GRANDES USUARIOS PARTICIPANTES | C12: ='Pag2'!C43 -> 34.720144 | D12: =C12/$C$13 -> 0.0022036688 | E12: =D12 -> 0.0022036688
B13: TOTAL | C13: =SUM(C5:C12) -> 15755.609 | D13: =SUM(D5:D12) -> 1 | E13: =SUM(E5:E12) -> 1
A31: ****COMERCIALIZADORES: CONSUMO DE GRANDES USUARIOS A TRAVÉS DE COMERCIALIZADORES.
B41: ENE | C41: FEB | D41: MAR | E41: ABR | F41: MAY | G41: JUN | H41: JUL | I41: AGO | J41: SEP | K41: OCT | L41: NOV | M41: DIC
A42: Consumo S.N.I. | B42: ='Pag2'!B30 -> 1129.2578 | C42: ='Pag2'!C30 -> 1054.6632 | D42: ='Pag2'!D30 -> 1211.8481 | E42: ='Pag2'!E30 -> 1158.5459 | F42: ='Pag2'!F30 -> 1258.2538 | G42: ='Pag2'!G30 -> 1155.0088 | H42: ='Pag2'!H30 -> 1210.7329 | I42: ='Pag2'!I30 -> 1215.6065 | ... M42: ='Pag2'!M30 -> 1188.721
A43: Exportaciones | B43: ='Pag2'!B31 -> 71.811154 | C43: ='Pag2'!C31 -> 79.790431 | D43: ='Pag2'!D31 -> 119.59065 | E43: ='Pag2'!E31 -> 99.684905 | F43: ='Pag2'!F31 -> 65.581066 | G43: ='Pag2'!G31 -> 74.396952 | H43: ='Pag2'!H31 -> 87.354008 | I43: ='Pag2'!I31 -> 98.220737 | ... M43: ='Pag2'!M31 -> 101.94455
A44: Desviaciones *** | B44: ='Pag2'!B32 -> 4.4628569 | C44: ='Pag2'!C32 -> 3.8672135 | D44: ='Pag2'!D32 -> 4.6181877 | E44: ='Pag2'!E32 -> 3.9565521 | F44: ='Pag2'!F32 -> 4.3999057 | G44: ='Pag2'!G32 -> 4.3245554 | H44: ='Pag2'!H32 -> 4.1859807 | I44: ='Pag2'!I32 -> 3.9041287 | ... M44: ='Pag2'!M32 -> 4.302197
A67: *** Desviaciones y energias inadvertidas de Exportación
C74: =CONCATENATE("EEGSA ",TEXT(C99,"0.0%")) -> EEGSA 28.8% | D74: =CONCATENATE("Comercializadores ",TEXT(D99,"0.0%")) -> Comercializadores 30.8% | E74: =CONCATENATE("DEOCSA ",TEXT(E99,"0.0%")) -> DEOCSA 13.9% | F74: =CONCATENATE("DEORSA ",TEXT(F99,"0.0%")) -> DEORSA 13.8% | G74: =CONCATENATE("Demanda puntos EEMs ",TEXT(G99,"0.0%")) -> Demanda puntos EEMs 7.6% | H74: =CONCATENATE("Consumos Propios ",TEXT(H99,"0.0%")) -> Consumos Propios 0.8% | I74: =CONCATENATE("Grandes Usuarios Participantes ",TEXT(I99,"0.0%")) -> Grandes Usuarios Participantes 0.2% | J74: =CONCATENATE("Exportaciones MER ",TEXT(J99,"0.0%")) -> Exportaciones MER 4.1% | K74: =CONCATENATE("Exportaciones México ",TEXT(K99,"0.0%")) -> Exportaciones México 0.1%
A75: 45054 | B75: 0 | C75: 385.47695 | D75: 519.19726 | E75: 198.93199 | F75: 236.23779 | G75: 116.70503 | H75: 14.612486 | I75: 2.832501 | J75: 66.886 | K75: 0
A76: 45054 | B76: 1 | C76: 359.83051 | D76: 514.11283 | E76: 186.26931 | F76: 225.54083 | G76: 110.27143 | H76: 14.797951 | I76: 2.8619395 | J76: 67.039 | K76: 8
A77: 45054 | B77: 2 | C77: 347.14955 | D77: 523.64999 | E77: 180.17135 | F77: 217.40877 | G77: 105.90163 | H77: 14.820358 | I77: 2.8160074 | J77: 95.823 | K77: 0
A78: 45054 | B78: 3 | C78: 350.8173 | D78: 512.355 | E78: 179.38043 | F78: 212.15049 | G78: 103.35279 | H78: 14.599925 | I78: 2.75496 | J78: 95.823 | K78: 0
A79: 45054 | B79: 4 | C79: 388.99611 | D79: 516.67592 | E79: 184.50339 | F79: 211.32995 | G79: 103.6575 | H79: 14.416995 | I79: 2.8164064 | J79: 81.579 | K79: 32
A80: 45054 | B80: 5 | C80: 443.33168 | D80: 527.76947 | E80: 199.91365 | F80: 211.44519 | G80: 110.62243 | H80: 13.925766 | I80: 3.0017922 | J80: 92.579 | K80: 0
A81: 45054 | B81: 6 | C81: 491.00599 | D81: 561.32218 | E81: 228.6957 | F81: 219.10613 | G81: 127.30759 | H81: 13.798129 | I81: 3.1839263 | J81: 117.379 | K81: 0
A82: 45054 | B82: 7 | C82: 533.18013 | D82: 598.96849 | E82: 247.91069 | F82: 232.02943 | G82: 134.92502 | H82: 14.973571 | I82: 3.7139772 | J82: 117.379 | K82: 0
A83: 45054 | B83: 8 | C83: 582.63076 | D83: 619.75507 | E83: 265.2171 | F83: 251.57062 | G83: 146.0336 | H83: 15.583002 | I83: 4.1431083 | J83: 117.379 | K83: 0
A84: 45054 | B84: 9 | C84: 607.44635 | D84: 630.14101 | E84: 277.9792 | F84: 259.23407 | G84: 151.92617 | H84: 15.561396 | I84: 5.7709482 | J84: 117.379 | K84: 0
A85: 45054 | B85: 10 | C85: 623.29995 | D85: 656.55426 | E85: 280.37177 | F85: 266.51101 | G85: 156.05335 | H85: 15.258593 | I85: 6.3229784 | J85: 103.253 | K85: 0
A86: 45054 | B86: 11 | C86: 639.71952 | D86: 653.8719 | E86: 288.24004 | F86: 273.75334 | G86: 161.9321 | H86: 14.79686 | I86: 6.4704963 | J86: 110.579 | K86: 0
... A98: 45054 | B98: 23 | C98: 440.1692 | D98: 534.2634 | E98: 221.24158 | F98: 246.37101 | G98: 123.96683 | H98: 13.317605 | I98: 2.7136932 | J98: 86.465 | K98: 6
B99: % | C99: =SUM(C75:C98)/$B$100 -> 0.28752216 | D99: =SUM(D75:D98)/$B$100 -> 0.3076478 | E99: =SUM(E75:E98)/$B$100 -> 0.1392707 | F99: =SUM(F75:F98)/$B$100 -> 0.13754126 | G99: =SUM(G75:G98)/$B$100 -> 0.075834958 | H99: =SUM(H75:H98)/$B$100 -> 0.0075300699 | I99: =SUM(I75:I98)/$B$100 -> 0.0021792633 | J99: =SUM(J75:J98)/$B$100 -> 0.041459539 | K99: =SUM(K75:K98)/$B$100 -> 0.0010142418
B100: =SUM(C75:K98) -> 45354.074 | C100: =B100-SUM(J75:K98) -> 43427.715
B101: =B100/1000 -> 45.354074 | C101: =C100/1000 -> 43.427715
A105: *Datos SMEC. Incluye energía de exportación hacía el Mercado Eléctrico Regional y México.

Sheet Pag17
A1: VENTAS DE ENERGÍA EN EL MERCADO DE OPORTUNIDAD (GWh)
A3: PARTICIPANTE | B3: ENE | C3: FEB | D3: MAR | E3: ABR | F3: MAY | G3: JUN | H3: JUL | I3: AGO | J3: SEP | K3: OCT | L3: NOV | M3: DIC | N3: TOTAL
A4: BORAX, S. A. | B4: 12.492032 | C4: 12.315027 | D4: 14.123424 | E4: 6.30639 | F4: 5.6913 | G4: 10.791532 | H4: 18.583022 | I4: 14.871901 | J4: 6.639198 | K4: 16.150749 | L4: 15.208671 | M4: 9.011758 | N4: =SUM(B4:M4) -> 142.185
A5: COMERCIALIZADORA ELECTRONOVA, S. A. | B5: 6.927331 | C5: 14.767741 | D5: 25.932021 | E5: 20.358967 | F5: 21.386054 | G5: 10.215145 | H5: 30.792547 | I5: 24.492283 | J5: 17.916289 | K5: 23.025028 | L5: 28.68454 | M5: 22.143284 | N5: =SUM(B5:M5) -> 246.64123
A6: EMPRESA DE GENERACION DE ENERGIA ELECTRICA DEL INDE | B6: 0 | C6: 0 | D6: 10.567223 | E6: 16.453487 | F6: 7.228856 | G6: 0 | H6: 31.651918 | I6: 0 | J6: 42.64839 | K6: 130.93516 | L6: 24.097691 | M6: 0 | N6: =SUM(B6:M6) -> 263.58272
A7: JAGUAR ENERGY GUATEMALA LLC. | B7: 57.450586 | C7: 61.246979 | D7: 32.731011 | E7: 26.336042 | F7: 35.632729 | G7: 11.085606 | H7: 22.802082 | I7: 22.822248 | J7: 0 | K7: 0 | L7: 7.166761 | M7: 13.990528 | N7: =SUM(B7:M7) -> 291.26457
A8: ORAZUL ENERGY GUATEMALA Y CIA. S. C. A. | B8: 5.791795 | C8: 17.021751 | D8: 37.514523 | E8: 38.76391 | F8: 46.700166 | G8: 28.787473 | H8: 35.341655 | I8: 40.271305 | J8: 23.952905 | K8: 4.180457 | L8: 15.038255 | M8: 0.165634 | N8: =SUM(B8:M8) -> 293.52983
A9: COMPANIA AGRICOLA INDUSTRIAL SANTA ANA, S. A. | B9: 45.17286 | C9: 35.897974 | D9: 38.861496 | E9: 28.958057 | F9: 34.824767 | G9: 19.950316 | H9: 8.081568 | I9: 35.676377 | J9: 12.952063 | K9: 0 | L9: 6.474375 | M9: 36.349744 | N9: =SUM(B9:M9) -> 303.1996
A10: ENERGIAS SAN JOSE, S. A. | B10: 11.835472 | C10: 36.258497 | D10: 40.446937 | E10: 5.670783 | F10: 14.826798 | G10: 45.487192 | H10: 47.470516 | I10: 47.895849 | J10: 40.336368 | K10: 18.154144 | L10: 11.000578 | M10: 0 | N10: =SUM(B10:M10) -> 319.38313
A11: ENERGIA DEL CARIBE, S. A. | B11: 38.860145 | C11: 28.415013 | D11: 13.545599 | E11: 10.054378 | F11: 7.188089 | G11: 33.992438 | H11: 26.248545 | I11: 22.947917 | J11: 40.233131 | K11: 49.667085 | L11: 57.332433 | M11: 40.571612 | N11: =SUM(B11:M11) -> 369.05638
A12: *OTROS | B12: 235.92827 | C12: 149.36877 | D12: 120.59345 | E12: 149.05454 | F12: 227.78703 | G12: 208.74376 | H12: 143.85761 | I12: 161.04282 | J12: 150.36408 | K12: 153.51609 | L12: 143.18354 | M12: 187.76898 | N12: =SUM(B12:M12) -> 2031.2089
A13: TOTAL | B13: =SUM(B4:B12) -> 414.45849 | C13: =SUM(C4:C12) -> 355.29175 | D13: =SUM(D4:D12) -> 334.31568 | E13: =SUM(E4:E12) -> 301.95656 | F13: =SUM(F4:F12) -> 401.26579 | G13: =SUM(G4:G12) -> 369.05346 | H13: =SUM(H4:H12) -> 364.82947 | I13: =SUM(I4:I12) -> 370.0207 | ... N13: =SUM(N4:N12) -> 4260.0514
I14: * OTROS
I15: AGEN, S. A., AGRICOLA LA ENTRADA, S. A., AGRO COMERCIALIZADORA DEL POLOCHIC, S. A., AGRO MOLLER, S. A., AGROFORESTAL EL CEDRO, S. A., AGROGENERADORA, S. A., AGROINDUSTRIAL PIEDRA NEGRA, S. A., AGROPECUARIA ALTORR, S. A., AGROPECUARIA LA LAGUNA, S. A., AGROPROP, S. A., AGUILAR, ARIMANY, ASOCIADOS CONSULTORES, S. A., ALTERNATIVA DE ENERGIA RENOVABLE, S. A., AUMENTA, S. A., BIOMASS ENERGY, S. A., CAMPO TERRAVERDE, S. A., CAUDALES RENOVABLES S. A., CENIT, S. A., CENTRAL AGRO INDUSTRIAL GUATEMALTECA, S. A., CENTRAL COMERCIALIZADORA DE ENERGIA ELECTRICA, S.A., CENTRAL HIDROELECTRICA SULIN, S. A., CEPAM GT, S. A., CINCO M, S. A., CITY PETEN, S. DE R. L., COMERCIALIZADORA COMERTITLAN, S. A., COMERCIALIZADORA ELECTRICA DE GUATEMALA, S.A., COMERCIALIZADORA ELECTRICA DEL PACIFICO, S. A., COMERCIALIZADORA ELECTRICA LA UNION, S. A., COMERCIALIZADORA ORAZUL ENERGY DE CENTRO AMERICA, LTDA., COMPAÑÍA DE MONTAJES ELECTROMECANICOS, S. A., CONSORCIO ENERGÉTICO MAAYAT'AAN, S. A., CONSTRUCTORA E INGENIERIA APLICADA, S. A., CORALITO, S. A., CORPORACIÓN DE ELECTRICIDAD CENTROAMERICANA, S. A., COVA ENERGY, S. A., DISTRIBUIDORA DE ELECTRICIDAD DE OCCIDENTE, S. A., DISTRIBUIDORA DE ELECTRICIDAD DE ORIENTE, S. A., ECOENER SOL DE ESCUINTLA, S. A., ECOENER SOL DEL PUERTO, S. A., ECONOENERGÍA, S. A., ECONOGENERACION, S. A., EDECSA-GT, S. A., EL PILAR, S. A., ELECTRIC POWER MARKETS, S. A., ELECTRO GENERACION, S. A., EMPRESA DE COMERCIALIZACION DE ENERGIA ELECTRICA DEL INDE, ENERGÍA DE LA TIERRA, S. A., ENERGIA LIMPIA DE GUATEMALA, S. A., ENERGIA NACIONAL, S. A., ENERGIA RENOVABLE SANTA TERESA, S. A., ENERGIAS DEL OCOSITO, S. A., ENERGIAS RENOVABLES AMLO, S. A., ENLACE MAC, S. A., EOLICO SAN ANTONIO EL SITIO, S.A., ESI, S. A., FOTON, S. A., GADISSA, S. A., GENEPAL, S. A., GENERADORA DE ENERGIA EL PRADO, S. A., GENERADORA DE OCCIDENTE, LTDA., GENERADORA DEL ESTE, S. A., GENERADORA ELECTRICA LA PAZ, S. A., GRAVITAS SUN HARVEST, S. A., GRUPO CUTZÁN, S. A., GRUPO GENERADOR DE ORIENTE, S. A., GUATEMALA SOLAR GROUP, S. A., HALUM, S. A., HIDRO JUMINA, S. A., HIDRO VICTORIA, S. A., HIDRO XACBAL, HIDROELÉCTRICA CARMEN AMALIA, S. A., HIDROELECTRICA COVADONGA, S. A., HIDROELECTRICA EL BROTE, S. A., HIDROELECTRICA EL COBANO, S. A., HIDROELECTRICA EL COROZO, HIDROELECTRICA RAAXHA, S. A., HIDROELECTRICA SAC-JA, S. A., HIDROELECTRICA SAMUC, S. A., HIDROELECTRICA SANTA ANITA, S.A., HIDROELECTRICAS DEL MOPA, S. A., HIDROLECT, S. A., HIDROPOWER SDMM, S. A., HIDROXOCOBIL, S. A., IELOU ENERGY, S. A., INGENIO LA UNION, S.A., INGENIO MAGDALENA, S.A., INGENIO PALO GORDO, S. A., INGENIO TULULA, S. A., INVERSIONES ATENAS, S. A., INVERSIONES PASABIEN, S. A., INVERSIONES SUR MAZATE, S. A., ION ENERGY, S. A., LUZ Y FUERZA ELECTRICA DE GUATEMALA, LTDA., MAYORISTAS DE ELECTRICIDAD, S.A., MERELEC GUATEMALA, S. A., OOXOL, S. A., OSCANA, S. A., OXEC II, S. A., OXEC, S. A., PANTALEON ENERGY SOLUTIONS, S. A., PANTALEON, S.A., PAPELES ELABORADOS, S. A., PROVEEDORA DE ENERGIA RENOVABLE PEÑA FLOR, S. A., PUNTA DEL CIELO, S. A., RECURSOS GEOTERMICOS, S. A., REGIONAL ENERGETICA, S. A., RENACE, S. A., RENOVABLES DE GUATEMALA, S. A., SAN DIEGO, S. A., SANTA CLARA ENERGY, S. A., SERVICIOS COMERCIALES DE ENERGIA, S. A., SOLARIS GUATEMALA, S. A., TECNOGUAT, S. A., TERMICA, S. A., TRANSMISIÓN DE ELECTRICIDAD, S. A., TUNCAJ, S. A., UNO Y SIETE, S. A., VIENTO BLANCO, S. A., VISION DE AGUILA, S. A., VITOL ELECTRICIDAD DE GUATEMALA, S. A., WAK, S. A., WATTSMARKET, S. A., XOLHUITZ PROVIDENCIA, S. A.
C17: TOTAL
B18: =A4 -> BORAX, S. A. | C18: =N4 -> 142.185 | D18: =E18 -> 0.033376359 | E18: =C18/$C$27 -> 0.033376359
B19: =A5 -> COMERCIALIZADORA ELECTRONOVA, S. A. | C19: =N5 -> 246.64123 | D19: =E19 -> 0.057896304 | E19: =C19/$C$27 -> 0.057896304
B20: =A6 -> EMPRESA DE GENERACION DE ENERGIA ELECTRICA DEL INDE | C20: =N6 -> 263.58272 | D20: =E20 -> 0.061873131 | E20: =C20/$C$27 -> 0.061873131
B21: =A7 -> JAGUAR ENERGY GUATEMALA LLC. | C21: =N7 -> 291.26457 | D21: =E21 -> 0.06837114 | E21: =C21/$C$27 -> 0.06837114
B22: =A8 -> ORAZUL ENERGY GUATEMALA Y CIA. S. C. A. | C22: =N8 -> 293.52983 | D22: =E22 -> 0.068902884 | E22: =C22/$C$27 -> 0.068902884
B23: =A9 -> COMPANIA AGRICOLA INDUSTRIAL SANTA ANA, S. A. | C23: =N9 -> 303.1996 | D23: =E23 -> 0.071172755 | E23: =C23/$C$27 -> 0.071172755
B24: =A10 -> ENERGIAS SAN JOSE, S. A. | C24: =N10 -> 319.38313 | D24: =E24 -> 0.074971662 | E24: =C24/$C$27 -> 0.074971662
B25: =A11 -> ENERGIA DEL CARIBE, S. A. | C25: =N11 -> 369.05638 | D25: =E25 -> 0.086631909 | E25: =C25/$C$27 -> 0.086631909
B26: =A12 -> *OTROS | C26: =N12 -> 2031.2089 | D26: =E26 -> 0.47680386 | E26: =C26/$C$27 -> 0.47680386
B27: =A13 -> TOTAL | C27: =N13 -> 4260.0514 | D27: =SUM(D18:D26) -> 1 | E27: =SUM(E18:E26) -> 1
A42: COMPRAS DE ENERGÍA EN EL MERCADO DE OPORTUNIDAD (GWh)
A44: PARTICIPANTE | B44: ENE | C44: FEB | D44: MAR | E44: ABR | F44: MAY | G44: JUN | H44: JUL | I44: AGO | J44: SEP | K44: OCT | L44: NOV | M44: DIC | N44: TOTAL
A45: BIOMASS ENERGY, S. A. | B45: 6.56137 | C45: 13.255737 | D45: 3.908734 | E45: 0 | F45: 0 | G45: 0 | H45: 0 | I45: 0 | J45: 27.335294 | K45: 40.715255 | L45: 14.967106 | M45: 23.474826 | N45: =SUM(B45:M45) -> 130.21832
A46: COMERCIALIZADORA ELECTRICA DE GUATEMALA, S.A. | B46: 22.818788 | C46: 23.66515 | D46: 12.612737 | E46: 3.787372 | F46: 14.253499 | G46: 28.932397 | H46: 22.373224 | I46: 24.165414 | J46: 12.327097 | K46: 15.716899 | L46: 8.314909 | M46: 0 | N46: =SUM(B46:M46) -> 188.96749
A47: CENTRAL COMERCIALIZADORA DE ENERGIA ELECTRICA, S.A. | B47: 27.81846 | C47: 26.600017 | D47: 32.907861 | E47: 28.972647 | F47: 8.965719 | G47: 6.7101386 | H47: 9.890646 | I47: 7.537174 | J47: 16.409204 | K47: 16.40822 | L47: 13.261254 | M47: 15.22471 | N47: =SUM(B47:M47) -> 210.70605
A48: RENACE, S. A. | B48: 0 | C48: 13.902235 | D48: 0.108793 | E48: 8.141845 | F48: 25.213793 | G48: 0.416601 | H48: 38.211864 | I48: 58.005273 | J48: 36.683071 | K48: 27.960948 | L48: 7.891621 | M48: 0 | N48: =SUM(B48:M48) -> 216.53604
A49: DISTRIBUIDORA DE ELECTRICIDAD DE OCCIDENTE, S. A. | B49: 69.172969 | C49: 48.106501 | D49: 34.152213 | E49: 28.306494 | F49: 16.583501 | G49: 5.2441054 | H49: 0 | I49: 0 | J49: 0 | K49: 0 | L49: 0 | M49: 26.025839 | N49: =SUM(B49:M49) -> 227.59162
A50: COMERCIALIZADORA ELECTRONOVA, S. A. | B50: 6.2032807 | C50: 10.810105 | D50: 15.284957 | E50: 12.180363 | F50: 14.370622 | G50: 28.10588 | H50: 34.70927 | I50: 26.468639 | J50: 42.922398 | K50: 28.98561 | L50: 7.867417 | M50: 11.056191 | N50: =SUM(B50:M50) -> 238.96473
A51: DISTRIBUIDORA DE ELECTRICIDAD DE ORIENTE, S. A. | B51: 47.478413 | C51: 38.196166 | D51: 43.576074 | E51: 38.683791 | F51: 49.565958 | G51: 25.530727 | H51: 2.4490012 | I51: 3.6781029 | J51: 4.2090492 | K51: 0.53128875 | L51: 0 | M51: 1.1882303 | N51: =SUM(B51:M51) -> 255.0868
A52: ENEL GUATEMALA, S. A. | B52: 50.443141 | C52: 21.667213 | D52: 14.923964 | E52: 29.253282 | F52: 26.181488 | G52: 33.835427 | H52: 38.035923 | I52: 37.951331 | J52: 20.362568 | K52: 17.436442 | L52: 33.908054 | M52: 4.6471293 | N52: =SUM(B52:M52) -> 328.64596
A53: EMPRESA ELECTRICA DE GUATEMALA, S. A. | B53: 53.507785 | C53: 36.610453 | D53: 34.753413 | E53: 25.110013 | F53: 101.28285 | G53: 101.2756 | H53: 57.583693 | I53: 28.319465 | J53: 0.54257611 | K53: 19.512783 | L53: 34.612129 | M53: 33.347784 | N53: =SUM(B53:M53) -> 526.45854
A54: OTROS* | B54: 97.848676 | C54: 90.414527 | D54: 102.59123 | E54: 90.581195 | F54: 104.1088 | G54: 101.76004 | H54: 124.55852 | I54: 145.30009 | J54: 133.76649 | K54: 182.87276 | L54: 154.01397 | M54: 158.68737 | N54: =SUM(B54:M54) -> 1486.5037
A55: TOTAL | B55: =(SUM(B45:B54)) -> 381.85288 | C55: =(SUM(C45:C54)) -> 323.2281 | D55: =(SUM(D45:D54)) -> 294.81998 | E55: =(SUM(E45:E54)) -> 265.017 | F55: =(SUM(F45:F54)) -> 360.52622 | G55: =(SUM(G45:G54)) -> 331.81092 | H55: =(SUM(H45:H54)) -> 327.81214 | I55: =(SUM(I45:I54)) -> 331.42549 | ... M55: =(SUM(M45:M54)) -> 273.65208 | N55: =SUM(B55:M55) -> 3809.6792
I56: *OTROS
I57: AGEN, S. A., AGRO COMERCIALIZADORA DEL POLOCHIC, S. A., AGROFORESTAL EL CEDRO, S. A., AGROGENERADORA, S. A., AGROINDUSTRIAL PIEDRA NEGRA, S. A., AGROPROP, S. A., ALTERNATIVA DE ENERGIA RENOVABLE, S. A., ANACAPRI, S. A., AUMENTA, S. A., CENIT, S. A., CEPAM GT, S. A., CINCO M, S. A., COMERCIALIZADORA CENTROAMERICANA DE ENERGIA LA CEIBA, S. A., COMERCIALIZADORA DE ENERGIA PARA EL DESARROLLO, S. A., COMERCIALIZADORA DE ENERGÍA SAN DIEGO, S. A., COMERCIALIZADORA ELECTRICA DEL PACIFICO, S. A., COMERCIALIZADORA ELECTRICA LA UNION, S. A., COMERCIALIZADORA GUATEMALTECA MAYORISTA DE ELECTRICIDAD S.A., COMERCIALIZADORA ORAZUL ENERGY DE CENTRO AMERICA, LTDA., COMPANIA AGRICOLA INDUSTRIAL SANTA ANA, S. A., COMPAÑIA ELECTRICA LA LIBERTAD, S. A., COMPRA DE MATERIAS PRIMAS, S. A., CONSORCIO ENERGÉTICO MAAYAT'AAN, S. A., CORALITO, S. A., CORPORACIÓN DE ELECTRICIDAD CENTROAMERICANA, S. A., DESARROLLO Y SOLIDEZ INMOBILIARIA, S. A., DESARROLLOS LAS UVITAS, S. A., ECONOENERGÍA, S. A., EDECSA-GT, S. A., ELECTRO GENERACION, S. A., EMPRESA DE COMERCIALIZACION DE ENERGIA ELECTRICA DEL INDE, EMPRESA DE COMERCIALIZACION DE ENERGIA ELECTRICA DEL INDE (DEMANDA PUNTOS EEMS), EMPRESA DE GENERACION DE ENERGIA ELECTRICA DEL INDE, EMPRESA DE GENERACIÓN DE ENERGÍA ELÉCTRICA DEL INDE (DEMANDA PUNTOS EEMS), EMPRESA DE TRANSPORTE Y CONTROL DE ENERGIA ELECTRICA, EMPRESA PROPIETARIA DE LA RED, S. A., SUCURSAL GUATEMALA, ENERGIA LIMPIA DE GUATEMALA, S. A., ENERGIAS DEL OCOSITO, S. A., ENERGIAS RENOVABLES AMLO, S. A., ENERGIAS SAN JOSE, S. A., ENLACE MAC, S. A., ENRENOV, S. A., EOLICO SAN ANTONIO EL SITIO, S.A., ESI, S. A., FERSA, S. A., GADISSA, S. A., GENERADORA DE ENERGIA EL PRADO, S. A., GENERADORA DE OCCIDENTE, LTDA., GENERADORA DEL ATLANTICO, S. A., GENERADORA DEL ESTE, S. A., GENERADORA ELECTRICA DEL NORTE LTDA., GENERADORA ELECTRICA LA PAZ, S. A., GENERADORA ELECTRICA LAS VICTORIAS, S. A., GRUPO GENERADOR DE ORIENTE, S. A., GUATEMALA DE MOLDEADOS, S. A., HALUM, S. A., HIDRO JUMINA, S. A., HIDRO XACBAL, HIDROELECTRICA CANDELARIA, S. A., HIDROELÉCTRICA CARMEN AMALIA, S. A., HIDROELECTRICA CHOLOMA, S. A., HIDROELECTRICA EL COBANO, S. A., HIDROELECTRICA EL COROZO, HIDROELECTRICA MAXANAL, S.A., HIDROELECTRICA RAAXHA, S. A., HIDROELECTRICA SAC-JA, S. A., HIDROELECTRICA SANTA ANITA, S.A., HIDROELECTRICAS DEL MOPA, S. A., HIDROPOWER SDMM, S. A., HIDROSACPUR, S. A., INDUSTRIAS DE BIOGAS, S. A., INGENIO LA UNION, S.A., INGENIO MAGDALENA, S.A., INGENIO PALO GORDO, S. A., INSTITUTO DE RECREACION DE LOS TRABAJADORES (GUSIRTNE0000001), INSTITUTO NACIONAL DE ELECTRIFICACION (EDIFICIO INDE), INVERSIONES PASABIEN, S. A., ION ENERGY, S. A., JAGUAR ENERGY GUATEMALA LLC., MAYORISTAS DE ELECTRICIDAD, S.A., MONTE MARIA, S. A., OOXOL, S. A., ORAZUL ENERGY GUATEMALA Y CIA. S. C. A., OSCANA, S. A., OXEC II, S. A., OXEC, S. A., PANTALEON ENERGY SOLUTIONS, S. A., PANTALEON, S.A., PAPELES ELABORADOS, S. A., PROYECTOS SOSTENIBLES DE GUATEMALA, S. A., PUNTA DEL CIELO, S. A., RECURSOS GEOTERMICOS, S. A., REDES ELÉCTRICAS DE CENTROAMÉRICA, S.A., REGIONAL ENERGETICA, S. A., RENOVABLES DE GUATEMALA, S. A., SAN DIEGO, S. A., SANTA CLARA ENERGY, S. A., SERVICIOS EN GENERACION, S. A., SHIFT ENERGY, S. A., SIBO, S. A., SOLARIS GUATEMALA, S. A., TECNOGUAT, S. A., TERMICA, S. A., TRANSMISIÓN DE ELECTRICIDAD, S. A., TRANSMISORA DE ENERGIA RENOVABLE S. A., TRANSPORTADORA DE ENERGIA DE CENTROAMERICA, S. A., TRANSPORTE DE ELECTRICIDAD DE OCCIDENTE, TRANSPORTE DE ENERGÍA ELÉCTRICA DEL NORTE, S. A., TRANSPORTISTA ELECTRICA CENTROAMERICANA, S. A., TRITON, S. A., UNO Y SIETE, S. A., VIENTO BLANCO, S. A., VISION DE AGUILA, S. A., WATTSMARKET, S. A., XOLHUITZ PROVIDENCIA, S. A.
B58: =A42 -> COMPRAS DE ENERGÍA EN EL MERCADO DE OPORTUNIDAD (GWh)
B59: =A45 -> BIOMASS ENERGY, S. A. | C59: =N45 -> 130.21832 | D59: =C59/$C$69 -> 0.034180915
B60: =A46 -> COMERCIALIZADORA ELECTRICA DE GUATEMALA, S.A. | C60: =N46 -> 188.96749 | D60: =C60/$C$69 -> 0.049601941
B61: =A47 -> CENTRAL COMERCIALIZADORA DE ENERGIA ELECTRICA, S.A. | C61: =N47 -> 210.70605 | D61: =C61/$C$69 -> 0.055308082
B62: =A48 -> RENACE, S. A. | C62: =N48 -> 216.53604 | D62: =C62/$C$69 -> 0.056838393
B63: =A49 -> DISTRIBUIDORA DE ELECTRICIDAD DE OCCIDENTE, S. A. | C63: =N49 -> 227.59162 | D63: =C63/$C$69 -> 0.059740364
B64: =A50 -> COMERCIALIZADORA ELECTRONOVA, S. A. | C64: =N50 -> 238.96473 | D64: =C64/$C$69 -> 0.062725683
B65: =A51 -> DISTRIBUIDORA DE ELECTRICIDAD DE ORIENTE, S. A. | C65: =N51 -> 255.0868 | D65: =C65/$C$69 -> 0.066957553
B66: =A52 -> ENEL GUATEMALA, S. A. | C66: =N52 -> 328.64596 | D66: =C66/$C$69 -> 0.086266045
B67: =A53 -> EMPRESA ELECTRICA DE GUATEMALA, S. A. | C67: =N53 -> 526.45854 | D67: =C67/$C$69 -> 0.13818973
B68: =A54 -> OTROS* | C68: =N54 -> 1486.5037 | D68: =C68/$C$69 -> 0.3901913
B69: =A55 -> TOTAL | C69: =N55 -> 3809.6792 | D69: =SUM(D59:D68) -> 1

Sheet Pag18
A1: TRANSACCIONES INTERNACIONALES
A3: IMPORTACIONES DE ENERGÍA (GWh)
A5: PARTICIPANTE | B5: ENE | C5: FEB | D5: MAR | E5: ABR | F5: MAY | G5: JUN | H5: JUL | I5: AGO | J5: SEP | K5: OCT | L5: NOV | M5: DIC | N5: TOTAL
A6: ENERGIA DEL CARIBE, S. A. (IMPORTACIÓN MÉXICO) | B6: 67.366 | C6: 75.99 | D6: 88.1 | E6: 83.59 | F6: 89.16 | G6: 84.134 | H6: 86.594 | I6: 88.582 | J6: 84.335 | K6: 85.292 | L6: 83.59 | M6: 74.246 | N6: =SUM(B6:M6) -> 990.979
A7: COMERCIALIZADORA ELECTRONOVA, S.A. (IMPORTACIÓN MÉXICO) | B7: 4.755 | C7: 11.036 | D7: 20.067 | E7: 14.69 | F7: 10.649 | G7: 4.975 | H7: 23.164 | I7: 16.195 | J7: 12.948 | K7: 16.939 | L7: 22.19 | M7: 15.801 | N7: =SUM(B7:M7) -> 173.409
A8: MERELEC GUATEMALA, S. A. (IMPORTACIÓN MÉXICO) | B8: 4.003 | C8: 7.229 | D8: 9.92 | E8: 9.142 | F8: 5.909 | G8: 4.763 | H8: 9.319 | I8: 7.341 | J8: 4.487 | K8: 10.304 | L8: 8.015 | M8: 6.152 | N8: =SUM(B8:M8) -> 86.584
A9: EDECSA-GT, S. A. (IMPORTACIÓN MÉXICO) | B9: 2.952 | C9: 10.482 | D9: 17.266 | E9: 16.164 | F9: 7.915 | G9: 10.887 | H9: 7.407 | I9: 8.073 | J9: 7.659 | K9: 6.503 | L9: 9.172 | M9: 3.784 | N9: =SUM(B9:M9) -> 108.264
A10: BORAX, S. A. (IMPORTACIÓN MÉXICO) | B10: 3.209 | C10: 5.891 | D10: 9.872 | E10: 3.728 | F10: 4.863 | G10: 3.944 | H10: 7.459 | I10: 5.991 | J10: 3.845 | K10: 10.079 | L10: 5.566 | M10: 4.45 | N10: =SUM(B10:M10) -> 68.897
A11: VITOL ELECTRICIDAD DE GUATEMALA, S. A. (IMPORTACIÓN MÉXICO) | B11: 3.988 | C11: 9.38 | D11: 1.256 | E11: 7.572 | F11: 6.457 | G11: 4.039 | H11: 4.342 | I11: 6.632 | J11: 9.55 | K11: 1.832 | L11: 0 | M11: 0 | N11: =SUM(B11:M11) -> 55.048
A12: ELECTRIC POWER MARKETS, S. A. (IMPORTACIÓN MÉXICO) | B12: 7.117 | C12: 9.187 | D12: 3.72 | E12: 4.036 | F12: 3.777 | G12: 10.375 | H12: 9.386 | I12: 9.738 | J12: 10.929 | K12: 7.619 | L12: 3.516 | M12: 4.597 | N12: =SUM(B12:M12) -> 83.997
A13: MAYORISTAS DE ELECTRICIDAD, S.A. (IMPORTACIÓN MÉXICO) | B13: 2.775 | C13: 4.91 | D13: 5.321 | E13: 2.362 | F13: 3.876 | G13: 3.337 | H13: 9.525 | I13: 5.785 | J13: 3.254 | K13: 6.356 | L13: 7.004 | M13: 4.757 | N13: =SUM(B13:M13) -> 59.262
A14: JAGUAR ENERGY GUATEMALA LLC. (IMPORTACIÓN MER) | B14: 4.58923 | C14: 3.708511 | D14: 3.471355 | E14: 0.72 | F14: 11.782304 | G14: 11.633634 | H14: 13.336794 | I14: 12.394896 | J14: 14.447772 | K14: 14.745508 | L14: 13.829466 | M14: 7.409342 | N14: =SUM(B14:M14) -> 112.06881
A15: ION ENERGY, S. A. (IMPORTACIÓN MÉXICO) | B15: 1.811 | C15: 1.88 | D15: 3.207 | E15: 1.935 | F15: 1.902 | G15: 2.452 | H15: 1.204 | I15: 0.614 | J15: 0 | K15: 0 | L15: 0 | M15: 0 | N15: =SUM(B15:M15) -> 15.005
A16: LUZ Y FUERZA ELECTRICA DE GUATEMALA, LTDA. (IMPORTACIÓN MER) | B16: 8.526848 | C16: 8.121273 | D16: 7.232416 | E16: 1.844407 | F16: 17.344551 | G16: 19.095339 | H16: 20.912529 | I16: 16.950759 | J16: 10.806751 | K16: 12.378855 | L16: 19.971678 | M16: 10.23581 | N16: =SUM(B16:M16) -> 153.42122
A17: CENTRAL COMERCIALIZADORA DE ENERGIA ELECTRICA, S. A. (IMPORTACIÓN MER) | B17: 6.879582 | C17: 6.422762 | D17: 4.320477 | E17: 1.08 | F17: 7.005098 | G17: 10.57536 | H17: 10.600925 | I17: 9.987614 | J17: 3.878885 | K17: 5.74036 | L17: 6.897964 | M17: 6.263491 | N17: =SUM(B17:M17) -> 79.652518
... A20: OTROS* | B20: 34.016603 | C20: 15.103181 | D20: 11.700047 | E20: 14.997861 | F20: 42.159547 | G20: 25.265728 | H20: 29.670934 | I20: 29.014742 | J20: 16.003831 | K20: 23.158108 | L20: 20.168907 | M20: 26.860553 | N20: =SUM(B20:M20) -> 288.12004
A21: TOTAL | B21: =SUM(B6:B20) -> 162.12359 | C21: =SUM(C6:C20) -> 176.50812 | D21: =SUM(D6:D20) -> 189.57312 | E21: =SUM(E6:E20) -> 165.44033 | F21: =SUM(F6:F20) -> 227.65882 | G21: =SUM(G6:G20) -> 207.95297 | H21: =SUM(H6:H20) -> 247.43193 | I21: =SUM(I6:I20) -> 231.2244 | ... N21: =SUM(N6:N20) -> 2387.1814
J28: OTROS*
J29: AGRO COMERCIALIZADORA DEL POLOCHIC, S. A. (IMPORTACIÓN MER), BORAX, S. A. (IMPORTACIÓN MER), CEPAM GT, S. A. (IMPORTACIÓN MER), COMERCIALIZADORA ELECTRICA DE GUATEMALA, S. A. (IMPORTACIÓN MER), COMERCIALIZADORA ELECTRONOVA, S. A. (IMPORTACIÓN MER), ECONOENERGIA, S. A. (IMPORTACIÓN MER), ECONOENERGIA, S. A. (IMPORTACIÓN MÉXICO), EDECSA-GT, S. A. (IMPORTACIÓN MER), ELECTRIC POWER MARKETS, S. A. (IMPORTACIÓN MER), EMPRESA DE COMERCIALIZACIÓN DE ENERGÍA ELÉCTRICA DEL INDE (IMPORTACIÓN MÉXICO), ENEL GUATEMALA, S. A. (IMPORTACIÓN MER), ENLACE MAC, S. A. (IMPORTACIÓN MER), ION ENERGY, S. A. (IMPORTACIÓN MER), MERELEC GUATEMALA, S. A. (IMPORTACIÓN MER), ORAZUL ENERGY GUATEMALA Y CIA. S. C. A. (IMPORTACIÓN MER), PANTALEON ENERGY SOLUTIONS, S. A. (IMPORTACIÓN MÉXICO), SAN DIEGO, S.A. (IMPORTACIÓN MER), SERVICIOS COMERCIALES DE ENERGIA, S. A. (IMPORTACIÓN MER),SOLARIS GUATEMALA, S. A. (IMPORTACIÓN MER), WATTSMARKET, S. A. (IMPORTACIÓN MER)
A55: EXPORTACIONES DE ENERGÍA (GWh)
A57: PARTICIPANTE | B57: ENE | C57: FEB | D57: MAR | E57: ABR | F57: MAY | G57: JUN | H57: JUL | I57: AGO | J57: SEP | K57: OCT | L57: NOV | M57: DIC | N57: TOTAL
A58: EDECSA-GT, S. A. (EXPORTACIÓN MER) | B58: 2.033584 | C58: 3.038626 | D58: 9.533834 | E58: 8.027969 | F58: 5.376406 | G58: 4.053279 | H58: 11.439547 | I58: 11.892097 | J58: 13.908102 | K58: 14.475593 | L58: 13.554966 | M58: 10.196587 | N58: =SUM(B58:M58) -> 107.53059 | O58: =N58/$N$74 -> 0.09698235
A59: CENTRAL COMERCIALIZADORA DE ENERGIA ELECTRICA, S.A. (EXPORTACIÓN MER) | B59: 0 | C59: 14.966658 | D59: 19.694107 | E59: 17.837457 | F59: 16.884002 | G59: 16.134084 | H59: 16.901016 | I59: 17.836842 | J59: 18.280991 | K59: 19.118572 | L59: 17.726924 | M59: 17.935803 | N59: =SUM(B59:M59) -> 193.31646 | O59: =N59/$N$74 -> 0.17435303
A60: ORAZUL ENERGY GUATEMALA Y CIA. S. C. A. (EXPORTACIÓN MER) | B60: 6.038907 | C60: 8.186082 | D60: 20.440418 | E60: 16.259288 | F60: 4.492654 | G60: 4.161376 | H60: 8.162848 | I60: 13.50721 | J60: 8.71228 | K60: 17.844375 | L60: 10.14528 | M60: 12.88984 | N60: =SUM(B60:M60) -> 130.84056 | O60: =N60/$N$74 -> 0.11800572
A61: HIDRO XACBAL (EXPORTACIÓN MER) | B61: 7.327708 | C61: 5.49549 | D61: 4.5012 | E61: 2.47285 | F61: 2.753167 | G61: 8.041878 | H61: 14.00208 | I61: 14.299281 | J61: 14.600823 | K61: 13.881853 | L61: 14.523729 | M61: 11.537163 | N61: =SUM(B61:M61) -> 113.43722 | O61: =N61/$N$74 -> 0.10230957
A62: RENACE, S. A. (EXPORTACIÓN MER) | B62: 0.607863 | C62: 4.44742 | D62: 8.21817 | E62: 3.650371 | F62: 2.168357 | G62: 0.989056 | H62: 0.523236 | I62: 1.647319 | J62: 0.839751 | K62: 1.203417 | L62: 2.947707 | M62: 0.447973 | N62: =SUM(B62:M62) -> 27.69064 | O62: =N62/$N$74 -> 0.02497432
A63: ALTERNATIVA DE ENERGIA RENOVABLE, S. A. (EXPORTACIÓN MER) | B63: 1.130673 | C63: 2.207725 | D63: 4.531021 | E63: 1.272835 | F63: 0.910828 | G63: 0.93617 | H63: 0.146155 | I63: 0.440058 | J63: 0.142662 | K63: 0 | L63: 0.357149 | M63: 0.058181 | N63: =SUM(B63:M63) -> 12.133457 | O63: =N63/$N$74 -> 0.010943223
A64: CEPAM GT, S. A. (EXPORTACIÓN MER) | B64: 1.736215 | C64: 1.29634 | D64: 2.620459 | E64: 2.6599 | F64: 1.02149 | G64: 0.341235 | H64: 0.06969 | I64: 0.056438 | J64: 0.531395 | K64: 0.249053 | L64: 0.002669 | M64: 0.425874 | N64: =SUM(B64:M64) -> 11.010758 | O64: =N64/$N$74 -> 0.0099306549
A65: BORAX, S. A. (MER) (EXPORTACIÓN MER) | B65: 16.083111 | C65: 0 | D65: 0 | E65: 0 | F65: 0.975232 | G65: 1.423013 | H65: 0 | I65: 0 | J65: 0 | K65: 0.000137 | L65: 0 | M65: 0 | N65: =SUM(B65:M65) -> 18.481493
A66: ELECTRIC POWER MARKETS, S. A. (EXPORTACIÓN MER) | B66: 0.594725 | C66: 2.015062 | D66: 3.188413 | E66: 2.281928 | F66: 0 | G66: 0.798672 | H66: 1.291724 | I66: 0.180252 | J66: 0.083682 | K66: 0.567102 | L66: 1.103797 | M66: 0.3256 | N66: =SUM(B66:M66) -> 12.430957
A67: COMERCIALIZADORA ELECTRONOVA, S. A. (EXPORTACIÓN MER) | B67: 1.599507 | C67: 1.163737 | D67: 1.9452 | E67: 0.798805 | F67: 0.269806 | G67: 1.75275 | H67: 0.218 | I67: 0.706132 | J67: 0.0645 | K67: 1.154607 | L67: 0.435 | M67: 1.74497 | N67: =SUM(B67:M67) -> 11.853014
A68: JAGUAR ENERGY GUATEMALA LLC. (EXPORTACIÓN MER) | B68: 0 | C68: 2.560883 | D68: 8.22058 | E68: 4.693686 | F68: 0.117997 | G68: 0.011803 | H68: 0.002012 | I68: 0.00878 | J68: 0.067536 | K68: 0.003054 | L68: 0.029693 | M68: 0.091421 | N68: =SUM(B68:M68) -> 15.807445
A69: WATTSMARKET, S. A. (EXPORTACIÓN MER) | B69: 0.470606 | C69: 0.332562 | D69: 1.710291 | E69: 0.974566 | F69: 0.165424 | G69: 0.451064 | H69: 0.503337 | I69: 1.159402 | J69: 0.2859 | K69: 0.500925 | L69: 1.204077 | M69: 2.909877 | N69: =SUM(B69:M69) -> 10.668031
A70: COMERCIALIZADORA ELECTRICA DE GUATEMALA, S. A. (EXPORTACIÓN MER) | B70: 0.601025 | C70: 1.074355 | D70: 1.195759 | E70: 1.209062 | F70: 0.00467 | G70: 0.455626 | H70: 0.773875 | I70: 0.592269 | J70: 0.125573 | K70: 0.386787 | L70: 2.485757 | M70: 1.873211 | N70: =SUM(B70:M70) -> 10.777969 | O70: =N70/$N$74 -> 0.0097207014
A71: PANTALEON, S.A. (EXPORTACIÓN MER) | B71: 0.346976 | C71: 1.049615 | D71: 1.51865 | E71: 0.401577 | F71: 0.302406 | G71: 0.871688 | H71: 0.216903 | I71: 0.665637 | J71: 0.00698 | K71: 0.731048 | L71: 0.696935 | M71: 1.364634 | N71: =SUM(B71:M71) -> 8.173049 | O71: =N71/$N$74 -> 0.0073713117
A72: ENEL GUATEMALA, S. A. (EXPORTACIÓN MER) | B72: 31.466932 | C72: 28.361587 | D72: 16.05616 | E72: 30.825 | F72: 27.454703 | G72: 31.310429 | H72: 30.299832 | I72: 29.592081 | J72: 28.864117 | K72: 32.737574 | L72: 32.304 | M72: 33.78625 | N72: =SUM(B72:M72) -> 353.05867 | O72: =N72/$N$74 -> 0.31842529
A73: *OTROS | B73: 1.773322 | C73: 3.594289 | D73: 16.216387 | E73: 6.319611 | F73: 2.683924 | G73: 2.664829 | H73: 2.803753 | I73: 5.636939 | J73: 10.88179 | K73: 7.126855 | L73: 5.495365 | M73: 6.357166 | N73: =SUM(B73:M73) -> 71.55423 | O73: =N73/$N$74 -> 0.0645351
A74: TOTAL | B74: =SUM(B58:B73) -> 71.811154 | C74: =SUM(C58:C73) -> 79.790431 | D74: =SUM(D58:D73) -> 119.59065 | E74: =SUM(E58:E73) -> 99.684905 | F74: =SUM(F58:F73) -> 65.581066 | G74: =SUM(G58:G73) -> 74.396952 | H74: =SUM(H58:H73) -> 87.354008 | I74: =SUM(I58:I73) -> 98.220737 | ... O74: =SUM(O58:O73) -> 0.93755127
J80: OTROS*
J81: ALTERNATIVA DE ENERGIA RENOVABLE, S. A. (EXPORTACIÓN MÉXICO),BIOMASS ENERGY, S. A. (EXPORTACIÓN MER),BORAX, S. A. (EXPORTACIÓN MÉXICO),COMERCIALIZADORA ELECTRICA DE GUATEMALA, S. A. (EXPORTACIÓN MÉXICO),COMERCIALIZADORA ELECTRONOVA, S. A. (EXPORTACIÓN MÉXICO),COMERCIALIZADORA ORAZUL ENERGY DE CENTRO AMERICA, LTDA. (EXPORTACION MER),COMPAÑÍA AGRÍCOLA INDUSTRIAL SANTA ANA, S.A. (EXPORTACIÓN MER),COMPAÑIA ELECTRICA LA LIBERTAD, S. A. (EXPORTACIÓN MER),ECONOENERGÍA, S. A. (EXPORTACIÓN MER),EDECSA-GT, S. A. (EXPORTACIÓN MÉXICO),ELECTRIC POWER MARKETS, S. A. (EXPORTACIÓN MÉXICO),EMPRESA DE GENERACIÓN DE ENERGÍA ELÉCTRICA DEL INDE (EXPORTACIÓN MER),ENERGIAS SAN JOSE, S. A. (EXPORTACIÓN MER),ENLACE MAC, S. A. (EXPORTACIÓN MER),ENRENOV, S. A. (EXPORTACIÓN MER),GENERADORA DE OCCIDENTE, LTDA. (EXPORTACIÓN MER),GENERADORA DEL ESTE, S. A. (EXPORTACIÓN MER),INGENIO LA UNION, S. A. (EXPORTACIÓN MER),INGENIO MAGDALENA, S. A. (EXPORTACIÓN MER),INGENIO PALO GORDO, S. A. (EXPORTACIÓN MER),ION ENERGY, S. A. (EXPORTACIÓN MER),ION ENERGY, S. A. (EXPORTACIÓN MÉXICO),LUZ Y FUERZA ELECTRICA DE GUATEMALA, LTDA. (EXPORTACIÓN MER),MERELEC GUATEMALA, S. A. (EXPORTACIÓN MER),MERELEC GUATEMALA, S. A. (EXPORTACIÓN MÉXICO),OXEC II, S. A. (EXPORTACIÓN MER),OXEC, S. A. (EXPORTACIÓN MER),PANTALEON, S.A. (EXPORTACIÓN MÉXICO),RENACE, S. A. (EXPORTACIÓN MÉXICO),RENOVABLES DE GUATEMALA, S. A. (EXPORTACIÓN MER),SAN DIEGO, S.A. (EXPORTACIÓN MER),SERVICIOS COMERCIALES DE ENERGIA, S. A. (EXPORTACIÓN MER),TECNOGUAT, S.A. (EXPORTACIÓN MER),TERMICA, S. A. (EXPORTACIÓN MER)

Sheet Pag19
A1: REMUNERACIÓN POR GENERACIÓN FORZADA (US$)
A2: TIPO | B2: PARTICIPANTE | C2: UNIDAD | D2: ENE | E2: FEB | F2: MAR | G2: ABR | H2: MAY | I2: JUN | J2: JUL | K2: AGO | L2: SEP | M2: OCT | N2: NOV | O2: DIC | P2: TOTAL
A3: 1 | B3: CEPAM GT, S. A. | C3: TER-B3 | D3: 0 | E3: 0 | F3: 1745.8351 | G3: 0 | H3: 0 | I3: 0 | J3: 0 | K3: 0 | L3: 0 | M3: 0 | N3: 0 | O3: 0 | P3: =SUM(D3:O3) -> 1745.8351
B4: TERMICA, S. A. | C4: TER-B4 | D4: 0 | E4: 0 | F4: 1847.9776 | G4: 0 | H4: 0 | I4: 0 | J4: 0 | K4: 0 | L4: 0 | M4: 0 | N4: 0 | O4: 0 | P4: =SUM(D4:O4) -> 1847.9776
B5: CITY PETEN, S. DE R. L. | C5: OCT-G | D5: 0 | E5: 0 | F5: 0 | G5: 0 | H5: 0 | I5: 0 | J5: 0 | K5: 0 | L5: 594.9319 | M5: 0 | N5: 0 | O5: 0 | P5: =SUM(D5:O5) -> 594.9319
A6: 2 | B6: BIOMASS ENERGY, S. A. | C6: ISI-B | D6: 241976.9 | E6: 0 | F6: 189319.08 | G6: 146732.07 | H6: 167653.6 | I6: 209276.38 | J6: 146421.42 | K6: 148309.71 | L6: 203625.32 | M6: 290639.97 | N6: 0 | O6: 0 | P6: =SUM(D6:O6) -> 1743954.4
B7: BIOMASS ENERGY, S. A. | C7: MAG-B6 | D7: 220.20825 | E7: 0 | F7: 0 | G7: 541.4565 | H7: 42932.449 | I7: 257030.4 | J7: 58136.635 | K7: 28672.71 | L7: 6523.2156 | M7: 142864.58 | N7: 110154.06 | O7: 1040.525 | P7: =SUM(D7:O7) -> 648116.24
B8: BIOMASS ENERGY, S. A. | C8: MAG-B7 | D8: 6552.1984 | E8: 120.26889 | F8: 0 | G8: 0 | H8: 3172.7171 | I8: 270261.75 | J8: 65956.897 | K8: 42449.943 | L8: 166294.66 | M8: 5388.0713 | N8: 57590.611 | O8: 1817.7223 | P8: =SUM(D8:O8) -> 619604.84
B9: BORAX, S. A. | C9: ARI-O3 | D9: 0 | E9: 29.301428 | F9: 45.369978 | G9: 0 | H9: 0 | I9: 0 | J9: 0 | K9: 0 | L9: 0 | M9: 0 | N9: 0 | O9: 0 | P9: =SUM(D9:O9) -> 74.671406
B10: BORAX, S. A. | C10: ARI-O4 | D10: 927.57091 | E10: 58.323025 | F10: 356.66946 | G10: 0 | H10: 114.71041 | I10: 9.1977466 | J10: 166.0052 | K10: 3.5155562 | L10: 1170.8149 | M10: 97.939051 | N10: 153.84927 | O10: 5.3108644 | P10: =SUM(D10:O10) -> 3063.9064
B11: CENTRAL AGRO INDUSTRIAL GUATEMALTECA, S. A. | C11: MTI-B | D11: 269.56967 | E11: 10.570076 | F11: 0 | G11: 0.49189562 | H11: 16882.104 | I11: 45415.973 | J11: 0 | K11: 0 | L11: 0 | M11: 0 | N11: 0 | O11: 682.32732 | P11: =SUM(D11:O11) -> 63261.037
B12: CENTRAL COMERCIALIZADORA DE ENERGIA ELECTRICA, S.A. | C12: TAM-G2 | D12: 0 | E12: 0 | F12: 0 | G12: 152.96139 | H12: 0 | I12: 0 | J12: 0 | K12: 0 | L12: 0 | M12: 0 | N12: 0 | O12: 0 | P12: =SUM(D12:O12) -> 152.96139
B13: CEPAM GT, S. A. | C13: TER-B3 | D13: 0 | E13: 145.76419 | F13: 861.68271 | G13: 588.51792 | H13: 276.75241 | I13: 35.75575 | J13: 675.9794 | K13: 331.62752 | L13: 839.93475 | M13: 1009.718 | N13: 166.38051 | O13: 105.57383 | P13: =SUM(D13:O13) -> 5037.687
B14: COMERCIALIZADORA ELECTRICA DE GUATEMALA, S.A. | C14: HAG-H | D14: 0.97713764 | E14: 0 | F14: 0 | G14: 0 | H14: 0 | I14: 0 | J14: 0 | K14: 0 | L14: 0 | M14: 0 | N14: 0 | O14: 0 | P14: =SUM(D14:O14) -> 0.97713764
B15: COMERCIALIZADORA ELECTRICA LA UNION, S. A. | C15: GSL-C | D15: 5.0652393 | E15: 0 | F15: 0 | G15: 0 | H15: 12950.475 | I15: 227364.19 | J15: 137292.35 | K15: 110779.94 | L15: 129584.32 | M15: 0 | N15: 0 | O15: 71.594983 | P15: =SUM(D15:O15) -> 618047.94
B16: COMERCIALIZADORA ELECTRONOVA, S. A. | C16: ARI-O2 | D16: 0 | E16: 14.828135 | F16: 702.67478 | G16: 1.5801387 | H16: 55.950801 | I16: 16.66484 | J16: 0 | K16: 33.227893 | L16: 89.484192 | M16: 141.85149 | N16: 110.78503 | O16: 494.15219 | P16: =SUM(D16:O16) -> 1661.1995
B17: COMERCIALIZADORA ELECTRONOVA, S. A. | C17: ARI-O3 | D17: 110.45238 | E17: 30.178983 | F17: 0 | G17: 0 | H17: 0 | I17: 0 | J17: 0 | K17: 0 | L17: 0 | M17: 0 | N17: 0 | O17: 0 | P17: =SUM(D17:O17) -> 140.63136
B18: COMERCIALIZADORA ORAZUL ENERGY DE CENTRO AMERICA, LTDA. | C18: ARI-O1 | D18: 497.15219 | E18: 57.673491 | F18: 0 | G18: 0 | H18: 124.60763 | I18: 357.09972 | J18: 0 | K18: 3.32512 | L18: 508.05018 | M18: 140.66942 | N18: 310.935 | O18: 7.8043753 | P18: =SUM(D18:O18) -> 2007.3171
... B72: CITY PETEN, S. DE R. L. | C72: OCT-G | D72: 1147.8876 | E72: 591.08591 | F72: 0 | G72: 393.59817 | H72: 0 | I72: 229.14981 | J72: 0 | K72: 0 | L72: 205.79917 | M72: 308.44988 | N72: 203.45633 | O72: 2733.2898 | P72: =SUM(D72:O72) -> 5812.7166
A73: 3 | B73: AGRO COMERCIALIZADORA DEL POLOCHIC, S. A. | C73: AGRP-IM3 | D73: 1917.2997 | E73: 32.7618 | F73: 2928.1278 | G73: 8631.4839 | H73: 689.5193 | I73: 71.5916 | J73: 1998.5178 | K73: 825.3547 | L73: 160.5046 | M73: 4256.4887 | N73: 0 | O73: 2761.2302 | P73: =SUM(D73:O73) -> 24272.88
B74: AGRO COMERCIALIZADORA DEL POLOCHIC, S. A. | C74: AGRP-IM4 | D74: 279.9122 | E74: 10.3436 | F74: 386.0176 | G74: 1025.7398 | H74: 60.594 | I74: 11.3225 | J74: 250.3011 | K74: 253.7294 | L74: 8.4798 | M74: 564.709 | N74: 0 | O74: 395.7675 | P74: =SUM(D74:O74) -> 3246.9165
B75: AGRO COMERCIALIZADORA DEL POLOCHIC, S. A. | C75: AGRP-IMP | D75: 2260.5063 | E75: 82.2479 | F75: 2693.5937 | G75: 4984.652 | H75: 516.6489 | I75: 55.4966 | J75: 1834.3827 | K75: 1867.2607 | L75: 220.6584 | M75: 4738.5958 | N75: 0 | O75: 3283.3699 | P75: =SUM(D75:O75) -> 22537.413
B76: ALTERNATIVA DE ENERGIA RENOVABLE, S. A. | C76: ALT-IM3 | D76: 10351.098 | E76: 306.4468 | F76: 6792.9644 | G76: 29443.648 | H76: 23887.416 | I76: 2740.0124 | J76: 5091.3685 | K76: 13154.554 | L76: 4963.1865 | M76: 18380.711 | N76: 1436.478 | O76: 6967.0642 | P76: =SUM(D76:O76) -> 123514.95
B77: ALTERNATIVA DE ENERGIA RENOVABLE, S. A. | C77: ALT-IM4 | D77: 11597.047 | E77: 712.9017 | F77: 7615.5364 | G77: 28589.435 | H77: 17898.25 | I77: 1992.2954 | J77: 5762.8213 | K77: 15704.987 | L77: 4001.0689 | M77: 20173.748 | N77: 1848.8819 | O77: 11714.75 | P77: =SUM(D77:O77) -> 127611.72
B78: ALTERNATIVA DE ENERGIA RENOVABLE, S. A. | C78: ALT-IMP | D78: 10343.262 | E78: 625.0073 | F78: 6671.3163 | G78: 16368.197 | H78: 18969.479 | I78: 1585.2921 | J78: 5222.897 | K78: 14617.102 | L78: 5990.7691 | M78: 21193.572 | N78: 1369.1824 | O78: 11257.411 | P78: =SUM(D78:O78) -> 114213.49
B79: BORAX, S. A. | C79: BORA-IM3 | D79: 4379.3106 | E79: 129.6505 | F79: 2463.0971 | G79: 9010.8046 | H79: 3397.402 | I79: 152.4501 | J79: 1374.3651 | K79: 4900.5049 | L79: 2075.9736 | M79: 6608.0968 | N79: 607.7412 | O79: 1495.9091 | P79: =SUM(D79:O79) -> 36595.306
B80: BORAX, S. A. | C80: BORA-IM4 | D80: 5144.5543 | E80: 316.2494 | F80: 2946.9667 | G80: 9509.1739 | H80: 3168.8331 | I80: 187.9065 | J80: 1760.7274 | K80: 6443.1073 | L80: 1709.9676 | M80: 7344.618 | N80: 820.1808 | O80: 1719.1242 | P80: =SUM(D80:O80) -> 41071.409
B81: BORAX, S. A. | C81: BORA-IMP | D81: 19252.056 | E81: 1163.3347 | F81: 10580.449 | G81: 23902.322 | H81: 12795.152 | I81: 650.7345 | J81: 6497.6748 | K81: 25433.355 | L81: 10364.217 | M81: 32308.447 | N81: 2548.478 | O81: 9339.007 | P81: =SUM(D81:O81) -> 154835.23
B82: BORAX, S. A. | C82: BORA-IMX | D82: 19017.54 | E82: 8250.7678 | F82: 3700.15 | G82: 0 | H82: 0 | I82: 1636.081 | J82: 2162.8203 | K82: 0 | L82: 0 | M82: 26863.015 | N82: 4298.7783 | O82: 35244.136 | P82: =SUM(D82:O82) -> 101173.29
B83: CENTRAL COMERCIALIZADORA DE ENERGIA ELECTRICA, S.A. | C83: CCEE-IM3 | D83: 0 | E83: 0 | F83: 0 | G83: 0 | H83: 0 | I83: 715.7644 | J83: 3521.8308 | K83: 5075.4608 | L83: 2339.5564 | M83: 12200.434 | N83: 990.3622 | O83: 4902.4469 | P83: =SUM(D83:O83) -> 29745.856
B84: CENTRAL COMERCIALIZADORA DE ENERGIA ELECTRICA, S.A. | C84: CCEE-IM4 | D84: 0 | E84: 0 | F84: 0 | G84: 0 | H84: 0 | I84: 721.2413 | J84: 3941.8254 | K84: 6745.2774 | L84: 1594.8094 | M84: 13054.782 | N84: 1260.9521 | O84: 8156.7206 | P84: =SUM(D84:O84) -> 35475.608
B85: CENTRAL COMERCIALIZADORA DE ENERGIA ELECTRICA, S.A. | C85: CCEE-IMP | D85: 0 | E85: 0 | F85: 0 | G85: 0 | H85: 0 | I85: 638.0088 | J85: 3354.8539 | K85: 6038.113 | L85: 2654.1224 | M85: 12687.011 | N85: 878.1919 | O85: 7314.941 | P85: =SUM(D85:O85) -> 33565.242
... B135: PANTALEON ENERGY SOLUTIONS, S. A. | C135: PAEN-IMX | D135: 0 | E135: 0 | F135: 0 | G135: 0 | H135: 0 | I135: 0 | J135: 1233.3176 | K135: 0 | L135: 5878.9384 | M135: 0 | N135: 0 | O135: 1720.3994 | P135: =SUM(D135:O135) -> 8832.6554
A136: 4 | B136: AGRO COMERCIALIZADORA DEL POLOCHIC, S. A. | C136: STS-H | D136: 0 | E136: 0 | F136: 0 | G136: 13.029775 | H136: 0 | I136: 653.31719 | J136: 0 | K136: 0 | L136: 0 | M136: 0 | N136: 349.88595 | O136: 2208.5036 | P136: =SUM(D136:O136) -> 3224.7365
B137: ALTERNATIVA DE ENERGIA RENOVABLE, S. A. | C137: MNL-H2 | D137: 349.41788 | E137: 78.758948 | F137: 0 | G137: 4.9801928 | H137: 71.352634 | I137: 1607.5261 | J137: 0 | K137: 0 | L137: 656.68908 | M137: 3025.585 | N137: 894.44311 | O137: 1757.6332 | P137: =SUM(D137:O137) -> 8446.3862
B138: ALTERNATIVA DE ENERGIA RENOVABLE, S. A. | C138: MNL-H4 | D138: 158.66919 | E138: 0 | F138: 0 | G138: 0 | H138: 93.343661 | I138: 374.88531 | J138: 0 | K138: 0 | L138: 171.3601 | M138: 398.25822 | N138: 136.23223 | O138: 245.441 | P138: =SUM(D138:O138) -> 1578.1897
B139: BORAX, S. A. | C139: ARI-O3 | D139: 0 | E139: 41418.456 | F139: 96154.489 | G139: 0 | H139: 0 | I139: 0 | J139: 0 | K139: 0 | L139: 0 | M139: 0 | N139: 0 | O139: 0 | P139: =SUM(D139:O139) -> 137572.94
B140: BORAX, S. A. | C140: ARI-O4 | D140: 24774.045 | E140: 37294.598 | F140: 52727.431 | G140: 102823.3 | H140: 86691.789 | I140: 85247.497 | J140: 84758.901 | K140: 103861.23 | L140: 102619 | M140: 41368.665 | N140: 68506.416 | O140: 21219.051 | P140: =SUM(D140:O140) -> 811891.91
B141: COMERCIALIZADORA ELECTRICA DE GUATEMALA, S.A. | C141: LVA-H | D141: 27.445437 | E141: 0 | F141: 0 | G141: 0 | H141: 474.55921 | I141: 0 | J141: 0 | K141: 0 | L141: 0 | M141: 0 | N141: 0 | O141: 0.52735351 | P141: =SUM(D141:O141) -> 502.532
B142: COMERCIALIZADORA ELECTRONOVA, S. A. | C142: ARI-O2 | D142: 1072.0467 | E142: 46574.772 | F142: 149045 | G142: 99522.608 | H142: 85877.721 | I142: 61045.914 | J142: 88340.264 | K142: 107935.86 | L142: 97620.732 | M142: 46646.607 | N142: 74947.223 | O142: 25943.657 | P142: =SUM(D142:O142) -> 884572.41
B143: COMERCIALIZADORA ELECTRONOVA, S. A. | C143: ARI-O3 | D143: 24106.425 | E143: 42658.908 | F143: 0 | G143: 0 | H143: 0 | I143: 0 | J143: 0 | K143: 0 | L143: 0 | M143: 0 | N143: 0 | O143: 0 | P143: =SUM(D143:O143) -> 66765.333
B144: COMERCIALIZADORA ORAZUL ENERGY DE CENTRO AMERICA, LTDA. | C144: ARI-O1 | D144: 53306.227 | E144: 103983.69 | F144: 138823.91 | G144: 98578.007 | H144: 83165.554 | I144: 74571.567 | J144: 98872.591 | K144: 114155.88 | L144: 94077.582 | M144: 44692.224 | N144: 67608.742 | O144: 21500.168 | P144: =SUM(D144:O144) -> 993336.14
B145: EDECSA-GT, S. A. | C145: ARI-O6 | D145: 15753.835 | E145: 30763.828 | F145: 104783.35 | G145: 46132.813 | H145: 39488.247 | I145: 25195.23 | J145: 18419.755 | K145: 51116.545 | L145: 34969.435 | M145: 18163.876 | N145: 49471.672 | O145: 16695.673 | P145: =SUM(D145:O145) -> 450954.26
B146: EMPRESA DE GENERACION DE ENERGIA ELECTRICA DEL INDE | C146: CHX-H | D146: 86369.297 | E146: 91261.097 | F146: 178358.05 | G146: 139543.46 | H146: 400045.74 | I146: 154294.42 | J146: 14614.934 | K146: 62321.945 | L146: 19064.759 | M146: 499.10637 | N146: 49077.208 | O146: 33023.862 | P146: =SUM(D146:O146) -> 1228473.9
B147: EMPRESA DE GENERACION DE ENERGIA ELECTRICA DEL INDE | C147: JUR-H | D147: 5088.2612 | E147: 759.652 | F147: 276.60003 | G147: 0 | H147: 167.7382 | I147: 5592.173 | J147: 36.581706 | K147: 0 | L147: 541.07844 | M147: 5281.6928 | N147: 104.67082 | O147: 1979.7096 | P147: =SUM(D147:O147) -> 19828.158
B148: ENERGIA LIMPIA DE GUATEMALA, S. A. | C148: XAD-H | D148: 5474.6273 | E148: 533.1011 | F148: 0 | G148: 0 | H148: 1034.4667 | I148: 7764.6995 | J148: 0 | K148: 0 | L148: 4261.5253 | M148: 14020.467 | N148: 774.36809 | O148: 10076.282 | P148: =SUM(D148:O148) -> 43939.537
... B169: HIDROELECTRICA SECACAO, S. A. | C169: SEC-H | D169: 0 | E169: 0 | F169: 0 | G169: 0 | H169: 0 | I169: 0 | J169: 0 | K169: 0 | L169: 0 | M169: 0 | N169: 0 | O169: 3438.4427 | P169: =SUM(D169:O169) -> 3438.4427
A170: 5 | B170: CENTRAL COMERCIALIZADORA DE ENERGIA ELECTRICA, S.A. | C170: TAM-G2 | D170: 0 | E170: 0 | F170: 3772.938 | G170: 18316.543 | H170: 26619.837 | I170: 9399.4339 | J170: 24068.49 | K170: 1999.7902 | L170: 5659.9222 | M170: 24590.355 | N170: 3217.7725 | O170: 5294.3398 | P170: =SUM(D170:O170) -> 122939.42
B171: EDECSA-GT, S. A. | C171: ARI-O6 | D171: 0 | E171: 0 | F171: 0 | G171: 2.1292271 | H171: 0 | I171: 0 | J171: 0 | K171: 0 | L171: 0.64687202 | M171: 0 | N171: 0 | O171: 0 | P171: =SUM(D171:O171) -> 2.7760991
B172: ELECTRIC POWER MARKETS, S. A. | C172: TDL-B11 | D172: 333.72896 | E172: 353.4757 | F172: 0 | G172: 0 | H172: 0 | I172: 819.13371 | J172: 2710.5867 | K172: 476.41447 | L172: 1072.7131 | M172: 3091.8496 | N172: 87.597196 | O172: 0 | P172: =SUM(D172:O172) -> 8945.4994
B173: ELECTRO GENERACION, S. A. | C173: ELG-B | D173: 1583.1442 | E173: 895.43951 | F173: 3173.7706 | G173: 9464.7256 | H173: 4721.6848 | I173: 3476.1516 | J173: 6894.6696 | K173: 881.3403 | L173: 2974.5276 | M173: 1987.7985 | N173: 0 | O173: 0 | P173: =SUM(D173:O173) -> 36053.252
B174: EMPRESA DE GENERACION DE ENERGIA ELECTRICA DEL INDE | C174: ESC-G5 | D174: 354.81875 | E174: 1614.0078 | F174: 1820.1099 | G174: 20849.965 | H174: 40898.534 | I174: 2564.9582 | J174: 0 | K174: 1125.9119 | L174: 1017.8236 | M174: 9426.5402 | N174: 2130.3703 | O174: 5516.6918 | P174: =SUM(D174:O174) -> 87319.732
B175: GENERADORA DEL ESTE, S. A. | C175: TDL-B12 | D175: 147.52768 | E175: 624.38869 | F175: 1465.1095 | G175: 4156.9499 | H175: 2939.7463 | I175: 1783.345 | J175: 4176.3197 | K175: 672.69836 | L175: 1568.7074 | M175: 3062.8034 | N175: 0 | O175: 0 | P175: =SUM(D175:O175) -> 20597.596
B176: GENERADORA DEL ESTE, S. A. | C176: TDL-B6 | D176: 81.387952 | E176: 75.339525 | F176: 674.03106 | G176: 1877.7059 | H176: 1546.5989 | I176: 1069.475 | J176: 2227.1781 | K176: 346.83242 | L176: 1033.6658 | M176: 1920.2131 | N176: 0 | O176: 27.691083 | P176: =SUM(D176:O176) -> 10880.119
B177: GENERADORA DEL ESTE, S. A. | C177: TDL-B7 | D177: 529.08259 | E177: 339.20682 | F177: 891.0446 | G177: 2258.392 | H177: 1613.6989 | I177: 1870.7409 | J177: 2114.541 | K177: 389.47759 | L177: 1150.3086 | M177: 1837.9056 | N177: 0 | O177: 29.462396 | P177: =SUM(D177:O177) -> 13023.861
B178: LUZ Y FUERZA ELECTRICA DE GUATEMALA, LTDA. | C178: TAM-G1 | D178: 882.47019 | E178: 1939.9934 | F178: 5136.9569 | G178: 24093.356 | H178: 29311.976 | I178: 9476.5732 | J178: 25213.728 | K178: 2851.2003 | L178: 6090.8281 | M178: 25591.19 | N178: 3174.9284 | O178: 6244.984 | P178: =SUM(D178:O178) -> 140008.18
B179: ORAZUL ENERGY GUATEMALA Y CIA. S. C. A. | C179: ARI-O5 | D179: 254.08166 | E179: 424.90513 | F179: 24.543955 | G179: 2.3605442 | H179: 0 | I179: 0 | J179: 0 | K179: 29.427061 | L179: 2.8833539 | M179: 0 | N179: 0 | O179: 479.7786 | P179: =SUM(D179:O179) -> 1217.9803
B180: ORAZUL ENERGY GUATEMALA Y CIA. S. C. A. | C180: ARI-O7 | D180: 0 | E180: 107.69697 | F180: 285.50724 | G180: 0 | H180: 0 | I180: 9.1372216 | J180: 174.31531 | K180: 219.16852 | L180: 2.7595314 | M180: 0 | N180: 0 | O180: 0 | P180: =SUM(D180:O180) -> 798.5848
B181: ORAZUL ENERGY GUATEMALA Y CIA. S. C. A. | C181: ARI-O8 | D181: 0 | E181: 0 | F181: 0 | G181: 96.925308 | H181: 0 | I181: 0 | J181: 0 | K181: 0 | L181: 0 | M181: 0 | N181: 0 | O181: 0 | P181: =SUM(D181:O181) -> 96.925308
B182: ORAZUL ENERGY GUATEMALA Y CIA. S. C. A. | C182: ARI-O9 | D182: 244.86346 | E182: 424.06088 | F182: 833.31166 | G182: 962.6066 | H182: 0 | I182: 750.20033 | J182: 741.34286 | K182: 180.61098 | L182: 846.82741 | M182: 0 | N182: 0 | O182: 0 | P182: =SUM(D182:O182) -> 4983.8242
... B189: COMERCIALIZADORA ELECTRICA DEL PACIFICO, S. A. | C189: TDL-B6 | D189: 0 | E189: 0 | F189: 0 | G189: 0 | H189: 0 | I189: 0 | J189: 0 | K189: 0 | L189: 0 | M189: 0 | N189: 0 | O189: 0 | P189: =SUM(D189:O189) -> 0
A190: 6 | B190: ALTERNATIVA DE ENERGIA RENOVABLE, S. A. | C190: MNL-H1 | D190: 0 | E190: 0 | F190: 0 | G190: 0 | H190: 0 | I190: 0 | J190: 0 | K190: 0 | L190: 0 | M190: 0 | N190: 0 | O190: 6.7843796 | P190: =SUM(D190:O190) -> 6.7843796
B191: ALTERNATIVA DE ENERGIA RENOVABLE, S. A. | C191: MNL-H2 | D191: 0 | E191: 0 | F191: 0 | G191: 0 | H191: 0 | I191: 0 | J191: 0 | K191: 0 | L191: 0 | M191: 0 | N191: 0 | O191: 0.57146317 | P191: =SUM(D191:O191) -> 0.57146317
B192: BIOMASS ENERGY, S. A. | C192: ISI-B | D192: 0 | E192: 0 | F192: 171114.55 | G192: 82583.293 | H192: 3263.7836 | I192: 340.29213 | J192: 0 | K192: 24081.115 | L192: 3128.4517 | M192: 8149.0466 | N192: 0 | O192: 0 | P192: =SUM(D192:O192) -> 292660.53
B193: BIOMASS ENERGY, S. A. | C193: MAG-B6 | D193: 0 | E193: 0 | F193: 0 | G193: 0 | H193: 798.14614 | I193: 3459.9416 | J193: 3076.7979 | K193: 9940.4947 | L193: 0 | M193: 6706.1239 | N193: 12809.886 | O193: 182.31272 | P193: =SUM(D193:O193) -> 36973.703
B194: BIOMASS ENERGY, S. A. | C194: MAG-B7 | D194: 0 | E194: 0 | F194: 0 | G194: 0 | H194: 0 | I194: 398.89501 | J194: 0 | K194: 3242.8889 | L194: 1419.1812 | M194: 57.667332 | N194: 1743.5761 | O194: 128.94194 | P194: =SUM(D194:O194) -> 6991.1505
B195: BORAX, S. A. | C195: ARI-O3 | D195: 0 | E195: 14.933099 | F195: 1040.866 | G195: 0 | H195: 0 | I195: 0 | J195: 0 | K195: 0 | L195: 0 | M195: 0 | N195: 0 | O195: 0 | P195: =SUM(D195:O195) -> 1055.7991
B196: BORAX, S. A. | C196: ARI-O4 | D196: 0 | E196: 0 | F196: 3745.0176 | G196: 204.18471 | H196: 511.41319 | I196: 0 | J196: 193.96097 | K196: 221.44912 | L196: 641.81409 | M196: 4183.6641 | N196: 1816.9859 | O196: 793.90613 | P196: =SUM(D196:O196) -> 12312.396
B197: CENTRAL AGRO INDUSTRIAL GUATEMALTECA, S. A. | C197: MTI-B | D197: 15.367413 | E197: 0 | F197: 0 | G197: 0 | H197: 71.481636 | I197: 1017.2338 | J197: 0 | K197: 0 | L197: 0 | M197: 0 | N197: 0 | O197: 42.244427 | P197: =SUM(D197:O197) -> 1146.3272
B198: CENTRAL COMERCIALIZADORA DE ENERGIA ELECTRICA, S.A. | C198: TAM-G2 | D198: 0 | E198: 0 | F198: 6819.4982 | G198: 3210.7311 | H198: 0 | I198: 0 | J198: 0 | K198: 0 | L198: 0 | M198: 0 | N198: 0 | O198: 0 | P198: =SUM(D198:O198) -> 10030.229
B199: CEPAM GT, S. A. | C199: TER-B3 | D199: 0 | E199: 305.24093 | F199: 30008.01 | G199: 11814.651 | H199: 1665.8936 | I199: 0 | J199: 286.8908 | K199: 6401.0709 | L199: 5404.5443 | M199: 5503.0703 | N199: 377.17208 | O199: 3255.5732 | P199: =SUM(D199:O199) -> 65022.118
B200: CINCO M, S. A. | C200: LIB-H | D200: 0 | E200: 0 | F200: 0 | G200: 0 | H200: 0 | I200: 0 | J200: 0.38876765 | K200: 0 | L200: 16.21577 | M200: 108.91404 | N200: 0 | O200: 0 | P200: =SUM(D200:O200) -> 125.51857
B201: COMERCIALIZADORA COMERTITLAN, S. A. | C201: ORT-G | D201: 0 | E201: 0 | F201: 0 | G201: 0 | H201: 0 | I201: 53.935426 | J201: 0 | K201: 0 | L201: 0 | M201: 0 | N201: 0 | O201: 0 | P201: =SUM(D201:O201) -> 53.935426
B202: COMERCIALIZADORA ELECTRICA DE GUATEMALA, S.A. | C202: HAG-H | D202: 0.2441107 | E202: 0.093318553 | F202: 0 | G202: 0 | H202: 0 | I202: 0 | J202: 0 | K202: 0 | L202: 0 | M202: 0 | N202: 0 | O202: 3.0165463 | P202: =SUM(D202:O202) -> 3.3539756
... B303: HIDROELECTRICA EL COBANO, S. A. | C303: CBN-H | D303: 0 | E303: 0 | F303: 0 | G303: 0 | H303: 0 | I303: 0 | J303: 0 | K303: 0 | L303: 0 | M303: 0 | N303: 0 | O303: 17.544174 | P303: =SUM(D303:O303) -> 17.544174
A304: 7 | B304: AGEN, S. A. | C304: FLO-H | D304: 76.228177 | E304: 4.5901471 | F304: 0 | G304: 0.22217107 | H304: 93.433591 | I304: 190.91883 | J304: 0 | K304: 0 | L304: 33.206417 | M304: 0.65044827 | N304: 20.480435 | O304: 128.6753 | P304: =SUM(D304:O304) -> 548.40551
B305: AGRO COMERCIALIZADORA DEL POLOCHIC, S. A. | C305: STS-H | D305: 39.192569 | E305: 0.011827252 | F305: 0 | G305: 0 | H305: 0.50485692 | I305: 2618.9539 | J305: 0 | K305: 0 | L305: 59.477567 | M305: 1.3237668 | N305: 2.6790301 | O305: 51.95144 | P305: =SUM(D305:O305) -> 2774.0949
B306: ALTERNATIVA DE ENERGIA RENOVABLE, S. A. | C306: MNL-H1 | D306: 2.4125326 | E306: 0.60324791 | F306: 0 | G306: 0 | H306: 3.0676434 | I306: 110.53202 | J306: 0 | K306: 0 | L306: 0.49878 | M306: 0.43781577 | N306: 8.4420859 | O306: 7.4140138 | P306: =SUM(D306:O306) -> 133.40814
B307: ALTERNATIVA DE ENERGIA RENOVABLE, S. A. | C307: MNL-H2 | D307: 45.915459 | E307: 0 | F307: 0 | G307: 0 | H307: 5.1206137 | I307: 373.3732 | J307: 0 | K307: 0 | L307: 0 | M307: 0 | N307: 0 | O307: 5.5539848 | P307: =SUM(D307:O307) -> 429.96326
B308: ALTERNATIVA DE ENERGIA RENOVABLE, S. A. | C308: MNL-H4 | D308: 4.7987571 | E308: 0.26044235 | F308: 0 | G308: 0 | H308: 0.68021789 | I308: 8.0246203 | J308: 0 | K308: 0 | L308: 0.037195014 | M308: 0.04620818 | N308: 0 | O308: 2.6213913 | P308: =SUM(D308:O308) -> 16.468832
B309: BIOMASS ENERGY, S. A. | C309: ISI-B | D309: 0 | E309: 0 | F309: 0 | G309: 0 | H309: 1622.8885 | I309: 1606.5072 | J309: 0 | K309: 0 | L309: 0 | M309: 0 | N309: 0 | O309: 0 | P309: =SUM(D309:O309) -> 3229.3957
B310: CINCO M, S. A. | C310: LIB-H | D310: 0.03605568 | E310: 0 | F310: 0 | G310: 0 | H310: 77.905499 | I310: 199.51051 | J310: 0 | K310: 0 | L310: 50.369648 | M310: 1.3704859 | N310: 1.4925218 | O310: 26.537242 | P310: =SUM(D310:O310) -> 357.22197
B311: COMERCIALIZADORA COMERTITLAN, S. A. | C311: ORT-G | D311: 5.5623017 | E311: 0 | F311: 0 | G311: 0 | H311: 0 | I311: 45.608522 | J311: 0 | K311: 0 | L311: 0 | M311: 213.28737 | N311: 26.442255 | O311: 109.4771 | P311: =SUM(D311:O311) -> 400.37755
B312: COMERCIALIZADORA ELECTRICA DE GUATEMALA, S.A. | C312: HAG-H | D312: 12.383057 | E312: 0.91647438 | F312: 0 | G312: 0.036418226 | H312: 14.833156 | I312: 261.60818 | J312: 0 | K312: 0 | L312: 9.8098841 | M312: 0.29590052 | N312: 12.098774 | O312: 48.494174 | P312: =SUM(D312:O312) -> 360.47602
B313: COMERCIALIZADORA ELECTRICA DE GUATEMALA, S.A. | C313: LVA-H | D313: 6.976526 | E313: 1.7413985 | F313: 0 | G313: 0 | H313: 272.84431 | I313: 1198.1721 | J313: 0 | K313: 0 | L313: 5.493395 | M313: 5.1757221 | N313: 0 | O313: 68.64084 | P313: =SUM(D313:O313) -> 1559.0442
B314: COMERCIALIZADORA ELECTRICA DE GUATEMALA, S.A. | C314: RBO-H | D314: 370.5563 | E314: 17.519277 | F314: 0 | G314: 0.35516782 | H314: 210.56661 | I314: 108.02456 | J314: 0 | K314: 0 | L314: 5.3390158 | M314: 0.15915177 | N314: 54.619123 | O314: 727.52346 | P314: =SUM(D314:O314) -> 1494.6627
B315: DESARROLLOS LAS UVITAS, S. A. | C315: HUV-H | D315: 4.4819451 | E315: 0.50924029 | F315: 0 | G315: 0 | H315: 0 | I315: 84.964006 | J315: 0 | K315: 0 | L315: 11.547471 | M315: 0.21487997 | N315: 3.0877504 | O315: 44.603877 | P315: =SUM(D315:O315) -> 149.40917
B316: EMPRESA DE GENERACION DE ENERGIA ELECTRICA DEL INDE | C316: AGU-H | D316: 175.71531 | E316: 60.292413 | F316: 0 | G316: 3.5736201 | H316: 816.20371 | I316: 6347.6583 | J316: 0 | K316: 0 | L316: 407.7691 | M316: 5.1691511 | N316: 407.74141 | O316: 761.1086 | P316: =SUM(D316:O316) -> 8985.2316
... B375: HIDROELECTRICA SECACAO, S. A. | C375: SEC-H | D375: 0 | E375: 0 | F375: 0 | G375: 0 | H375: 0 | I375: 0 | J375: 0 | K375: 0 | L375: 0 | M375: 0 | N375: 0 | O375: 42.542357 | P375: =SUM(D375:O375) -> 42.542357
A376: 8 | B376: GENERADORA DEL ESTE, S. A. | C376: TDL-B13 | D376: 0 | E376: 0 | F376: 0 | G376: 0 | H376: 0 | I376: 0 | J376: 5978.3455 | K376: 0 | L376: 0 | M376: 0 | N376: 0 | O376: 0 | P376: =SUM(D376:O376) -> 5978.3455
B377: MERELEC GUATEMALA, S. A. | C377: TDL-B10 | D377: 0 | E377: 0 | F377: 0 | G377: 0 | H377: 0 | I377: 0 | J377: 4640.3131 | K377: 0 | L377: 0 | M377: 0 | N377: 0 | O377: 0 | P377: =SUM(D377:O377) -> 4640.3131
B378: CEPAM GT, S. A. | C378: TER-B3 | D378: 0 | E378: 0 | F378: 0 | G378: 5789.9425 | H378: 6844.5407 | I378: 23268.538 | J378: 85221.517 | K378: 45727.022 | L378: 36137.85 | M378: 93281.952 | N378: 76446.258 | O378: 67869.158 | P378: =SUM(D378:O378) -> 440586.78
B379: ENLACE MAC, S. A. | C379: TER-B2 | D379: 0 | E379: 0 | F379: 0 | G379: 4860.6757 | H379: 282.93651 | I379: 1425.8427 | J379: 2293.365 | K379: 0 | L379: 0 | M379: 619.94017 | N379: 2782.7172 | O379: 172.12888 | P379: =SUM(D379:O379) -> 12437.606
B380: GENERADORA ELECTRICA DEL NORTE LTDA. | C380: GEN-B | D380: 0 | E380: 613.5891 | F380: 0 | G380: 145.54162 | H380: 1144.2757 | I380: 22601.946 | J380: 45462.165 | K380: 27481.611 | L380: 15854.337 | M380: 17784.783 | N380: 192.59531 | O380: 0 | P380: =SUM(D380:O380) -> 131280.84
B381: TERMICA, S. A. | C381: TER-B4 | D381: 0 | E381: 0 | F381: 0 | G381: 4439.7741 | H381: 9793.3086 | I381: 20353.557 | J381: 33064.095 | K381: 59675.084 | L381: 38914.204 | M381: 57264.952 | N381: 64569.221 | O381: 9288.3881 | P381: =SUM(D381:O381) -> 297362.58
B382: WATTSMARKET, S. A. | C382: TER-B1 | D382: 0 | E382: 0 | F382: 1333.4175 | G382: 0 | H382: 1893.1477 | I382: 1520.6839 | J382: 11503.549 | K382: 1886.6679 | L382: 10187.439 | M382: 8743.6583 | N382: 8846.5465 | O382: 20120.102 | P382: =SUM(D382:O382) -> 66035.212
B383: CITY PETEN, S. DE R. L. | C383: OCT-G | D383: 0 | E383: 0 | F383: 0 | G383: 0 | H383: 1389.298 | I383: 2456.8367 | J383: 0 | K383: 0 | L383: 0 | M383: 0 | N383: 0 | O383: 679.50294 | P383: =SUM(D383:O383) -> 4525.6377
A386: 1 | B386: Por restricciones en el Sistema Principal de Transporte | C386: 4188.7446
A387: 2 | B387: Por Restricciones de Arranque y Parada | C387: 18128821
A388: 3 | B388: Inflexibilidad de la Oferta de Importación | C388: 4108692.1
...

Sheet Pag20
A1: RESULTADOS DE SERVICIOS COMPLEMENTARIOS
A3: REMUNERACION POR RESERVA RODANTE OPERATIVA (US$)
A5: UNIDAD | B5: ENE | C5: FEB | D5: MAR | E5: ABR | F5: MAY | G5: JUN | H5: JUL | I5: AGO | J5: SEP | K5: OCT | L5: NOV | M5: DIC | N5: TOTAL
A6: ARIZONA | B6: 90746.1 | C6: 219413.92 | D6: 740505.41 | E6: 1105872 | F6: 1674624.8 | G6: 939240.46 | H6: 668403.44 | I6: 587790.76 | J6: 516677.66 | K6: 508770.87 | L6: 419974.17 | M6: 303600.59 | N6: =SUM(B6:M6) -> 7775620.2
A7: CHIXOY | B7: 565397.77 | C7: 591046.91 | D7: 986143.81 | E7: 1039162.3 | F7: 1264477.6 | G7: 801081.04 | H7: 1068332.3 | I7: 485004.42 | J7: 182000.85 | K7: 116680.4 | L7: 304428.88 | M7: 231539.9 | N7: =SUM(B7:M7) -> 7635296.1
A8: EL CANADA | B8: 286817.57 | C8: 219644.95 | D8: 49105.355 | E8: 0 | F8: 0 | G8: 159052.86 | H8: 137300.39 | I8: 268743.74 | J8: 350100.27 | K8: 231119.08 | L8: 259938.66 | M8: 299001.38 | N8: =SUM(B8:M8) -> 2260824.2
A9: EL MANANTIAL | B9: 213279.03 | C9: 85874.34 | D9: 159443.27 | E9: 234557.29 | F9: 297939.01 | G9: 417899.28 | H9: 419242.54 | I9: 500866.76 | J9: 533557.68 | K9: 650036.07 | L9: 559554.62 | M9: 519759.03 | N9: =SUM(B9:M9) -> 4592008.9
A10: HIDRO XACBAL DELTA | B10: 341406.8 | C10: 212114.95 | D10: 195506.59 | E10: 173293.89 | F10: 196340.68 | G10: 430225.35 | H10: 245003.79 | I10: 313305.76 | J10: 426755.36 | K10: 520008.93 | L10: 299348.66 | M10: 249492.35 | N10: =SUM(B10:M10) -> 3602803.1
A11: JURUN MARINALA | B11: 181095.74 | C11: 131904.9 | D11: 134124.64 | E11: 187311.21 | F11: 158444.51 | G11: 321726.27 | H11: 90689.17 | I11: 184789.32 | J11: 27213.8 | K11: 108423.95 | L11: 17759.175 | M11: 114281.62 | N11: =SUM(B11:M11) -> 1657764.3
A12: LAS PALMAS | B12: 64968.85 | C12: 81590.25 | D12: 211133.96 | E12: 287191.97 | F12: 382749.92 | G12: 170929.7 | H12: 112059.85 | I12: 133717.19 | J12: 107880.09 | K12: 56680.05 | L12: 77737.525 | M12: 27876.5 | N12: =SUM(B12:M12) -> 1714515.9
A13: LAS VACAS | B13: 4602.725 | C13: 6528.325 | D13: 15275.25 | E13: 49936.075 | F13: 115882.95 | G13: 142444.75 | H13: 648 | I13: 536.9 | J13: 3989.075 | K13: 0 | L13: 97.15 | M13: 1481.15 | N13: =SUM(B13:M13) -> 341422.35
A14: CHOLOMA | B14: 0 | C14: 0 | D14: 0 | E14: 22797.398 | F14: 36699.132 | G14: 97736.386 | H14: 79705.195 | I14: 100544.68 | J14: 53611.903 | K14: 7868.815 | L14: 33779.365 | M14: 117500.26 | N14: =SUM(B14:M14) -> 550243.14
A15: OXEC II | B15: 733956.05 | C15: 565874.55 | D15: 369512.62 | E15: 292233.75 | F15: 302820.28 | G15: 444540.32 | H15: 533513.36 | I15: 391241.82 | J15: 346917.66 | K15: 421248.97 | L15: 281712.27 | M15: 349690.11 | N15: =SUM(B15:M15) -> 5033261.8
A16: PALO VIEJO | B16: 612391.44 | C16: 450672.93 | D16: 370829.51 | E16: 252658.27 | F16: 212002.84 | G16: 567368.62 | H16: 268885.71 | I16: 316969.94 | J16: 498959.05 | K16: 523566.81 | L16: 474634.49 | M16: 416835.68 | N16: =SUM(B16:M16) -> 4965775.3
A17: RENACE | B17: 730463.96 | C17: 523583.36 | D17: 493279.22 | E17: 511069.65 | F17: 500997.08 | G17: 501036.99 | H17: 391244.56 | I17: 260909.73 | J17: 159316.18 | K17: 433372.19 | L17: 450114.64 | M17: 487478.1 | N17: =SUM(B17:M17) -> 5442865.7
... A20: XACBAL | B20: 467411.92 | C20: 340310.81 | D20: 281074.66 | E20: 56396.75 | F20: 117326.32 | G20: 581325.61 | H20: 408567.49 | I20: 404880.33 | J20: 555768.15 | K20: 695548.23 | L20: 406074.76 | M20: 386262.49 | N20: =SUM(B20:M20) -> 4700947.5
A21: TOTAL | B21: =SUM(B6:B20) -> 4673486.3 | C21: =SUM(C6:C20) -> 3750426.6 | D21: =SUM(D6:D20) -> 4188761 | E21: =SUM(E6:E20) -> 4462107.2 | F21: =SUM(F6:F20) -> 5548139.2 | G21: =SUM(G6:G20) -> 5961690.3 | H21: =SUM(H6:H20) -> 4669743.1 | I21: =SUM(I6:I20) -> 4202407.3 | ... N21: =SUM(N6:N20) -> 53027646
E23: POTENCIA ASIGNADA PARA RESERVA RODANTE OPERATIVA INTEGRADA MENSUALMENTE (MW)
A25: UNIDAD | B25: ENE | C25: FEB | D25: MAR | E25: ABR | F25: MAY | G25: JUN | H25: JUL | I25: AGO | J25: SEP | K25: OCT | L25: NOV | M25: DIC | N25: PROMEDIO
A26: ARIZONA | B26: 2.82171 | C26: 9.26987 | D26: 21.9605 | E26: 22.67699 | F26: 24.911795 | G26: 13.06031 | H26: 20.43496 | I26: 21.86113 | J26: 19.647025 | K26: 11.83329 | L26: 11.544785 | M26: 6.818195 | N26: =AVERAGE(B26:M26) -> 15.570047
A27: CHIXOY | B27: 7.878235 | C27: 8.44721 | D27: 13.744145 | E27: 14.298185 | F27: 17.426355 | G27: 8.171875 | H27: 13.53756 | I27: 7.04886 | J27: 2.576755 | K27: 1.70956 | L27: 5.56016 | M27: 4.53263 | N27: =AVERAGE(B27:M27) -> 8.7442942
A28: EL CANADA | B28: 4.04048 | C28: 3.20053 | D28: 0.72881 | E28: 0 | F28: 0 | G28: 1.840205 | H28: 1.91283 | I28: 4.00645 | J28: 6.251125 | K28: 4.29531 | L28: 5.17408 | M28: 6.15028 | N28: =AVERAGE(B28:M28) -> 3.1333417
A29: EL MANANTIAL | B29: 2.030825 | C29: 0.94684 | D29: 2.00073 | E29: 2.96049 | F29: 3.35519 | G29: 4.13296 | H29: 4.08254 | I29: 4.66392 | J29: 4.969375 | K29: 5.938485 | L29: 5.269225 | M29: 4.760765 | N29: =AVERAGE(B29:M29) -> 3.7592788
A30: HIDRO XACBAL DELTA | B30: 4.84885 | C30: 3.08629 | D30: 2.8549 | E30: 2.447075 | F30: 2.672335 | G30: 5.050595 | H30: 3.229375 | I30: 4.73318 | J30: 7.57876 | K30: 9.878425 | L30: 5.877985 | M30: 5.145235 | N30: =AVERAGE(B30:M30) -> 4.7835838
A31: JURUN MARINALA | B31: 2.57696 | C31: 1.86077 | D31: 1.867345 | E31: 2.610935 | F31: 2.24686 | G31: 4.02143 | H31: 1.208145 | I31: 2.71366 | J31: 0.369345 | K31: 2.02985 | L31: 0.333865 | M31: 2.33462 | N31: =AVERAGE(B31:M31) -> 2.0144821
A32: LAS PALMAS | B32: 1.46663 | C32: 2.33115 | D32: 4.93379 | E32: 4.83724 | F32: 5.03638 | G32: 2.08068 | H32: 2.625245 | I32: 3.774905 | J32: 3.03878 | K32: 1.17304 | L32: 1.781885 | M32: 0.57638 | N32: =AVERAGE(B32:M32) -> 2.8046754
A33: LAS VACAS | B33: 0.032615 | C33: 0.045995 | D33: 0.1075 | E33: 0.353745 | F33: 0.81687 | G33: 1.00503 | H33: 0.004575 | I33: 0.003835 | J33: 0.02845 | K33: 0 | L33: 0.00067 | M33: 0.010475 | N33: =AVERAGE(B33:M33) -> 0.20081333
A34: CHOLOMA | B34: 0 | C34: 0 | D34: 0 | E34: 0.31998 | F34: 0.48775 | G34: 1.07187 | H34: 1.070205 | I34: 1.542005 | J34: 0.890085 | K34: 0.092315 | L34: 0.700915 | M34: 2.561825 | N34: =AVERAGE(B34:M34) -> 0.72807917
A35: OXEC II | B35: 10.62341 | C35: 8.36888 | D35: 5.449855 | E35: 4.294035 | F35: 4.158445 | G35: 5.92493 | H35: 7.164665 | I35: 5.900795 | J35: 6.17343 | K35: 8.055205 | L35: 5.53718 | M35: 7.21064 | N35: =AVERAGE(B35:M35) -> 6.5717892
A36: PALO VIEJO | B36: 8.578345 | C36: 6.54478 | D36: 5.44595 | E36: 3.539975 | F36: 2.937235 | G36: 6.923585 | H36: 3.76201 | I36: 4.64153 | J36: 8.91601 | K36: 9.8351 | L36: 9.489505 | M36: 8.579245 | N36: =AVERAGE(B36:M36) -> 6.5994392
A37: RENACE | B37: 10.552765 | C37: 7.644585 | D37: 7.090035 | E37: 7.11377 | F37: 6.714425 | G37: 5.85255 | H37: 5.166115 | I37: 3.920055 | J37: 2.622745 | K37: 8.13994 | L37: 8.86978 | M37: 10.12183 | N37: =AVERAGE(B37:M37) -> 6.9840496
... A40: XACBAL | B40: 6.615705 | C40: 4.94332 | D40: 4.09723 | E40: 0.79892 | F40: 1.551065 | G40: 6.755615 | H40: 5.39989 | I40: 6.120995 | J40: 9.88729 | K40: 13.23314 | L40: 7.97144 | M40: 7.963345 | N40: =AVERAGE(B40:M40) -> 6.2781629
A41: TOTAL | B41: =SUM(B26:B40) -> 67.69103 | C41: =SUM(C26:C40) -> 61.424965 | D41: =SUM(D26:D40) -> 72.986195 | E41: =SUM(E26:E40) -> 69.8836 | F41: =SUM(F26:F40) -> 76.391215 | G41: =SUM(G26:G40) -> 70.77773 | H41: =SUM(H26:H40) -> 72.99903 | I41: =SUM(I26:I40) -> 74.78039 | ... N41: =SUM(N26:N40) -> 71.642034
A45: RESERVA RÁPIDA
C47: ENE | D47: FEB | E47: MAR | F47: ABR | G47: MAY | H47: JUN | I47: JUL | J47: AGO | K47: SEP | L47: OCT | M47: NOV | N47: DIC
A48: RESERVA RÁPIDA PROMEDIO ASIGNADA (MW) | C48: 186.07 | D48: 196.66 | E48: 181.14 | F48: 164.65 | G48: 152.29 | H48: 186.7 | I48: 202.44 | J48: 191.31 | K48: 154.88 | L48: 164.2 | M48: 195.93 | N48: 135.5
A49: PRECIO UNITARIO (US$ / kW-mes) | C49: 7.1079881 | D49: 6.6170172 | E49: 6.8507464 | F49: 6.7477378 | G49: 6.0566254 | H49: 5.9450772 | I49: 6.1194374 | J49: 7.2780993 | K49: 7.098323 | L49: 6.0925602 | M49: 4.8141271 | N49: 6.6625035
A50: MONTO REMUNERADO (US$) | C50: 1322583.4 | D50: 1301302.6 | E50: 1240944.2 | F50: 1111015 | G50: 922363.48 | H50: 1109945.9 | I50: 1238818.9 | J50: 1392373.2 | K50: 1099388.3 | L50: 1000398.4 | M50: 943231.93 | N50: 902769.23
A51: MONTO REMUNERADO TOTAL (US$) | B51: =SUM(C50:N50) -> 13585134
G54: Reserva Rodante Operativa | H54: Reserva Rápida
F55: ENE | G55: {=TRANSPOSE(B21:M21)} -> 4673486.3 | H55: {=TRANSPOSE(C50:N50)} -> 1322583.4
F56: FEB | G56: 3750426.6 | H56: 1301302.6
F57: MAR | G57: 4188761 | H57: 1240944.2
F58: ABR | G58: 4462107.2 | H58: 1111015
F59: MAY | G59: 5548139.2 | H59: 922363.48
F60: JUN | G60: 5961690.3 | H60: 1109945.9
F61: JUL | G61: 4669743.1 | H61: 1238818.9
F62: AGO | G62: 4202407.3 | H62: 1392373.2
F63: SEP | G63: 3877614.6 | H63: 1099388.3
F64: OCT | G64: 4294730 | H64: 1000398.4
F65: NOV | G65: 3643462.6 | H65: 943231.93
F66: DIC | G66: 3755077.8 | H66: 902769.23

Sheet Pag21
A1: INFORMACIÓN ESTADÍSTICA HISTÓRICA
A3: COMPORTAMIENTO COMPARATIVO DEL PRECIO SPOT
B5: 2001 | D5: 2002 | F5: 2003 | H5: 2004 | J5: 2005
B6: US$/MW | C6: MES | D6: US$/MW | E6: MES | F6: US$/MW | G6: MES | H6: US$/MW | I6: MES | J6: US$/MW | K6: MES
A7: PROMEDIO ANUAL | B7: 43.1142 | C7: --- | D7: 49.6019 | E7: --- | F7: 56.4635 | G7: --- | H7: 48.8088 | I7: --- | J7: 62.1605 | K7: ---
A8: PROMEDIO MENSUAL MAXIMO | B8: 53.2536 | C8: Mayo | D8: 58.9863 | E8: Diciembre | F8: 64.2586 | G8: Mayo | H8: 57.2388 | I8: Septiembre | J8: 90.3795 | K8: Mayo
A9: PROMEDIO MENSUAL MÍNIMO | B9: 31.2158 | C9: Marzo | D9: 37.3187 | E9: Febrero | F9: 46.1713 | G9: Diciembre | H9: 43.3773 | I9: Enero | J9: 47.2082 | K9: Enero
B11: 2006 | D11: 2007 | F11: 2008 | H11: 2009 | J11: 2010
B12: US$/MW | C12: MES | D12: US$/MW | E12: MES | F12: US$/MW | G12: MES | H12: US$/MW | I12: MES | J12: US$/MW | K12: MES
A13: PROMEDIO ANUAL | B13: 76.9303 | C13: --- | D13: 89.6491 | E13: --- | F13: 120.4803 | G13: --- | H13: 103.2425 | I13: --- | J13: 103.82073 | K13: ---
A14: PROMEDIO MENSUAL MAXIMO | B14: 92.8725 | C14: Mayo | D14: 111.7146 | E14: Diciembre | F14: 138.4951 | G14: Junio | H14: 134.2303 | I14: Octubre | J14: 124.75828 | K14: Febrero
A15: PROMEDIO MENSUAL MÍNIMO | B15: 65.4335 | C15: Enero | D15: 72.4835 | E15: Febrero | F15: 77.8313 | G15: Diciembre | H15: 61.9961 | I15: Enero | J15: 74.626295 | K15: Septiembre
B17: 2011 | D17: 2012 | F17: 2013 | H17: 2014 | J17: 2015
B18: US$/MW | C18: MES | D18: US$/MW | E18: MES | F18: US$/MW | G18: MES | H18: US$/MW | I18: MES | J18: US$/MW | K18: MES
A19: PROMEDIO ANUAL | B19: 132.50928 | C19: --- | D19: 146.54886 | E19: --- | F19: 120.964 | G19: --- | H19: 103.65712 | I19: --- | J19: 71.055972 | K19: ---
A20: PROMEDIO MENSUAL MAXIMO | B20: 189.92393 | C20: Mayo | D20: 176.06147 | E20: Mayo | F20: 156.88 | G20: Abril | H20: 146.9443 | I20: Agosto | J20: 88.317634 | K20: Mayo
A21: PROMEDIO MENSUAL MÍNIMO | B21: 91.556426 | C21: Octubre | D21: 124.31117 | E21: Enero | F21: 67.34 | G21: Septiembre | H21: 47.489905 | I21: Diciembre | J21: 41.549713 | K21: Diciembre
B23: 2016 | D23: 2017 | F23: 2018 | H23: 2019 | J23: 2020
B24: US$/MW | C24: MES | D24: US$/MW | E24: MES | F24: US$/MW | G24: MES | H24: US$/MW | I24: MES | J24: US$/MW | K24: MES
A25: PROMEDIO ANUAL | B25: 51.694105 | C25: --- | D25: 51.482451 | E25: --- | F25: 62.363172 | G25: --- | H25: 63.320358 | I25: --- | J25: 41.142857 | K25: ---
A26: PROMEDIO MENSUAL MAXIMO | B26: 64.630343 | C26: Mayo | D26: 66.477622 | E26: Febrero | F26: 84.560825 | G26: Agosto | H26: 87.709893 | I26: Mayo | J26: 55.801595 | K26: Julio
A27: PROMEDIO MENSUAL MÍNIMO | B27: 42.011381 | C27: Febrero | D27: 37.905344 | E27: Octubre | F27: 39.637211 | G27: Enero | H27: 32.733657 | I27: Noviembre | J27: 27.065735 | K27: Diciembre
B29: 2021 | D29: 2022 | F29: 2023 | H29: 2024 | J29: 2025
B30: US$/MW | C30: MES | D30: US$/MW | E30: MES | F30: US$/MW | G30: MES | H30: US$/MW | I30: MES | J30: US$/MW | K30: MES
A31: PROMEDIO ANUAL | B31: 63.360797 | C31: --- | D31: 86.215321 | E31: --- | F31: 105.19749 | G31: --- | H31: 116.47 | I31: --- | J31: 84.51495
A32: PROMEDIO MENSUAL MAXIMO | B32: 72.978125 | C32: Octubre | D32: 156.26603 | E32: Mayo | F32: 160.80731 | G32: Junio | H32: 214.17 | I32: Mayo | J32: 124.06739 | K32: Mayo
A33: PROMEDIO MENSUAL MÍNIMO | B33: 41.349712 | C33: Enero | D33: 50.000771 | E33: Septiembre | F33: 76.123636 | G33: Enero | H33: 54.27 | I33: Diciembre | J33: 60.683131 | K33: Enero
A38: Año | B38: PROMEDIO MENSUAL | C38: BANDA DE VALLE | D38: BANDA INTERMEDIA | E38: BANDA DE PUNTA
A39: 2000 | B39: 57.466262 | C39: 43.410785 | D39: 57.296055 | E39: 85.241489
A40: 2001 | B40: 42.459039 | C40: 32.674789 | D40: 43.946376 | E40: 61.496738
A41: 2002 | B41: 50.012827 | C41: 41.225578 | D41: 50.910559 | E41: 62.428357
A42: 2003 | B42: 56.463502 | C42: 47.011903 | D42: 58.489462 | E42: 69.288809
A43: 2004 | B43: 48.797653 | C43: 42.116104 | D43: 50.829874 | E43: 56.130893
A44: 2005 | B44: 62.1605 | C44: 48.15772 | D44: 66.8776 | E44: 76.025063
A45: 2006 | B45: 76.930346 | C45: 67.164886 | D45: 80.415337 | E45: 86.015583
A46: 2007 | B46: 89.649097 | C46: 78.299175 | D46: 93.050237 | E46: 102.14552
A47: 2008 | B47: 120.52334 | C47: 96.295209 | D47: 129.95119 | E47: 140.69605
A48: 2009 | B48: 103.24252 | C48: 94.967683 | D48: 105.09198 | E48: 114.2438
A49: 2010 | B49: 103.96751 | C49: 79.870073 | D49: 113.62017 | E49: 123.20439
A50: 2011 | B50: 132.55152 | C50: 105.5104 | D50: 141.91825 | E50: 158.53355
... A64: 2025 | B64: 84.51495 | C64: 70.139087 | D64: 86.368518 | E64: 107.70598
C76: CRECIMIENTO DE LA DEMANDA DE ENERGÍA Y POTENCIA
C77: MERCADO MAYORISTA DE GUATEMALA
E79: CONSUMO DE ENERGÍA SNI | G79: DEMANDA MÁXIMA DE POTENCIA EN EL SNI
D81: 2002 | E81: 0.063427104 | G81: 0.0413177
D82: =D81+1 -> 2003 | E82: 0.049531038 | G82: 0.058891868
D83: =D82+1 -> 2004 | E83: 0.070190971 | G83: 0.059794075
D84: =D83+1 -> 2005 | E84: 0.047983169 | G84: 0.027346207
D85: =D84+1 -> 2006 | E85: 0.069146304 | G85: 0.071669418
D86: =D85+1 -> 2007 | E86: 0.060312435 | G86: 0.044034574
D87: =D86+1 -> 2008 | E87: 0.0028915858 | G87: -0.009269587
D88: =D87+1 -> 2009 | E88: 0.0087220213 | G88: 0.029663298
D89: =D88+1 -> 2010 | E89: 0.032907848 | G89: -0.0031172112
D90: =D89+1 -> 2011 | E90: 0.039899467 | G90: 0.015859607
D91: =D90+1 -> 2012 | E91: 0.030434025 | G91: 0.028038574
D92: =D91+1 -> 2013 | E92: 0.026804646 | G92: 0.019961252
D93: =D92+1 -> 2014 | E93: 0.036872838 | G93: 0.046259521
... D103: =D102+1 -> 2024 | E103: 0.063768025 | G103: 0.07154303
D104: =D103+1 -> 2025 | E104: 0.040435222 | G104: =0.0388443774154018 -> 0.038844377

Sheet Pag22
A1: RESULTADOS DE POTENCIA
A3: DEMANDA DE POTENCIA MÁXIMA MENSUAL (MW)
B5: ENE | C5: FEB | D5: MAR | E5: ABR | F5: MAY | G5: JUN | H5: JUL | I5: AGO | J5: SEP | K5: OCT | L5: NOV | M5: DIC | N5: Anual
A6: DEMANDA MÁXIMA | B6: {=TRANSPOSE('Pag5'!E77:E88)} -> 2033.22 | C6: 2081.05 | D6: 2115.83 | E6: 2135.33 | F6: 2204.22 | G6: 2084.12 | H6: 2106.5 | I6: 2141.55 | J6: 2122.07 | K6: 2116.87 | L6: 2162.83 | M6: 2132.53 | N6: =MAX(B6:M6) -> 2204.22
A8: DESVÍOS DE POTENCIA PROMEDIOS POSITIVOS (MW)
A10: PARTICIPANTE | B10: ENE | C10: FEB | D10: MAR | E10: ABR | F10: MAY | G10: JUN | H10: JUL | I10: AGO | J10: SEP | K10: OCT | L10: NOV | M10: DIC | N10: Total
A11: ENERGIAS SAN JOSE, S. A. | B11: 2.1062032 | C11: 7.1636 | D11: 7.8732774 | E11: 6.6555 | F11: 12.712313 | G11: 14.0849 | H11: 22.022403 | I11: 18.811968 | J11: 15.216337 | K11: 11.741006 | L11: 1.2091433 | M11: 3.2032903 | N11: =SUM(B11:M11) -> 122.79994
A12: CENTRAL COMERCIALIZADORA DE ENERGIA ELECTRICA, S.A. | B12: 15.665091 | C12: 11.404543 | D12: 6.6329796 | E12: 12.652914 | F12: 10.970103 | G12: 13.809026 | H12: 12.785164 | I12: 11.663485 | J12: 7.0650446 | K12: 12.864185 | L12: 9.8478166 | M12: 8.9745763 | N12: =SUM(B12:M12) -> 134.33493
A13: EOLICO SAN ANTONIO EL SITIO, S.A. | B13: 26.383145 | C13: 15.830804 | D13: 8.5353226 | E13: 11.839833 | F13: 3.1773387 | G13: 4.7849167 | H13: 10.888306 | I13: 3.8099194 | J13: 0.66075 | K13: 6.9898387 | L13: 26.04675 | M13: 26.525161 | N13: =SUM(B13:M13) -> 145.47209
A14: TRANSMISIÓN DE ELECTRICIDAD, S. A. | B14: 23.074435 | C14: 21.074732 | D14: 15.534839 | E14: 18.527333 | F14: 4.691371 | G14: 6.2245 | H14: 19.307581 | I14: 9.1295161 | J14: 0.99383333 | K14: 8.1914516 | L14: 19.76175 | M14: 20.650645 | N14: =SUM(B14:M14) -> 167.16199
A15: EDECSA-GT, S. A. | B15: 18.481147 | C15: 7.0054816 | D15: 4.1560211 | E15: 11.861039 | F15: 26.885453 | G15: 20.54272 | H15: 19.224348 | I15: 15.297892 | J15: 21.116867 | K15: 20.777434 | L15: 11.553746 | M15: 9.9280117 | N15: =SUM(B15:M15) -> 186.83016
A16: COMERCIALIZADORA ELECTRICA DE GUATEMALA, S.A. | B16: 17.122006 | C16: 16.597056 | D16: 13.871148 | E16: 14.895653 | F16: 8.1555209 | G16: 14.567076 | H16: 20.998036 | I16: 29.57586 | J16: 6.4721838 | K16: 9.0520237 | L16: 22.031462 | M16: 16.115166 | N16: =SUM(B16:M16) -> 189.45319
A17: ORAZUL ENERGY GUATEMALA Y CIA. S. C. A. | B17: 4.6481742 | C17: 10.79632 | D17: 30.162697 | E17: 60.074635 | F17: 32.224681 | G17: 22.888608 | H17: 22.98119 | I17: 26.704527 | J17: 11.764828 | K17: 8.069029 | L17: 7.50796 | M17: 2.8895161 | N17: =SUM(B17:M17) -> 240.71217
A18: JAGUAR ENERGY GUATEMALA LLC. | B18: 41.231858 | C18: 51.625121 | D18: 44.26223 | E18: 47.874042 | F18: 28.516206 | G18: 28.927269 | H18: 28.928493 | I18: 28.137638 | J18: 22.17018 | K18: 8.4098323 | L18: 28.853181 | M18: 28.642711 | N18: =SUM(B18:M18) -> 387.57876
A19: RENACE, S. A. | B19: 14.647919 | C19: 12.896571 | D19: 24.749145 | E19: 20.000692 | F19: 33.019871 | G19: 22.006642 | H19: 35.129581 | I19: 44.957911 | J19: 33.727975 | K19: 32.842948 | L19: 54.635883 | M19: 65.890129 | N19: =SUM(B19:M19) -> 394.50527
A20: EMPRESA DE GENERACIÓN DE ENERGÍA ELÉCTRICA DEL INDE | B20: 28.760989 | C20: 1.9520964 | D20: 8.1505387 | E20: 0 | F20: 25.44659 | G20: 54.7954 | H20: 61.856492 | I20: 41.163381 | J20: 60.904822 | K20: 78.382603 | L20: 63.718747 | M20: 82.942095 | N20: =SUM(B20:M20) -> 508.07375
A21: OTROS* | B21: 308.62475 | C21: 252.04755 | D21: 207.57954 | E21: 226.95926 | F21: 306.97964 | G21: 311.53414 | H21: 210.72376 | I21: 203.11068 | J21: 178.77606 | K21: 166.51241 | L21: 187.89059 | M21: 233.99186 | N21: =SUM(B21:M21) -> 2794.7303
A22: PRECIO DEL DESVÍO POSITIVO (US $ / kW mes) | B22: ='Pag7'!B39 -> 1.0748234 | C22: ='Pag7'!C39 -> 2.3140626 | D22: ='Pag7'!D39 -> 3.9539428 | E22: ='Pag7'!E39 -> 4.1812356 | F22: ='Pag7'!F39 -> 5.5017846 | G22: ='Pag7'!G39 -> 3.4427001 | H22: ='Pag7'!H39 -> 4.1187062 | I22: ='Pag7'!I39 -> 4.3170472 | ... M22: ='Pag7'!M39 -> 4.1877373 | N22: =AVERAGE(B22:M22) -> 4.1388551
A23: *OTROS:
A24: AGEN, S. A., AGRICOLA LA ENTRADA, S. A., AGRO COMERCIALIZADORA DEL POLOCHIC, S. A., AGROINDUSTRIAL PIEDRA NEGRA, S. A., AGROPECUARIA ALTORR, S. A., ALTERNATIVA DE ENERGIA RENOVABLE, S. A., ANACAPRI, S. A., BIOMASS ENERGY, S. A., BORAX, S. A., CENTRAL AGRO INDUSTRIAL GUATEMALTECA, S. A., CEPAM GT, S. A., CINCO M, S. A., CITY PETEN, S. DE R. L., COMERCIALIZADORA CENTROAMERICANA DE ENERGIA LA CEIBA, S. A., COMERCIALIZADORA COMERTITLAN, S. A., COMERCIALIZADORA DE ENERGIA PARA EL DESARROLLO, S. A., COMERCIALIZADORA DE ENERGÍA SAN DIEGO, S. A., COMERCIALIZADORA ELECTRICA DEL PACIFICO, S. A., COMERCIALIZADORA ELECTRICA LA UNION, S. A., COMERCIALIZADORA ELECTRONOVA, S. A., COMERCIALIZADORA GUATEMALTECA MAYORISTA DE ELECTRICIDAD S.A., COMERCIALIZADORA ORAZUL ENERGY DE CENTRO AMERICA, LTDA., COMPAÑIA AGRICOLA INDUSTRIAL SANTA ANA, S. A., COMPAÑIA ELECTRICA LA LIBERTAD, S. A., COMPRA DE MATERIAS PRIMAS, S. A., CONSORCIO ENERGÉTICO MAAYAT'AAN, S. A., CORALITO, S. A., CORPORACIÓN DE ELECTRICIDAD CENTROAMERICANA, S. A., COVA ENERGY, S. A., DESARROLLO Y SOLIDEZ INMOBILIARIA, S. A., DESARROLLOS LAS UVITAS, S. A., DISTRIBUIDORA DE ELECTRICIDAD DE OCCIDENTE, S. A., DISTRIBUIDORA DE ELECTRICIDAD DE ORIENTE, S. A., ECOENER SOL DE ESCUINTLA, S. A., ECOENER SOL DEL PUERTO, S. A., ECONOENERGÍA, S. A., EL PILAR, S. A., ELECTRIC POWER MARKETS, S. A., ELECTRO GENERACION, S. A., ELECTRON SERVICES, S. A., EMPRESA DE COMERCIALIZACIÓN DE ENERGÍA ELÉCTRICA DEL INDE, EMPRESA DE COMERCIALIZACION DE ENERGIA ELECTRICA DEL INDE (DEMANDA PUNTOS EEMs), EMPRESA DE GENERACIÓN DE ENERGÍA ELÉCTRICA DEL INDE (DEMANDA PUNTOS EEMS), EMPRESA ELECTRICA DE GUATEMALA, S. A., EMPRESA MUNICIPAL RURAL DE ELECTRICIDAD DE PLAYA GRANDE, ENEL GUATEMALA, S. A., ENERGIA DEL CARIBE, S. A., ENERGIA LIMPIA DE GUATEMALA, S. A., ENERGIAS DEL OCOSITO, S. A., ENLACE MAC, S. A., ENRENOV, S. A., ESI, S. A., GENEPAL, S. A., GENERADORA DE OCCIDENTE, LTDA., GENERADORA DEL ESTE, S. A., GENERADORA ELÉCTRICA DEL NORTE, LIMITADA, GRUPO GENERADOR DE ORIENTE, S. A., GUATEMALA DE MOLDEADOS, S. A., HIDRO JUMINA, S. A., HIDRO XACBAL, HIDROELECTRICA CANDELARIA, S. A., HIDROELECTRICA CHOLOMA, S. A., HIDROELECTRICA EL COBANO, S. A., HIDROELECTRICA MAXANAL, S.A., HIDROELECTRICA RAAXHA, S. A., HIDROELECTRICA SECACAO, S. A., HIDROPOWER SDMM, S. A., HIDROSACPUR, S. A., INGENIO LA UNION, S. A., INGENIO MAGDALENA, S. A., INGENIO PALO GORDO, S. A., INGENIO TULULA, S. A., INSTITUTO DE RECREACION DE LOS TRABAJADORES (GUSIRTNE0000001), INSTITUTO NACIONAL DE ELECTRIFICACION (EDIFICIO INDE), INVERSIONES ATENAS, S. A., INVERSIONES PASABIEN, S. A., ION ENERGY, S. A., LUZ Y FUERZA ELECTRICA DE GUATEMALA, LTDA., MAYORISTAS DE ELECTRICIDAD, S.A., MERELEC GUATEMALA, S. A., OXEC II, S. A., OXEC, S. A., PANTALEON ENERGY SOLUTIONS, S. A., PANTALEON, S. A., PAPELES ELABORADOS, S. A., PROYECTOS SOSTENIBLES DE GUATEMALA, S. A., RECURSOS GEOTERMICOS, S. A., REGIONAL ENERGETICA, S. A., RENOVABLES DE GUATEMALA, S. A., SAN DIEGO, S.A., SERVICIOS COMERCIALES DE ENERGIA, S. A., SHIFT ENERGY, S. A., SOLARIS GUATEMALA, S. A., TECNOGUAT, S. A., TERMICA, S. A., TRITON, S. A., VIENTO BLANCO, S. A., VISION DE AGUILA, S. A., VITOL ELECTRICIDAD DE GUATEMALA, S. A., WATTSMARKET, S. A., XOLHUITZ PROVIDENCIA, S. A.
A36: DESVÍOS DE POTENCIA PROMEDIOS NEGATIVOS (MW)
A38: PARTICIPANTE | B38: ENE | C38: FEB | D38: MAR | E38: ABR | F38: MAY | G38: JUN | H38: JUL | I38: AGO | J38: SEP | K38: OCT | L38: NOV | M38: DIC | N38: Total
A39: SAN DIEGO, S.A. | B39: 0 | C39: 3.2267446 | D39: 13.159726 | E39: 2.0565333 | F39: 0.5081871 | G39: 2.0038833 | H39: 3.859421 | I39: 1.9912613 | J39: 6.0797833 | K39: 1.5137871 | L39: 3.8007933 | M39: 5.937379 | N39: =SUM(B39:M39) -> 44.137499
A40: INGENIO MAGDALENA, S. A. | B40: 0 | C40: 0.25575 | D40: 0 | E40: 4.5063333 | F40: 2.4288452 | G40: 2.6711533 | H40: 0 | I40: 0 | J40: 35.026787 | K40: 1.3468323 | L40: 0 | M40: 0 | N40: =SUM(B40:M40) -> 46.235701
A41: COMERCIALIZADORA ELECTRONOVA, S. A. | B41: 1.7940141 | C41: 5.6731406 | D41: 10.314922 | E41: 12.834028 | F41: 3.681117 | G41: 1.04426 | H41: 1.8909468 | I41: 1.1459149 | J41: 18.007692 | K41: 3.3356212 | L41: 2.8557587 | M41: 2.0229964 | N41: =SUM(B41:M41) -> 64.600412
A42: EMPRESA DE GENERACIÓN DE ENERGÍA ELÉCTRICA DEL INDE (DEMANDA PUNTOS EEMS) | B42: 3.6624549 | C42: 3.9006014 | D42: 7.3493959 | E42: 7.9364318 | F42: 6.7689864 | G42: 3.704253 | H42: 3.7911854 | I42: 5.2474267 | J42: 8.4526893 | K42: 8.3273307 | L42: 9.2393395 | M42: 10.666598 | N42: =SUM(B42:M42) -> 79.046694
A43: ENERGIAS SAN JOSE, S. A. | B43: 0 | C43: 2.6278857 | D43: 0 | E43: 21.087733 | F43: 8.9244129 | G43: 0 | H43: 4.3532226 | I43: 0 | J43: 1.77232 | K43: 33.020479 | L43: 3.22169 | M43: 7.1294516 | N43: =SUM(B43:M43) -> 82.137195
A44: EMPRESA DE GENERACIÓN DE ENERGÍA ELÉCTRICA DEL INDE | B44: 7.5279645 | C44: 32.656284 | D44: 34.2745 | E44: 25.9562 | F44: 1.3284548 | G44: 0 | H44: 0 | I44: 6.5756065 | J44: 0.95684333 | K44: 0 | L44: 2.349445 | M44: 0 | N44: =SUM(B44:M44) -> 111.6253
A45: JAGUAR ENERGY GUATEMALA LLC | B45: 10.629555 | C45: 0 | D45: 0 | E45: 0 | F45: 0 | G45: 0 | H45: 0 | I45: 4.8857355 | J45: 38.263987 | K45: 95.5566 | L45: 0 | M45: 0 | N45: =SUM(B45:M45) -> 149.33588
A46: EMPRESA ELECTRICA DE GUATEMALA, S. A. | B46: 0 | C46: 10.851955 | D46: 20.995305 | E46: 16.04276 | F46: 80.182546 | G46: 58.6508 | H46: 58.6508 | I46: 58.6508 | J46: 16.5468 | K46: 18.078279 | L46: 22.083407 | M46: 19.307137 | N46: =SUM(B46:M46) -> 380.04059
A47: DISTRIBUIDORA DE ELECTRICIDAD DE OCCIDENTE, S. A. | B47: 13.368254 | C47: 14.974608 | D47: 21.36968 | E47: 20.371768 | F47: 50.489544 | G47: 29.370185 | H47: 42.537011 | I47: 42.777605 | J47: 23.880432 | K47: 33.484625 | L47: 43.088755 | M47: 50.716456 | N47: =SUM(B47:M47) -> 386.42892
A48: DISTRIBUIDORA DE ELECTRICIDAD DE ORIENTE, S. A. | B48: 0 | C48: 0 | D48: 19.942348 | E48: 28.905262 | F48: 100.63934 | G48: 69.2585 | H48: 76.2585 | I48: 76.356286 | J48: 50.0985 | K48: 43.8185 | L48: 44.2185 | M48: 23.3185 | N48: =SUM(B48:M48) -> 532.81424
A49: OTROS* | B49: 23.491152 | C49: 32.018312 | D49: 37.641353 | E49: 62.947661 | F49: 49.673786 | G49: 32.186471 | H49: 23.778177 | I49: 12.091892 | J49: 38.225749 | K49: 49.302541 | L49: 46.702225 | M49: 116.05148 | N49: =SUM(B49:M49) -> 524.1108
A50: TOTAL | B50: =SUM(B39:B49) -> 60.473395 | C50: =SUM(C39:C49) -> 106.18528 | D50: =SUM(D39:D49) -> 165.04723 | E50: =SUM(E39:E49) -> 202.64471 | F50: =SUM(F39:F49) -> 304.62522 | G50: =SUM(G39:G49) -> 198.88951 | H50: =SUM(H39:H49) -> 215.11926 | I50: =SUM(I39:I49) -> 209.72253 | ... M50: =SUM(M39:M49) -> 235.15 | N50: =AVERAGE(B50:M50) -> 200.04277
A51: PRECIO DEL DESVÍO NEGATIVO (US $ / kW mes) | B51: 8.9 | C51: 8.9 | D51: 8.9 | E51: 8.9 | F51: 8.9 | G51: 8.9 | H51: 8.9 | I51: 8.9 | J51: 8.9 | K51: 8.9 | L51: 8.9 | M51: 8.9 | N51: =AVERAGE(B51:M51) -> 8.9
A52: *OTROS:
A53: AGEN, S. A., AGRICOLA LA ENTRADA, S. A., AGRO COMERCIALIZADORA DEL POLOCHIC, S. A., AGROINDUSTRIAL PIEDRA NEGRA, S. A., AGROPECUARIA ALTORR, S. A., ALTERNATIVA DE ENERGIA RENOVABLE, S. A., ANACAPRI, S. A., BIOMASS ENERGY, S. A., BORAX, S. A., CENTRAL AGRO INDUSTRIAL GUATEMALTECA, S. A., CENTRAL COMERCIALIZADORA DE ENERGIA ELECTRICA, S. A., CEPAM GT, S. A., CINCO M, S. A., CITY PETEN, S. DE R. L., COMERCIALIZADORA CENTROAMERICANA DE ENERGIA LA CEIBA, S. A., COMERCIALIZADORA COMERTITLAN, S. A., COMERCIALIZADORA DE ENERGIA PARA EL DESARROLLO, S. A., COMERCIALIZADORA DE ENERGÍA SAN DIEGO, S. A., COMERCIALIZADORA ELECTRICA DE GUATEMALA, S. A., COMERCIALIZADORA ELECTRICA DEL PACIFICO, S. A., COMERCIALIZADORA ELECTRICA LA UNION, S. A., COMERCIALIZADORA GUATEMALTECA MAYORISTA DE ELECTRICIDAD S.A., COMERCIALIZADORA ORAZUL ENERGY DE CENTRO AMERICA, LTDA., COMPAÑIA AGRICOLA INDUSTRIAL SANTA ANA, S. A., COMPAÑIA ELECTRICA LA LIBERTAD, S. A., COMPRA DE MATERIAS PRIMAS, S. A., CONSORCIO ENERGÉTICO MAAYAT'AAN, S. A., CORALITO, S. A., CORPORACIÓN DE ELECTRICIDAD CENTROAMERICANA, S. A., COVA ENERGY, S. A., DESARROLLO Y SOLIDEZ INMOBILIARIA, S. A., DESARROLLOS LAS UVITAS, S. A., ECOENER SOL DE ESCUINTLA, S. A., ECOENER SOL DEL PUERTO, S. A., ECONOENERGÍA, S. A., EDECSA-GT, S. A., EL PILAR, S. A., ELECTRIC POWER MARKETS, S. A., ELECTRO GENERACION, S. A., ELECTRON SERVICES, S. A., EMPRESA DE COMERCIALIZACIÓN DE ENERGÍA ELÉCTRICA DEL INDE, EMPRESA DE COMERCIALIZACION DE ENERGIA ELECTRICA DEL INDE (DEMANDA PUNTOS EEMs), EMPRESA MUNICIPAL RURAL DE ELECTRICIDAD DE PLAYA GRANDE, ENEL GUATEMALA, S. A., ENERGIA DEL CARIBE, S. A., ENERGIA LIMPIA DE GUATEMALA, S. A., ENERGIAS DEL OCOSITO, S. A., ENLACE MAC, S. A., ENRENOV, S. A., EOLICO SAN ANTONIO EL SITIO, S.A., ESI, S. A., GENEPAL, S. A., GENERADORA DE OCCIDENTE, LTDA., GENERADORA DEL ESTE, S. A., GENERADORA ELÉCTRICA DEL NORTE, LIMITADA, GRUPO GENERADOR DE ORIENTE, S. A., GUATEMALA DE MOLDEADOS, S. A., HIDRO JUMINA, S. A., HIDRO XACBAL, HIDROELECTRICA CANDELARIA, S. A., HIDROELECTRICA CHOLOMA, S. A., HIDROELECTRICA EL COBANO, S. A., HIDROELECTRICA MAXANAL, S.A., HIDROELECTRICA RAAXHA, S. A., HIDROELECTRICA SECACAO, S. A., HIDROPOWER SDMM, S. A., HIDROSACPUR, S. A., INGENIO LA UNION, S. A., INGENIO PALO GORDO, S. A., INGENIO TULULA, S. A., INSTITUTO DE RECREACION DE LOS TRABAJADORES (GUSIRTNE0000001), INSTITUTO NACIONAL DE ELECTRIFICACION (EDIFICIO INDE), INVERSIONES ATENAS, S. A., INVERSIONES PASABIEN, S. A., ION ENERGY, S. A., LUZ Y FUERZA ELECTRICA DE GUATEMALA, LTDA., MAYORISTAS DE ELECTRICIDAD, S.A., MERELEC GUATEMALA, S. A., ORAZUL ENERGY GUATEMALA Y CIA. S. C. A., OXEC II, S. A., OXEC, S. A., PANTALEON ENERGY SOLUTIONS, S. A., PANTALEON, S. A., PAPELES ELABORADOS, S. A., PROYECTOS SOSTENIBLES DE GUATEMALA, S. A., RECURSOS GEOTERMICOS, S. A., REGIONAL ENERGETICA, S. A., RENACE, S. A., RENOVABLES DE GUATEMALA, S. A., SERVICIOS COMERCIALES DE ENERGIA, S. A., SHIFT ENERGY, S. A., SOLARIS GUATEMALA, S. A., TECNOGUAT, S. A., TERMICA, S. A., TRANSMISIÓN DE ELECTRICIDAD, S. A., TRITON, S. A., VIENTO BLANCO, S. A., VISION DE AGUILA, S. A., VITOL ELECTRICIDAD DE GUATEMALA, S. A., WATTSMARKET, S. A., XOLHUITZ PROVIDENCIA, S. A.
A70: =A11 -> ENERGIAS SAN JOSE, S. A. | B70: =N11 -> 122.79994 | F70: =A39 -> SAN DIEGO, S.A. | G70: =N39 -> 44.137499
A71: =A12 -> CENTRAL COMERCIALIZADORA DE ENERGIA ELECTRICA, S.A. | B71: =N12 -> 134.33493 | F71: =A40 -> INGENIO MAGDALENA, S. A. | G71: =N40 -> 46.235701
A72: =A13 -> EOLICO SAN ANTONIO EL SITIO, S.A. | B72: =N13 -> 145.47209 | F72: =A41 -> COMERCIALIZADORA ELECTRONOVA, S. A. | G72: =N41 -> 64.600412
A73: =A14 -> TRANSMISIÓN DE ELECTRICIDAD, S. A. | B73: =N14 -> 167.16199 | F73: =A42 -> EMPRESA DE GENERACIÓN DE ENERGÍA ELÉCTRICA DEL INDE (DEMANDA PUNTOS EEMS) | G73: =N42 -> 79.046694
A74: =A15 -> EDECSA-GT, S. A. | B74: =N15 -> 186.83016 | F74: =A43 -> ENERGIAS SAN JOSE, S. A. | G74: =N43 -> 82.137195
A75: =A16 -> COMERCIALIZADORA ELECTRICA DE GUATEMALA, S.A. | B75: =N16 -> 189.45319 | F75: =A44 -> EMPRESA DE GENERACIÓN DE ENERGÍA ELÉCTRICA DEL INDE | G75: =N44 -> 111.6253
A76: =A17 -> ORAZUL ENERGY GUATEMALA Y CIA. S. C. A. | B76: =N17 -> 240.71217 | F76: =A45 -> JAGUAR ENERGY GUATEMALA LLC | G76: =N45 -> 149.33588
A77: =A18 -> JAGUAR ENERGY GUATEMALA LLC. | B77: =N18 -> 387.57876 | F77: =A46 -> EMPRESA ELECTRICA DE GUATEMALA, S. A. | G77: =N46 -> 380.04059
A78: =A19 -> RENACE, S. A. | B78: =N19 -> 394.50527 | F78: =A47 -> DISTRIBUIDORA DE ELECTRICIDAD DE OCCIDENTE, S. A. | G78: =N47 -> 386.42892
A79: =A20 -> EMPRESA DE GENERACIÓN DE ENERGÍA ELÉCTRICA DEL INDE | B79: =N20 -> 508.07375 | F79: =A48 -> DISTRIBUIDORA DE ELECTRICIDAD DE ORIENTE, S. A. | G79: =N48 -> 532.81424
A80: OTROS* | B80: =N21 -> 2794.7303 | F80: OTROS* | G80: =N49 -> 524.1108

Sheet Pag23
A2: RESULTADOS DE PEAJE
C5: PEAJE MENSUAL PARA EL SISTEMA PRINCIPAL US$ | D5: PEAJE MENSUAL PARA EL SISTEMA SECUNDARIO US$ | F5: SISTEMA SECUNDARIO TRANSMISIÓN | K5: PRECIO UNITARIO US$/KWh | L5: POTENCIA TRANSMITIDA KWh | M5: CAT US$
B6: ENERO | C6: {=TRANSPOSE('Pag7'!B25:M25)} -> 11401413 | D6: {=TRANSPOSE('Pag7'!B26:M26)} -> 6588020.2 | F6: 1 | G6: Transmisión Duke Energy - Arizona Vapor | K6: =M6/L6 -> 12.763223 | L6: 8785.8391 | M6: 112135.63
B7: FEBRERO | C7: 11401413 | D7: 6588027.7 | F7: =F6+1 -> 2 | G7: Transmisión Duke Energy - Borax | K7: =M7/L7 -> 17.205933 | L7: 16232 | M7: 279286.71
B8: MARZO | C8: 11406016 | D8: 6586817 | F8: =F7+1 -> 3 | G8: Transmisión Duke Energy - Comercializadora Orazul | K8: =M8/L8 -> 17.311933 | L8: 16138 | M8: 279379.97
B9: ABRIL | C9: 11539662 | D9: 6588071.3 | F9: =F8+1 -> 4 | G9: Transmisión Duke Energy - COMSECOE | K9: =M9/L9 -> 17.311933 | L9: 15998 | M9: 276956.3
B10: MAYO | C10: 11544036 | D10: 6595237.2 | F10: =F9+1 -> 5 | G10: Transmisión Duke Energy - Edecsa-GT | K10: =M10/L10 -> 17.311933 | L10: 13495 | M10: 233624.54
B11: JUNIO | C11: 11544652 | D11: 6643421.9 | F11: =F10+1 -> 6 | G11: Transmisión Duke Energy - Electronova | K11: =M11/L11 -> 17.223328 | L11: 16232 | M11: 279569.05
B12: JULIO | C12: 11544652 | D12: 6668044.6 | F12: =F11+1 -> 7 | G12: Transmisión Duke Energy - Orazul | K12: =M12/L12 -> 17.309232 | L12: 80352 | M12: 1390831.4
B13: AGOSTO | C13: 11544652 | D13: 6669211.3 | F13: =F12+1 -> 8 | G13: Transmisión Escuintla 2 - Tampa - Central Comercializadora de Energía Eléctrica, S. A. | K13: =M13/L13 -> 1.030511 | L13: 34769 | M13: 35829.837
B14: SEPTIEMBRE | C14: 11544652 | D14: 6666067.1 | F14: =F13+1 -> 9 | G14: Transmisión Escuintla 2 - Tampa - Luz y Fuerza Eléctrica | K14: =M14/L14 -> 1.0249056 | L14: 35748 | M14: 36638.325
B15: OCTUBRE | C15: 11544652 | D15: 6669162.3 | F15: =F14+1 -> 10 | G15: Transmisión ETCEE - El Porvenir - El Porvenir | K15: =M15/L15 -> 143.84963 | L15: 2000 | M15: 287699.26
B16: NOVIEMBRE | C16: 11544652 | D16: 6744534.4 | F16: =F15+1 -> 11 | G16: Transmisión Laguna - Textiles del Lago - COMCOELP | K16: =M16/L16 -> 2.9768331 | L16: 4262 | M16: 12687.263
B17: DICIEMBRE | C17: 11636316 | D17: 6831977.3 | F17: =F16+1 -> 12 | G17: Transmisión Laguna - Textiles del Lago - Electro Generación | K17: =M17/L17 -> 2.9768331 | L17: 14400 | M17: 42866.397
C18: =SUM(C6:C17) -> 1.3819677e+08 | D18: =SUM(D6:D17) -> 79838592 | F18: =F17+1 -> 13 | G18: Transmisión Laguna - Textiles del Lago - Generadora del Este | K18: =M18/L18 -> 2.9768331 | L18: 18571 | M18: 55282.768
F19: =F18+1 -> 14 | G19: Transmisión Laguna - Textiles del Lago - Maayat'aan, S. A. | K19: =M19/L19 -> 2.9768331 | L19: 4258 | M19: 12675.355
F20: =F19+1 -> 15 | G20: Transmisión Laguna - Textiles del Lago - Solaris | K20: =M20/L20 -> 2.9768331 | L20: 6450 | M20: 19200.574
F21: =F20+1 -> 16 | G21: Transmisión Laguna - Textiles del Lago - Vitol | K21: =M21/L21 -> 2.9768331 | L21: 6915 | M21: 20584.801
F22: =F21+1 -> 17 | G22: Transmisión Los Brillantes - IRTRA - El Recreo | K22: =M22/L22 -> 1.7393417 | L22: 25309 | M22: 44020.998
F23: =F22+1 -> 18 | G23: Transmisión Los Brillantes - IRTRA - El Recreo II | K23: =M23/L23 -> 1.7393417 | L23: 21985 | M23: 38239.427
F24: =F23+1 -> 19 | G24: Transmisión Los Brillantes - México - EDC | K24: 0 | L24: 0 | M24: 0
F25: =F24+1 -> 20 | G25: Transmisión Los Brillantes - San Isidro - Ingenio San Isidro | K25: =M25/L25 -> 2.6999365 | L25: 59933.263 | M25: 161816
F26: =F25+1 -> 21 | G26: Transmisión Mayan Golf - La Libertad - La Libertad | K26: =M26/L26 -> 7.8814196 | L26: 17897 | M26: 141053.77
F27: =F26+1 -> 22 | G27: Transmisión Ortitlán - Ortitlán | K27: =M27/L27 -> 12.217539 | L27: 20245 | M27: 247344.08
F28: =F27+1 -> 23 | G28: Transmisión Palín 2 - Palín 2 | K28: =M28/L28 -> 12.445214 | L28: 4249 | M28: 52879.713
F29: =F28+1 -> 24 | G29: Transmisión Río Bobos - Río Bobos | K29: =M29/L29 -> 33.226522 | L29: 10000 | M29: 332265.22
F30: =F29+1 -> 25 | G30: Transmisión Telemán - Secacao - Candelaria | K30: =M30/L30 -> 4.4818951 | L30: 4405.2 | M30: 19743.644
F31: =F30+1 -> 26 | G31: Transmisión Telemán - Secacao - Choloma | K31: =M31/L31 -> 4.4917556 | L31: 9597 | M31: 43107.379
F32: =F31+1 -> 27 | G32: Transmisión Telemán - Secacao - Secacao | K32: =M32/L32 -> 4.4646029 | L32: 16126.9 | M32: 72000.205
F33: =F32+1 -> 28 | G33: Transmisión TRANSELEC - JAGUAR ENERGY - Jaguar Energy | K33: =M33/L33 -> 3.9716659 | L33: 281190 | M33: 1116792.7
F34: =F33+1 -> 29 | G34: Transmisión TRANSESUSA - Magdalena - Magdalena 1 | K34: =M34/L34 -> 11.983114 | L34: 12261 | M34: 146924.97
F35: =F34+1 -> 30 | G35: Transmisión TRANSESUSA - Magdalena - Magdalena 3 | K35: =M35/L35 -> 10.954118 | L35: 15366 | M35: 168320.98
F36: =F35+1 -> 31 | G36: Transmisión TRANSESUSA - Magdalena - Magdalena 4 | K36: =M36/L36 -> 11.983114 | L36: 15620 | M36: 187176.25
... F47: =F46+1 -> 42 | G47: Transmisión TREO - Xacbal - Hidro Xacbal | K47: =M47/L47 -> 2.200491 | L47: 94000 | M47: 206846.15
C60: PEAJE PARA EL SISTEMA PRINCIPAL US$ | D60: PEAJE PARA EL SISTEMA SECUNDARIO US$
B61: ENE | C61: =C6 -> 11401413 | D61: =D6 -> 6588020.2
B62: FEB | C62: =C7 -> 11401413 | D62: =D7 -> 6588027.7
B63: MAR | C63: =C8 -> 11406016 | D63: =D8 -> 6586817
B64: ABR | C64: =C9 -> 11539662 | D64: =D9 -> 6588071.3
B65: MAY | C65: =C10 -> 11544036 | D65: =D10 -> 6595237.2
B66: JUN | C66: =C11 -> 11544652 | D66: =D11 -> 6643421.9
B67: JUL | C67: =C12 -> 11544652 | D67: =D12 -> 6668044.6
B68: AGO | C68: =C13 -> 11544652 | D68: =D13 -> 6669211.3
B69: SEP | C69: =C14 -> 11544652 | D69: =D14 -> 6666067.1
B70: OCT | C70: =C15 -> 11544652 | D70: =D15 -> 6669162.3
B71: NOV | C71: =C16 -> 11544652 | D71: =D16 -> 6744534.4
B72: DIC | C72: =C17 -> 11636316 | D72: =D17 -> 6831977.3

Sheet Pag24
A1: PRECIOS DE MERCADO
A3: PRECIO SPOT PROMEDIO MENSUAL Y POR BANDA HORARIA (US$ / MWh)
B5: BANDAS | C5: ENE | D5: FEB | E5: MAR | F5: ABR | G5: MAY | H5: JUN | I5: JUL | J5: AGO | K5: SEP | L5: OCT | M5: NOV | N5: DIC
B6: BANDA DE VALLE | C6: 43.988938 | D6: 61.7483 | E6: 74.267013 | F6: 86.884068 | G6: 102.46968 | H6: 64.175157 | I6: 72.103493 | J6: 81.424977 | K6: 66.48968 | L6: 58.092118 | M6: 64.761048 | N6: 65.26457
B7: BANDA INTERMEDIA | C7: 65.088168 | D7: 77.363749 | E7: 93.351231 | F7: 111.5149 | G7: 130.86853 | H7: 83.029824 | I7: 87.31897 | J7: 84.576839 | K7: 86.405991 | L7: 71.824987 | M7: 69.598416 | N7: 75.480616
B8: BANDA DE PUNTA | C8: 80.856406 | D8: 88.293162 | E8: 120.47932 | F8: 132.64432 | G8: 146.85939 | H8: 100.15656 | I8: 100.5424 | J8: 106.87578 | K8: 115.30675 | L8: 110.70534 | M8: 95.477152 | N8: 94.275133
B9: PROMEDIO MENSUAL | C9: 60.683131 | D9: 73.980168 | E9: 91.511173 | F9: 106.82619 | G9: 124.06739 | H9: 79.599391 | I9: 84.451048 | J9: 87.242708 | K9: 84.584015 | L9: 73.727422 | M9: 72.299083 | N9: 75.207687
B11: BANDA DE VALLE DE 0:00 A 5:59 y DE 22:00 A 23:59 HORAS | G11: BANDA INTERMEDIA DE 6:00 A 17:59 HORAS | K11: BANDA DE PUNTA DE 18:00 A 21:59 HORAS
A37: PRECIO PROMEDIO MENSUAL Y POR BANDA HORARIA EN EL MERCADO ELÉCTRICO REGIONAL (US$ / MWh)*
A39: NODO | B39: BANDAS | C39: ENE | E39: FEB | G39: MAR | I39: ABR | K39: MAY | M39: JUN
C40: EXANTE | D40: EXPOST | E40: EXANTE | F40: EXPOST | G40: EXANTE | H40: EXPOST | I40: EXANTE | J40: EXPOST | K40: EXANTE | L40: EXPOST | M40: EXANTE | N40: EXPOST
A41: LA VEGA 2 | B41: BANDA DE VALLE | C41: 55.196089 | E41: 74.504286 | G41: 107.18472 | I41: 106.85234 | K41: 102.2 | M41: 76.913667 | N41: 335.25976
B42: BANDA INTERMEDIA | C42: 52.904032 | D42: 611.62609 | E42: 77.024762 | F42: 317.46125 | G42: 125.62296 | I42: 141.66642 | K42: 132.75516 | M42: 90.796556
B43: BANDA DE PUNTA | C43: 62.792742 | E43: 104.21393 | G43: 168.80194 | I43: 177.71742 | K43: 154.22782 | M43: 125.60758
A44: MOYUTA | B44: BANDA DE VALLE | C44: 55.927944 | E44: 75.680313 | G44: 108.5431 | I44: 108.29492 | K44: 103.20383 | M44: 77.736583 | N44: 331.69059
B45: BANDA INTERMEDIA | C45: 53.387984 | D45: 612.94962 | E45: 77.930685 | F45: 316.78911 | G45: 126.84167 | I45: 142.93497 | K45: 135.13288 | M45: 91.54475
B46: BANDA DE PUNTA | C46: 63.385887 | E46: 105.3483 | G46: 169.97911 | I46: 179.0004 | K46: 155.30347 | M46: 126.63117
A47: PANALUYA | B47: BANDA DE VALLE | C47: 55.960121 | E47: 76.534509 | G47: 110.1719 | I47: 109.86528 | K47: 105.54839 | M47: 79.196917 | N47: 350.82
B48: BANDA INTERMEDIA | C48: 54.074059 | D48: 631.18393 | E48: 79.532321 | F48: 333.59139 | G48: 129.50363 | I48: 145.94237 | K48: 137.73718 | M48: 93.860778
B49: BANDA DE PUNTA | C49: 64.396935 | E49: 107.80054 | G49: 173.01452 | I49: 182.35177 | K49: 159.06855 | M49: 129.63833
A51: NODO | B51: BANDAS | C51: JUL | E51: AGO | G51: SEP | I51: OCT | K51: NOV | M51: DIC
C52: EXANTE | D52: EXPOST | E52: EXANTE | F52: EXPOST | G52: EXANTE | H52: EXPOST | I52: EXANTE | J52: EXPOST | K52: EXANTE | L52: EXPOST | M52: EXANTE | N52: EXPOST
A53: LA VEGA 2 | B53: BANDA DE VALLE | C53: 78.481048 | D53: 528.33332 | E53: 89.170323 | G53: 91.938833 | I53: 72.95629 | K53: 67.913417 | M53: 79.934677
B54: BANDA INTERMEDIA | C54: 91.613253 | E54: 103.37441 | G54: 108.67483 | I54: 86.076613 | K54: 83.851694 | M54: 96.763065
B55: BANDA DE PUNTA | C55: 122.6029 | E55: 137.6975 | G55: 137.94417 | I55: 130.28629 | K55: 122.41958 | M55: 126.51468
A56: MOYUTA | B56: BANDA DE VALLE | C56: 79.272016 | D56: 521.72246 | E56: 90.16004 | G56: 92.796417 | I56: 73.813024 | K56: 68.708958 | M56: 80.86254
B57: BANDA INTERMEDIA | C57: 92.257769 | E57: 104.50581 | G57: 109.31367 | I57: 86.753925 | K57: 84.713667 | M57: 97.614113
B58: BANDA DE PUNTA | C58: 123.36702 | E58: 138.71685 | G58: 138.74592 | I58: 130.88734 | K58: 123.16417 | M58: 127.30185
A59: PANALUYA | B59: BANDA DE VALLE | C59: 80.759315 | D59: 537.64408 | E59: 91.896452 | G59: 93.830792 | I59: 73.709355 | K59: 69.4395 | M59: 81.938266
B60: BANDA INTERMEDIA | C60: 94.475565 | E60: 106.52134 | G60: 112.37486 | I60: 88.529028 | K60: 85.956111 | M60: 99.498333
B61: BANDA DE PUNTA | C61: 126.28177 | E61: 141.63613 | G61: 141.50917 | I61: 133.26685 | K61: 126.11417 | M61: 130.26355
A62: NOTA:
A63: BANDA DE VALLE DE 0:00 A 5:59 y DE 22:00 A 23:59 HORAS | D63: BANDA INTERMEDIA DE 6:00 A 17:59 HORAS | H63: BANDA DE PUNTA DE 18:00 A 21:59 HORAS
A64: SD = SIN DATOS
A65: * Información de precios del MER, proveniente de informes publicados por el EOR.

Sheet Pag25
A1: TENDENCIAS E INDICADORES
C8: ENE. | D8: FEB. | E8: MAR. | F8: ABR. | G8: MAY. | H8: JUN. | I8: JUL. | J8: AGO. | K8: SEP. | L8: OCT. | M8: NOV. | N8: DIC.
B9: Exportaciones | C9: 71.779154 | D9: 79.790431 | E9: 119.59065 | F9: 99.662905 | G9: 65.389066 | H9: 73.755952 | I9: 87.152008 | J9: 96.565737 | K9: 97.335082 | L9: 109.65295 | M9: 103.01305 | N9: 101.86455
B10: Importaciones | C10: 63.08759 | D10: 39.736121 | E10: 28.70712 | F10: 21.919294 | G10: 92.870307 | H10: 78.252166 | I10: 88.429294 | J10: 81.207594 | K10: 47.563696 | L10: 65.624178 | M10: 69.389144 | N10: 53.877047
B32: INYECCIONES DE ENERGÍA AL MER 2018 | G32: RETIROS DE ENERGÍA AL MER 2018
C33: Total
B35: Contratos (EXP) | C35: 1040772.2 | D35: =C35/$C$41 -> 0.93273844 | G35: Contratos (IMP) | H35: 632343.36 | I35: =H35/$H$45 -> 0.82189863
B36: Oportunidad (EXP) | C36: 64779.326 | D36: =C36/$C$41 -> 0.058055131 | G36: Oportunidad (IMP) | H36: 98364.058 | I36: =H36/$H$45 -> 0.12785029
B37: Desviaciones Normales (Exp) | C37: 8728.9178 | D37: =C37/$C$41 -> 0.0078228426 | G37: Desviaciones Normales (IMP) | H37: 33444.416 | I37: =H37/$H$45 -> 0.043469927
B38: Desviaciones Graves Bonificables (Exp) | C38: 1382.3231 | D38: =C38/$C$41 -> 0.0012388359 | G38: Desviaciones Graves Bonificables (IMP) | H38: 413.4018 | I38: =H38/$H$45 -> 0.00053732576
B39: Desviaciones Graves Compensables (Exp) | C39: 161.5195 | D39: =C39/$C$41 -> 0.00014475353 | G39: Desviaciones Graves Compensables (IMP) | H39: 4803.8011 | I39: =H39/$H$45 -> 0.0062438191
C41: =SUM(C35:C39) -> 1115824.3 | D41: =SUM(D34:D39) -> 1 | H41: =SUM(H37:H39)/1000 -> 38.661619
C42: =SUM(C37:C39)/1000 -> 10.27276
H45: =SUM(H35:H39) -> 769369.03
H47: =H45/1000 -> 769.36903
C48: =C41/1000 -> 1115.8243
C49: =C48-H47 -> 346.45526
A53: EXP - EXPORTACIÓN
A54: IMP - IMPORTACIÓN
A56: PRECIOS DE LA ENERGÍA EN LOS MERCADOS NACIONAL Y REGIONAL (US$/MWh)
B58: ENE | C58: FEB | D58: MAR | E58: ABR | F58: MAY | G58: JUN | H58: JUL | I58: AGO | J58: SEP | K58: OCT | L58: NOV | M58: DIC
A59: PRECIO PROMEDIO MENSUAL EN EL MERCADO ELÉCTRICO REGIONAL (US$/MWh)-EXPOST-* | B59: =IF('Pag7'!B34=0,"",'Pag7'!B34) -> 618.58655 | C59: =IF('Pag7'!C34=0,"",'Pag7'!C34) -> 322.61392 | G59: =IF('Pag7'!G34=0,"",'Pag7'!G34) -> 339.25678 | H59: =IF('Pag7'!H34=0,"",'Pag7'!H34) -> 529.2333
A60: PRECIO PROMEDIO MENSUAL EN EL MERCADO ELÉCTRICO REGIONAL (US$/MWh)-Exante-* | B60: ='Pag7'!B35 -> 55.880116 | C60: ='Pag7'!C35 -> 81.903571 | D60: ='Pag7'!D35 -> 128.30554 | E60: ='Pag7'!E35 -> 137.36854 | F60: ='Pag7'!F35 -> 128.16139 | G60: ='Pag7'!G35 -> 93.232093 | H60: ='Pag7'!H35 -> 93.573123 | I60: ='Pag7'!I35 -> 105.76536 | ... M60: ='Pag7'!M35 -> 97.287527 | N60: =AVERAGE(B60:M60) -> 100.55616
A61: PROMEDIO MENSUAL MM GUATEMALA (NODO DE REFERENCIA) | B61: ='Pag7'!B33 -> 60.683131 | C61: ='Pag7'!C33 -> 73.980168 | D61: ='Pag7'!D33 -> 91.511173 | E61: ='Pag7'!E33 -> 106.82619 | F61: ='Pag7'!F33 -> 124.06739 | G61: ='Pag7'!G33 -> 79.599391 | H61: ='Pag7'!H33 -> 84.451048 | I61: ='Pag7'!I33 -> 87.242708 | ... M61: ='Pag7'!M33 -> 75.207687 | N61: =AVERAGE(B61:M61) -> 84.51495
A81: Información de precios del MER, proveniente de informes publicados por el EOR. Precios Expost de marzo a diciembre de 2021, no hubieron.

Sheet Pag26
A1: TENDENCIAS E INDICADORES
C4: 1000000
C8: ENE. | D8: FEB. | E8: MAR. | F8: ABR. | G8: MAY. | H8: JUN. | I8: JUL. | J8: AGO. | K8: SEP. | L8: OCT. | M8: NOV. | N8: DIC.
B9: Exportaciones | C9: 0.032 | D9: 0 | E9: 0 | F9: 0.022 | G9: 0.192 | H9: 0.641 | I9: 0.202 | J9: 1.655 | K9: 0.061 | L9: 0.328 | M9: 0 | N9: 0.08
B10: Importaciones | C10: 99.036 | D10: 136.772 | E10: 160.866 | F10: 143.52104 | G10: 135.14851 | H10: 129.70081 | I10: 159.00264 | J10: 150.01681 | K10: 140.44466 | L10: 145.54027 | M10: 140.42174 | N10: 116.40739
B32: INYECCIONES DE ENERGÍA A MEXICO 2018 | G32: RETIROS DE ENERGÍA DE MEXICO 2018
C33: Total
B35: Contratos No Firmes (EXP) | C35: 263 | G35: Contratos Firmes (IMP) | H35: 990979
B36: Oportunidad (EXP) | C36: 2950 | D36: =C36+C35 -> 3213 | G36: Contratos No Firmes y Oportunidad (IMP) | H36: 665495 | J36: 1000
B37: Energía Inadvertida (EXP) | C37: 42037.959 | G37: Energía Inadvertida (IMP) | H37: 20996.505
C38: =SUM(C35:C37) -> 45250.959 | H38: =SUM(H35:H37) -> 1677470.5
C40: =C37/1000 -> 42.037959 | H40: =H37/1000 -> 20.996505
H46: =H44/1000 -> 0
A52: EXP - EXPORTACIÓN
A53: IMP - IMPORTACIÓN
A56: PRECIOS DE LA ENERGÍA EN LOS MERCADOS NACIONAL Y MÉXICANO (US$/MWh)
B58: ENE | C58: FEB | D58: MAR | E58: ABR | F58: MAY | G58: JUN | H58: JUL | I58: AGO | J58: SEP | K58: OCT | L58: NOV | M58: DIC
A59: PRECIO MARGINAL LOCAL PROMEDIO MENSUAL - MERCADO TIEMPO REAL (09LBR-230)* | B59: 49.82385 | C59: 44.956766 | D59: 50.927378 | E59: 53.96159 | F59: 66.287497 | G59: 48.279779 | H59: 42.66199 | I59: 48.068869 | J59: 46.538978 | K59: 39.057695 | L59: 39.543208 | M59: 42.358252 | N59: =AVERAGE(B59:M59) -> 47.705488
A60: PROMEDIO MENSUAL MM GUATEMALA (NODO DE REFERENCIA) | B60: ='Pag7'!B33 -> 60.683131 | C60: ='Pag7'!C33 -> 73.980168 | D60: ='Pag7'!D33 -> 91.511173 | E60: ='Pag7'!E33 -> 106.82619 | F60: ='Pag7'!F33 -> 124.06739 | G60: ='Pag7'!G33 -> 79.599391 | H60: ='Pag7'!H33 -> 84.451048 | I60: ='Pag7'!I33 -> 87.242708 | ... M60: ='Pag7'!M33 -> 75.207687 | N60: =AVERAGE(B60:M60) -> 84.51495
A80: * Información de precios del México, proveniente de informes publicados por CENACE.

Sheet Pag27
A1: TENDENCIAS E INDICADORES
C38: ENE | D38: FEB | E38: MAR | F38: ABR | G38: MAY | H38: JUN | I38: JUL | J38: AGO | K38: SEP | L38: OCT | M38: NOV | N38: DIC
A39: DESVÍOS DE POTENCIA POSITIVOS PROMEDIOS (MW) | C39: =SUM('Pag22'!B11:B21) -> 500.74572 | D39: =SUM('Pag22'!C11:C21) -> 408.39388 | E39: =SUM('Pag22'!D11:D21) -> 371.50774 | F39: =SUM('Pag22'!E11:E21) -> 431.3409 | G39: =SUM('Pag22'!F11:F21) -> 492.77909 | H39: =SUM('Pag22'!G11:G21) -> 514.1652 | I39: =SUM('Pag22'!H11:H21) -> 464.84535 | J39: =SUM('Pag22'!I11:I21) -> 432.36277 | ... N39: =SUM('Pag22'!M11:M21) -> 499.75317
A40: DESVÍOS DE POTENCIA NEGATIVOS PROMEDIOS (MW) | C40: ='Pag22'!B50 -> 60.473395 | D40: ='Pag22'!C50 -> 106.18528 | E40: ='Pag22'!D50 -> 165.04723 | F40: ='Pag22'!E50 -> 202.64471 | G40: ='Pag22'!F50 -> 304.62522 | H40: ='Pag22'!G50 -> 198.88951 | I40: ='Pag22'!H50 -> 215.11926 | J40: ='Pag22'!I50 -> 209.72253 | ... N40: ='Pag22'!M50 -> 235.15
A42: PRECIO DP + (US$/MW-mes) | C42: ='Pag22'!B22*1000 -> 1074.8234 | D42: ='Pag22'!C22*1000 -> 2314.0626 | E42: ='Pag22'!D22*1000 -> 3953.9428 | F42: ='Pag22'!E22*1000 -> 4181.2356 | G42: ='Pag22'!F22*1000 -> 5501.7846 | H42: ='Pag22'!G22*1000 -> 3442.7001 | I42: ='Pag22'!H22*1000 -> 4118.7062 | J42: ='Pag22'!I22*1000 -> 4317.0472 | ... N42: ='Pag22'!M22*1000 -> 4187.7373
A45: TRANSACCIONES ECONÓMICAS TOTALIZADAS POR RUBRO EN US$
B47: ENE | C47: FEB | D47: MAR | E47: ABR | F47: MAY | G47: JUN | H47: JUL | I47: AGO | J47: SEP | K47: OCT | L47: NOV | M47: DIC | N47: TOTAL
A48: Generación Forzada | B48: ='Pag7'!B21 -> 3227703.9 | C48: ='Pag7'!C21 -> 1925827.3 | D48: ='Pag7'!D21 -> 3302754.7 | E48: ='Pag7'!E21 -> 2583695.8 | F48: ='Pag7'!F21 -> 3326477.1 | G48: ='Pag7'!G21 -> 5476167.4 | H48: ='Pag7'!H21 -> 2490078.4 | I48: ='Pag7'!I21 -> 2586787.5 | ... M48: ='Pag7'!M21 -> 2879086.1 | N48: =SUM(B48:M48) -> 37643796
A49: Excedente Precios Nodales | B49: ='Pag7'!B27 -> 1732541.4 | C49: ='Pag7'!C27 -> 1937155.4 | D49: ='Pag7'!D27 -> 2635446.1 | E49: ='Pag7'!E27 -> 3147156.6 | F49: ='Pag7'!F27 -> 4169870.2 | G49: ='Pag7'!G27 -> 2473961 | H49: ='Pag7'!H27 -> 2452664.8 | I49: ='Pag7'!I27 -> 2579872.1 | ... M49: ='Pag7'!M27 -> 1935152.1 | N49: =SUM(B49:M49) -> 30403333
A50: Reserva Rodante Operativa | B50: ='Pag7'!B22 -> 4673486.3 | C50: ='Pag7'!C22 -> 3750426.6 | D50: ='Pag7'!D22 -> 4188761 | E50: ='Pag7'!E22 -> 4462107.2 | F50: ='Pag7'!F22 -> 5548139.2 | G50: ='Pag7'!G22 -> 5961690.3 | H50: ='Pag7'!H22 -> 4669743.1 | I50: ='Pag7'!I22 -> 4202407.3 | ... M50: ='Pag7'!M22 -> 3755077.8 | N50: =SUM(B50:M50) -> 53027646
A51: Reserva Rápida | B51: ='Pag7'!B23 -> 1322583.3 | C51: ='Pag7'!C23 -> 1301302.6 | D51: ='Pag7'!D23 -> 1240944.2 | E51: ='Pag7'!E23 -> 1111015 | F51: ='Pag7'!F23 -> 922363.48 | G51: ='Pag7'!G23 -> 1109945.9 | H51: ='Pag7'!H23 -> 1238818.9 | I51: ='Pag7'!I23 -> 1392373.2 | ... M51: ='Pag7'!M23 -> 902769.23 | N51: =SUM(B51:M51) -> 13585134
A52: Cargo del Saldo Precio de la Potencia y de la Energía Excedente de los Contratos por Licitación | B52: ='Pag7'!B24 -> 63060.096 | C52: ='Pag7'!C24 -> 32751.225 | D52: ='Pag7'!D24 -> 34846.899 | E52: ='Pag7'!E24 -> 62622.249 | F52: ='Pag7'!F24 -> 3274.6402 | G52: ='Pag7'!G24 -> 35557.961 | H52: ='Pag7'!H24 -> 95525.755 | I52: ='Pag7'!I24 -> 93868.674 | ... M52: ='Pag7'!M24 -> 154446.19 | N52: =SUM(B52:M52) -> 1096930.5
A53: Desvíos de Potencia | B53: ='Pag22'!B50*'Pag22'!B51*1000 -> 538213.22 | C53: ='Pag22'!C50*'Pag22'!C51*1000 -> 945049 | D53: ='Pag22'!D50*'Pag22'!D51*1000 -> 1468920.3 | E53: ='Pag22'!E50*'Pag22'!E51*1000 -> 1803537.9 | F53: ='Pag22'!F50*'Pag22'!F51*1000 -> 2711164.4 | G53: ='Pag22'!G50*'Pag22'!G51*1000 -> 1770116.6 | H53: ='Pag22'!H50*'Pag22'!H51*1000 -> 1914561.4 | I53: ='Pag22'!I50*'Pag22'!I51*1000 -> 1866530.5 | ... M53: ='Pag22'!M50*'Pag22'!M51*1000 -> 2092835 | N53: =SUM(B53:M53) -> 21364568
A54: Peaje Principal | B54: ='Pag7'!B25 -> 11401413 | C54: ='Pag7'!C25 -> 11401413 | D54: ='Pag7'!D25 -> 11406016 | E54: ='Pag7'!E25 -> 11539662 | F54: ='Pag7'!F25 -> 11544036 | G54: ='Pag7'!G25 -> 11544652 | H54: ='Pag7'!H25 -> 11544652 | I54: ='Pag7'!I25 -> 11544652 | ... M54: ='Pag7'!M25 -> 11636316 | N54: =SUM(B54:M54) -> 1.3819677e+08
A55: Peaje Secundario | B55: ='Pag7'!B26 -> 6588020.2 | C55: ='Pag7'!C26 -> 6588027.7 | D55: ='Pag7'!D26 -> 6586817 | E55: ='Pag7'!E26 -> 6588071.3 | F55: ='Pag7'!F26 -> 6595237.2 | G55: ='Pag7'!G26 -> 6643421.9 | H55: ='Pag7'!H26 -> 6668044.6 | I55: ='Pag7'!I26 -> 6669211.3 | ... M55: ='Pag7'!M26 -> 6831977.3 | N55: =SUM(B55:M55) -> 79838592
A56: NOTA: NO INCLUYE LOS RUBROS DE POTENCIA Y ENERGÍA
B80: POTENCIA EFECTIVA INSTALADA EN EL SNI
B81: PLANTAS GENERADORAS | E81: MW
B82: HIDROELÉCTRICAS | E82: 1419.8321 | J82: =B82 -> HIDROELÉCTRICAS | K82: =E82 -> 1419.8321 | L82: =K82/$E$92 -> 0.37930307
B83: GENERADOR DISTRIBUIDO RENOVABLE | E83: 221.119 | J83: =B83 -> GENERADOR DISTRIBUIDO RENOVABLE | K83: =E83 -> 221.119 | L83: =K83/$E$92 -> 0.059071151
B84: TURBINAS DE VAPOR | E84: 594.964 | J84: =B84 -> TURBINAS DE VAPOR | K84: =E84 -> 594.964 | L84: =K84/$E$92 -> 0.15894251
B85: TURBINAS DE GAS | E85: 104.573 | J85: =B85 -> TURBINAS DE GAS | K85: =E85 -> 104.573 | L85: =K85/$E$92 -> 0.027936303
B86: TURBINAS DE GAS NATURAL | E86: 2.586 | J86: =B86 -> TURBINAS DE GAS NATURAL | K86: =E86 -> 2.586 | L86: =K86/$E$92 -> 0.00069084066
B87: MOTORES DE COMBUSTIÓN INTERNA | E87: 471.5394 | J87: =B87 -> MOTORES DE COMBUSTIÓN INTERNA | K87: =E87 -> 471.5394 | L87: =K87/$E$92 -> 0.12597007
B88: INGENIOS AZUCAREROS | E88: 579.25 | J88: =B88 -> INGENIOS AZUCAREROS | K88: =E88 -> 579.25 | L88: =K88/$E$92 -> 0.15474457
B89: GEOTÉRMICA | E89: 36.602 | J89: =B89 -> GEOTÉRMICA | K89: =E89 -> 36.602 | L89: =K89/$E$92 -> 0.0097780935
B90: SOLAR FOTOVOLTAÍCA | E90: 203 | J90: =B90 -> SOLAR FOTOVOLTAÍCA | K90: =E90 -> 203 | L90: =K90/$E$92 -> 0.054230724
B91: EÓLICAS | E91: 109.8 | J91: =B91 -> EÓLICAS | K91: =E91 -> 109.8 | L91: =K91/$E$92 -> 0.029332678
B92: TOTAL | E92: =SUM(E82:E91) -> 3743.2655
B93: NOTA: Informacion a Diciembre de 2025

Sheet Hoja_01
A1: GENREACIÓN Y DEMANDA 2025 (MWh)
A4: FECHA | B4: HORA | C4: GENERACIÓN | D4: DEMANDA | E4: CONSUMOS PROPIOS
A5: 45658 | B5: 0 | C5: 1243.0685 | D5: 1186.3281 | E5: 6.3633415
A6: =IF(B6=0,A5+1,A5) -> 45658 | B6: 1 | C6: 1149.6665 | D6: 1087.214 | E6: 6.2653816
A7: =IF(B7=0,A6+1,A6) -> 45658 | B7: 2 | C7: 1059.1643 | D7: 998.18318 | E7: 6.2454364
A8: =IF(B8=0,A7+1,A7) -> 45658 | B8: 3 | C8: 1006.7302 | D8: 942.14593 | E8: 6.2761181
A9: =IF(B9=0,A8+1,A8) -> 45658 | B9: 4 | C9: 970.84268 | D9: 920.5295 | E9: 6.2658633
A10: =IF(B10=0,A9+1,A9) -> 45658 | B10: 5 | C10: 945.80394 | D10: 921.02506 | E10: 6.0977556
A11: =IF(B11=0,A10+1,A10) -> 45658 | B11: 6 | C11: 917.27512 | D11: 895.3737 | E11: 5.7024039
A12: =IF(B12=0,A11+1,A11) -> 45658 | B12: 7 | C12: 905.92336 | D12: 903.67929 | E12: 5.5453279
A13: =IF(B13=0,A12+1,A12) -> 45658 | B13: 8 | C13: 925.85515 | D13: 975.75855 | E13: 5.425331
A14: =IF(B14=0,A13+1,A13) -> 45658 | B14: 9 | C14: 1026.289 | D14: 1057.7768 | E14: 5.3053619
A15: =IF(B15=0,A14+1,A14) -> 45658 | B15: 10 | C15: 1079.1557 | D15: 1134.4029 | E15: 5.2220558
A16: =IF(B16=0,A15+1,A15) -> 45658 | B16: 11 | C16: 1136.8212 | D16: 1185.2251 | E16: 5.3331708
A17: =IF(B17=0,A16+1,A16) -> 45658 | B17: 12 | C17: 1159.888 | D17: 1211.8296 | E17: 5.3871503
... A8764: =IF(B8764=0,A8763+1,A8763) -> 46022 | B8764: 23 | C8764: 1438.2716 | D8764: 1341.0708 | E8764: 6.2551825

Sheet Hoja_02
A1: EXPORTACIONES E IMPORTACIONES 2025
C3: EXPORTACIONES (MWh) | E3: IMPORTACIONES (MWh)
A4: FECHA | B4: HORA | C4: MER | D4: MÉXICO | E4: MER | F4: MÉXICO
A5: =Hoja_01!A5 -> 45658 | B5: 0 | C5: 46.975 | D5: 0 | E5: 25 | F5: 0
A6: =IF(B6=0,A5+1,A5) -> 45658 | B6: 1 | C6: 46.805 | D6: 0 | E6: 25 | F6: 0
A7: =IF(B7=0,A6+1,A6) -> 45658 | B7: 2 | C7: 46.672 | D7: 0 | E7: 25 | F7: 0
A8: =IF(B8=0,A7+1,A7) -> 45658 | B8: 3 | C8: 51.111 | D8: 0 | E8: 25 | F8: 0
A9: =IF(B9=0,A8+1,A8) -> 45658 | B9: 4 | C9: 42.666 | D9: 0 | E9: 25 | F9: 0
A10: =IF(B10=0,A9+1,A9) -> 45658 | B10: 5 | C10: 17.746 | D10: 0 | E10: 25 | F10: 0
A11: =IF(B11=0,A10+1,A10) -> 45658 | B11: 6 | C11: 5.976 | D11: 0 | E11: 25 | F11: 0
A12: =IF(B12=0,A11+1,A11) -> 45658 | B12: 7 | C12: 45 | D12: 0 | E12: 25 | F12: 45
A13: =IF(B13=0,A12+1,A12) -> 45658 | B13: 8 | C13: 45 | D13: 0 | E13: 50 | F13: 75
A14: =IF(B14=0,A13+1,A13) -> 45658 | B14: 9 | C14: 45 | D14: 0 | E14: 32 | F14: 75
A15: =IF(B15=0,A14+1,A14) -> 45658 | B15: 10 | C15: 45 | D15: 0 | E15: 60 | F15: 75
A16: =IF(B16=0,A15+1,A15) -> 45658 | B16: 11 | C16: 45 | D16: 0 | E16: 54 | F16: 75
A17: =IF(B17=0,A16+1,A16) -> 45658 | B17: 12 | C17: 45 | D17: 0 | E17: 60 | F17: 75
... A8764: =IF(B8764=0,A8763+1,A8763) -> 46022 | B8764: 23 | C8764: 175.61 | D8764: 0 | E8764: 10 | F8764: 120

Sheet Hoja_03
A1: DETALLE REMUNERACIÓN SERVICIOS COMPLEMENTARIOS 2025
A3: RESERVA RODANTE OPERATIVA | E3: RESERVA RAPIDA
A4: FECHA | B4: HORA | C4: US$ | E4: FECHA | F4: US$
A5: =Hoja_01!A5 -> 45658 | B5: 0 | C5: 7143.8787 | E5: =A5 -> 45658 | F5: 43075.29
A6: =IF(B6=0,A5+1,A5) -> 45658 | B6: 1 | C6: 6381.0275 | E6: =E5+1 -> 45659 | F6: 43075.29
A7: =IF(B7=0,A6+1,A6) -> 45658 | B7: 2 | C7: 5812.965 | E7: =E6+1 -> 45660 | F7: 43075.29
A8: =IF(B8=0,A7+1,A7) -> 45658 | B8: 3 | C8: 5453.8628 | E8: =E7+1 -> 45661 | F8: 43075.29
A9: =IF(B9=0,A8+1,A8) -> 45658 | B9: 4 | C9: 5179.7002 | E9: =E8+1 -> 45662 | F9: 28655.97
A10: =IF(B10=0,A9+1,A9) -> 45658 | B10: 5 | C10: 4908.3687 | E10: =E9+1 -> 45663 | F10: 42042.89
A11: =IF(B11=0,A10+1,A10) -> 45658 | B11: 6 | C11: 4833.9688 | E11: =E10+1 -> 45664 | F11: 28655.97
A12: =IF(B12=0,A11+1,A11) -> 45658 | B12: 7 | C12: 4909.1687 | E12: =E11+1 -> 45665 | F12: 45917.26
A13: =IF(B13=0,A12+1,A12) -> 45658 | B13: 8 | C13: 4655.6637 | E13: =E12+1 -> 45666 | F13: 45917.26
A14: =IF(B14=0,A13+1,A13) -> 45658 | B14: 9 | C14: 4366.1438 | E14: =E13+1 -> 45667 | F14: 45917.26
A15: =IF(B15=0,A14+1,A14) -> 45658 | B15: 10 | C15: 4436.5787 | E15: =E14+1 -> 45668 | F15: 45917.26
A16: =IF(B16=0,A15+1,A15) -> 45658 | B16: 11 | C16: 5019.4025 | E16: =E15+1 -> 45669 | F16: 45392.56
A17: =IF(B17=0,A16+1,A16) -> 45658 | B17: 12 | C17: 4989.2975 | E17: =E16+1 -> 45670 | F17: 46592.97
... A369: =IF(B369=0,A368+1,A368) -> 45673 | B369: 4 | C369: 5208.5292 | E369: =E368+1 -> 46022 | F369: 35113.12
A370: =IF(B370=0,A369+1,A369) -> 45673 | B370: 5 | C370: 5407.715
A371: =IF(B371=0,A370+1,A370) -> 45673 | B371: 6 | C371: 5694.0675
A372: =IF(B372=0,A371+1,A371) -> 45673 | B372: 7 | C372: 5702.291
A373: =IF(B373=0,A372+1,A372) -> 45673 | B373: 8 | C373: 5202.912
A374: =IF(B374=0,A373+1,A373) -> 45673 | B374: 9 | C374: 5984.6035
A375: =IF(B375=0,A374+1,A374) -> 45673 | B375: 10 | C375: 6058.7765
A376: =IF(B376=0,A375+1,A375) -> 45673 | B376: 11 | C376: 5715.9665
A377: =IF(B377=0,A376+1,A376) -> 45673 | B377: 12 | C377: 5765.7325
A378: =IF(B378=0,A377+1,A377) -> 45673 | B378: 13 | C378: 5913.8715
A379: =IF(B379=0,A378+1,A378) -> 45673 | B379: 14 | C379: 6459.8615
A380: =IF(B380=0,A379+1,A379) -> 45673 | B380: 15 | C380: 6886.87
A381: =IF(B381=0,A380+1,A380) -> 45673 | B381: 16 | C381: 5390.044
... A8764: =IF(B8764=0,A8763+1,A8763) -> 46022 | B8764: 23 | C8764: 5382.631

Sheet Hoja_04
A1: DETALLE REMUNERACIÓN POR GENERACIÓN FORZADA (US$) 2025
A3: FECHA | B3: HORA | C3: AYP | D3: CSP | E3: CSS | F3: IOI | G3: REAM | H3: RRA | I3: RRO | J3: RSAE | K3: SDE
A4: =Hoja_01!A5 -> 45658 | B4: 0 | C4: 3477.9355 | D4: 0 | E4: 0 | F4: 0 | G4: 0 | H4: 0 | I4: 0 | J4: 0 | K4: 0
A5: =IF(B5=0,A4+1,A4) -> 45658 | B5: 1 | C5: 3485.0007 | D5: 0 | E5: 0 | F5: 0 | G5: 0 | H5: 0 | I5: 0 | J5: 0 | K5: 0
A6: =IF(B6=0,A5+1,A5) -> 45658 | B6: 2 | C6: 3481.1974 | D6: 0 | E6: 0 | F6: 0 | G6: 0 | H6: 0 | I6: 0 | J6: 0 | K6: 0
A7: =IF(B7=0,A6+1,A6) -> 45658 | B7: 3 | C7: 3482.4349 | D7: 0 | E7: 0 | F7: 0 | G7: 0 | H7: 0 | I7: 0 | J7: 0 | K7: 0
A8: =IF(B8=0,A7+1,A7) -> 45658 | B8: 4 | C8: 6410.2568 | D8: 0 | E8: 0 | F8: 0 | G8: 113.0504 | H8: 0 | I8: 1341.4998 | J8: 0 | K8: 0
A9: =IF(B9=0,A8+1,A8) -> 45658 | B9: 5 | C9: 6365.6816 | D9: 0 | E9: 0 | F9: 0 | G9: 111.55014 | H9: 0 | I9: 777.60535 | J9: 0 | K9: 0
A10: =IF(B10=0,A9+1,A9) -> 45658 | B10: 6 | C10: 6428.6788 | D10: 0 | E10: 0 | F10: 0 | G10: 91.250778 | H10: 0 | I10: 638.89647 | J10: 0 | K10: 0
A11: =IF(B11=0,A10+1,A10) -> 45658 | B11: 7 | C11: 6413.4565 | D11: 0 | E11: 0 | F11: 968.08302 | G11: 71.53886 | H11: 0 | I11: 799.1906 | J11: 0 | K11: 0
A12: =IF(B12=0,A11+1,A11) -> 45658 | B12: 8 | C12: 6411.5883 | D12: 0 | E12: 0 | F12: 1613.4717 | G12: 77.810704 | H12: 0 | I12: 738.98202 | J12: 0 | K12: 0
A13: =IF(B13=0,A12+1,A12) -> 45658 | B13: 9 | C13: 6396.5251 | D13: 0 | E13: 0 | F13: 1613.4717 | G13: 97.481768 | H13: 0 | I13: 1077.7947 | J13: 0 | K13: 0
A14: =IF(B14=0,A13+1,A13) -> 45658 | B14: 10 | C14: 6408.86 | D14: 0 | E14: 0 | F14: 1613.4717 | G14: 116.5633 | H14: 0 | I14: 1169.7529 | J14: 0 | K14: 0
A15: =IF(B15=0,A14+1,A14) -> 45658 | B15: 11 | C15: 6428.7537 | D15: 0 | E15: 0 | F15: 1613.4717 | G15: 137.60405 | H15: 0 | I15: 1276.8375 | J15: 0 | K15: 0
A16: =IF(B16=0,A15+1,A15) -> 45658 | B16: 12 | C16: 2997.5975 | D16: 0 | E16: 0 | F16: 133.41577 | G16: 0 | H16: 0 | I16: 0 | J16: 0 | K16: 0
... A8763: =IF(B8763=0,A8762+1,A8762) -> 46022 | B8763: 23 | C8763: 0 | D8763: 0 | E8763: 0 | F8763: 0 | G8763: 0 | H8763: 0 | I8763: 0 | J8763: 0 | K8763: 0

Sheet Hoja_05
A1: PARTICIPACIÓN EN LA PRODUCCIÓN DE ENERGÍA POR GENERADOR (GWh) 2025
A3: Generador | B3: ENE | C3: FEB | D3: MAR | E3: ABR | F3: MAY | G3: JUN | H3: JUL | I3: AGO | J3: SEP | K3: OCT | L3: NOV | M3: DIC | O3: 1000000
A4: AGRP-IM3 | B4: 0.120384 | C4: 0.011172 | D4: 0.048792 | E4: 0.170487 | F4: 0.039615 | G4: 0.006897 | H4: 0.037962 | I4: 0.0342 | J4: 0.00399 | K4: 0.058767 | L4: 0 | M4: 0.044403
A5: AGRP-IM4 | B5: 0.020041 | C5: 0.00161 | D5: 0.006482 | E5: 0.017402 | F5: 0.002317 | G5: 0.001463 | H5: 0.005096 | I5: 0.009646 | J5: 0.000742 | K5: 0.008799 | L5: 0 | M5: 0.005565
A6: AGRP-IMP | B6: 0.125856 | C6: 0.008664 | D6: 0.045714 | E6: 0.093024 | F6: 0.023256 | G6: 0.00513 | H6: 0.036138 | I6: 0.064638 | J6: 0.012141 | K6: 0.075069 | L6: 0 | M6: 0.050274
A7: AGU-H | B7: 16.550728 | C7: 15.603004 | D7: 16.546578 | E7: 15.322432 | F7: 15.537483 | G7: 26.169149 | H7: 20.471901 | I7: 18.264958 | J7: 35.057883 | K7: 39.295111 | L7: 22.868596 | M7: 20.530098
A8: ALT-IM3 | B8: 4.597211 | C8: 3.798298 | D8: 2.832168 | E8: 1.08598 | F8: 6.713132 | G8: 6.460397 | H8: 7.139457 | I8: 6.443348 | J8: 3.418836 | K8: 4.812194 | L8: 5.442433 | M8: 4.586337
A9: ALT-IM4 | B9: 0.805814 | C9: 0.060249 | D9: 0.131271 | E9: 0.605283 | F9: 0.55993 | G9: 0.132867 | H9: 0.148162 | I9: 0.499016 | J9: 0.129808 | K9: 0.403123 | L9: 0.082061 | M9: 0.363622
A10: ALT-IMP | B10: 0.575126 | C10: 0.044825 | D10: 0.115902 | E10: 0.426325 | F10: 0.664686 | G10: 0.109266 | H10: 0.148 | I10: 0.429632 | J10: 0.207295 | K10: 0.458769 | L10: 0.058088 | M10: 0.412113
A11: ARI-O1 | B11: 1.6762333 | C11: 2.5442187 | D11: 4.4969014 | E11: 5.4156546 | F11: 6.1261831 | G11: 2.8957183 | H11: 4.1740059 | I11: 4.8514282 | J11: 3.7562972 | K11: 2.5713997 | L11: 2.6775246 | M11: 2.6020845
A12: ARI-O10 | B12: 1.2536492 | C12: 1.7285425 | D12: 4.5125601 | E12: 4.5032958 | F12: 0.79997196 | G12: 1.8278531 | H12: 2.7752875 | I12: 3.1635584 | J12: 3.167333 | K12: 2.0670608 | L12: 2.5050447 | M12: 2.587815
A13: ARI-O2 | B13: 0.053146139 | C13: 1.710527 | D13: 5.083665 | E13: 5.4835988 | F13: 6.7033445 | G13: 1.9893357 | H13: 3.4801629 | I13: 4.6889551 | J13: 3.575213 | K13: 2.7309279 | L13: 2.7076573 | M13: 3.1261542
A14: ARI-O3 | B14: 1.7943734 | C14: 2.1337918 | D14: 5.447348 | E14: 4.941165 | F14: 6.7245681 | G14: 2.7391248 | H14: 4.2828413 | I14: 4.7665283 | J14: 3.5800521 | K14: 2.1202081 | L14: 2.9732569 | M14: 3.0978305
A15: ARI-O4 | B15: 1.3883511 | C15: 0.80288578 | D15: 3.3876287 | E15: 5.3531804 | F15: 6.3327999 | G15: 2.9321092 | H15: 3.7781716 | I15: 4.4973005 | J15: 3.7701771 | K15: 2.3608955 | L15: 2.612486 | M15: 2.5100912
... A310: ZUN-G | B310: 11.847592 | C310: 10.958946 | D310: 11.896124 | E310: 11.532883 | F310: 11.665432 | G310: 10.887097 | H310: 11.774349 | I310: 11.644649 | J310: 11.53926 | K310: 11.418296 | L310: 11.012922 | M310: 11.123105

Sheet Hoja_06
A1: PARTICIPACIÓN EN LA PRODUCCIÓN DE ENERGÍA POR TIPO DE COMBUSTIBLE (GWh) 2025 | P1: 1000000
A3: Generador | B3: Combustible | C3: ENE | D3: FEB | E3: MAR | F3: ABR | G3: MAY | H3: JUN | I3: JUL | J3: AGO | K3: SEP | L3: OCT | M3: NOV | N3: DIC
A4: BVT-02 | B4: BIOGAS | C4: 0.90976131 | D4: 0.8021625 | E4: 0.86814284 | F4: 0.85818648 | G4: 1.0251889 | H4: 1.180404 | I4: 1.2700233 | J4: 1.1791929 | K4: 1.1136512 | L4: 1.0531092 | M4: 0.90399228 | N4: 0.8723985
A5: BVT-B | B5: BIOGAS | C5: 0.58653826 | D5: 0.51243362 | E5: 0.5271263 | F5: 0.52027101 | G5: 0.46639645 | H5: 0.51983871 | I5: 0.54490494 | J5: 0.53039431 | K5: 0.49552519 | L5: 0.4796836 | M5: 0.54310933 | N5: 0.51783307
A6: GMG-B | B6: BIOGAS | C6: 0.24351343 | D6: 0.21018091 | E6: 0.17473106 | F6: 0.053931995 | G6: 1.284615e-06 | H6: 0.27226132 | I6: 0.056200452 | J6: 0.24053526 | K6: 0.32554098 | L6: 0.33641931 | M6: 0.35650101 | N6: 0.30182242
A7: BPS-B | B7: BIOMASA | C7: 2.625e-06 | D7: 0 | E7: 0 | F7: 0.000128625 | G7: 0.00274575 | H7: 0.029815406 | I7: 0.064563187 | J7: 0.00029071875 | K7: 5.64375e-05 | L7: 0.027753469 | M7: 0.053733094 | N7: 0.012602625
A8: BSA-B | B8: BIOMASA | C8: 0.72265159 | D8: 0.677045 | E8: 0.73160338 | F8: 0.38427045 | G8: 0.3881855 | H8: 0.43183811 | I8: 0.37223828 | J8: 0.35210256 | K8: 0.37490607 | L8: 0.34097015 | M8: 0.28155726 | N8: 0.34201967
A9: GAT-V | B9: BIOMASA | C9: 0.0010674278 | D9: 0 | E9: 0 | F9: 0.00026277693 | G9: 0 | H9: 0 | I9: 0 | J9: 0 | K9: 0 | L9: 0 | M9: 0 | N9: 0
A10: GSL-C | B10: BIOMASA | C10: 2.1974198 | D10: 2.0949 | E10: 2.4042199 | F10: 2.649536 | G10: 2.6330769 | H10: 0 | I10: 0 | J10: 0 | K10: 0 | L10: 0 | M10: 1.0693388 | N10: 2.2948206
A11: LUN-B | B11: BIOMASA | C11: 33.849459 | D11: 32.443371 | E11: 34.926831 | F11: 33.952402 | G11: 34.971524 | H11: 24.471082 | I11: 0 | J11: 0 | K11: 0 | L11: 0 | M11: 14.836889 | N11: 34.459279
A12: MAG-B3 | B12: BIOMASA | C12: 8.9446377 | D12: 8.235864 | E12: 9.4215423 | F12: 8.8682877 | G12: 7.3947039 | H12: 0 | I12: 0 | J12: 0 | K12: 0 | L12: 0 | M12: 6.5354777 | N12: 9.2229947
A13: MAG-B4 | B13: BIOMASA | C13: 12.701042 | D13: 9.2726696 | E13: 7.9053877 | F13: 3.4508901 | G13: 0.55231581 | H13: 0 | I13: 0 | J13: 2.7e-11 | K13: 0 | L13: 0.024974253 | M13: 8.6336233 | N13: 13.561291
A14: MAG-B5 | B14: BIOMASA | C14: 0 | D14: 0 | E14: 14.632844 | F14: 24.919931 | G14: 7.6286325 | H14: 0 | I14: 0 | J14: 0 | K14: 0 | L14: 0 | M14: 0 | N14: 0
A15: MAG-B6 | B15: BIOMASA | C15: 35.255348 | D15: 32.162367 | E15: 34.311876 | F15: 19.108013 | G15: 9.3006767 | H15: 0 | I15: 0 | J15: 0 | K15: 0 | L15: 0 | M15: 11.325956 | N15: 33.367584
... A329: ESU-G | B329: SYNGAS | C329: 0 | D329: 0 | E329: 0 | F329: 0 | G329: 0.0071756837 | H329: 0.019705954 | I329: 0 | J329: 0 | K329: 0 | L329: 0 | M329: 0 | N329: 0

Sheet Hoja_07
A1: PEAJES EN EL MERCADO MAYORISTA DE ELECTRICIDAD - 2025
C5: PEAJE PARA EL SISTEMA PRINCIPAL US$ | D5: PEAJE PARA EL SISTEMA SECUNDARIO US$
B6: ENERO | C6: 11401413 | D6: 6588020.2
B7: FEBRERO | C7: 11401413 | D7: 6588027.7
B8: MARZO | C8: 11406016 | D8: 6586817
B9: ABRIL | C9: 11539662 | D9: 6588071.3
B10: MAYO | C10: 11544036 | D10: 6595237.2
B11: JUNIO | C11: 11544652 | D11: 6643421.9
B12: JULIO | C12: 11544652 | D12: 6668044.6
B13: AGOSTO | C13: 11544652 | D13: 6669211.3
B14: SEPTIEMBRE | C14: 11544652 | D14: 6666067.1
B15: OCTUBRE | C15: 11544652 | D15: 6669162.3
B16: NOVIEMBRE | C16: 11544652 | D16: 6744534.4
B17: DICIEMBRE | C17: 11636316 | D17: 6831977.3
C44: Enero | D44: Febrero | E44: Marzo | F44: Abril | G44: Mayo | H44: Junio | I44: Julio | J44: Agosto | K44: Septiembre | L44: Octubre | M44: Noviembre | N44: Diciembre
B45: PEAJE SECUNDARIO TRANSMISIÓN | C45: 0.63120715 | D45: 0.63108592 | E45: 0.63108592 | F45: 0.62984705 | G45: 0.62984705 | H45: 0.62984705 | I45: 0.62984705 | J45: 0.62984705 | K45: 0.62984705 | L45: 0.62984705 | M45: 0.62150077 | N45: 0.62700437
B46: PEAJE SECUNDARIO SUBTRANSMISIÓN CENTRO | C46: 3.3614279 | D46: 3.3381797 | E46: 3.3275903 | F46: 3.2459132 | G46: 3.2368159 | H46: 3.2850035 | I46: 3.2916655 | J46: 3.2908506 | K46: 3.2825177 | L46: 3.2946866 | M46: 3.3472905 | N46: 3.4238314
B47: PEJAE SECUNDARIO SUBTRANSMISIÓN OCCIDENTE | C47: 2.2491549 | D47: 2.2429688 | E47: 2.2369649 | F47: 2.2027038 | G47: 2.2018579 | H47: 2.2127314 | I47: 2.2091216 | J47: 2.2083141 | K47: 2.2048021 | L47: 2.2085516 | M47: 2.1991642 | N47: 2.226324
B48: PEAJE SECUNDARIO SUBTRANSMISIÓN ORIENTE | C48: 2.1607172 | D48: 2.1529754 | E48: 2.1345495 | F48: 1.9830902 | G48: 1.992915 | H48: 2.0263768 | I48: 2.0493698 | J48: 2.0428493 | K48: 2.0414864 | L48: 2.0427406 | M48: 2.0356354 | N48: 2.0620465
B49: PEAJE EN EL SISTEMA PRINCIPAL DE TRANSPORTE | C49: 4.7540301 | D49: 4.7744384 | E49: 4.7714267 | F49: 4.6755657 | G49: 4.6510992 | H49: 4.6444517 | I49: 4.6351384 | J49: 4.6580453 | K49: 4.614257 | L49: 4.6153578 | M49: 4.6336989 | N49: 4.6529032
C59: -1
B64: Enero | C64: Febrero | D64: Marzo | E64: Abril | F64: Mayo | G64: Junio | H64: Julio | I64: Agosto | J64: Septiembre | K64: Octubre | L64: Noviembre | M64: Diciembre
A65: Excedente de Precios Nodales US$ | B65: 1732541.4 | C65: 1937155.4 | D65: 2635446.1 | E65: 3147156.6 | F65: 4169870.2 | G65: 2473961 | H65: 2452664.8 | I65: 2579872.1 | J65: 2659603.6 | K65: 2589536.6 | L65: 2090373.3 | M65: 1935152.1

Sheet Hoja_08
A1: COMPORTAMIENTO PROMEDIO DE LA FRECUENCIA EN EL SNI 2025
B3: Ene | C3: Feb | D3: Mar | E3: Abr | F3: May | G3: Jun | H3: Jul | I3: Ago | J3: Sep | K3: Oct | L3: Nov | M3: Dic
A4: % +- .10hZ | B4: 0.9999537 | C4: 0.99982308 | D4: 0.99929958 | E4: 0.99944444 | F4: 0.99991039 | G4: 0.99979321 | H4: 0.9988859 | I4: 0.99960872 | J4: 0.99976852 | K4: 0.99948925 | L4: 0.99992593 | M4: 0.99983124
A5: %+-.20hZ | B5: 1 | C5: 0.99997685 | D5: 0.99970878 | E5: 0.99991512 | F5: 0.99998208 | G5: 0.9999892 | H5: 0.99959677 | I5: 0.9998865 | J5: 0.99994907 | K5: 0.99988351 | L5: 0.99999846 | M5: 0.99995072
A71: * NOTA: EN LA GRÁFICA SE MUESTRA EL VALOR DE LA FRECUENCIA PARA CADA MINUTO DEL AÑO, REGISTRO TOMADO DEL SISTEMA SCADA. EL PORCENTAJE REPRESENTA EL TIEMPO DE OPERACIÓN DEL SISTEMA NACIONAL INTERCONECTADO DURANTE EL AÑO 2024 EN LOS DIFERENTES RANGOS (± .10 Y .20 Hz).

Sheet Hoja_09
A1: COMPORTAMIENTO PROMEDIO DE LA FRECUENCIA EN EL SNI 2025
A3: AF | B3: ENE | C3: FEB | D3: MAR | E3: ABR | F3: MAY | G3: JUN | H3: JUL | I3: AGO | J3: SEP | K3: OCT | L3: NOV | M3: DIC
A4: -1 | B4: 0 | C4: 0 | D4: 0 | E4: 0 | F4: 0 | G4: 0 | H4: 1.493428e-06 | I4: 0 | J4: 0 | K4: 0 | L4: 0 | M4: 0
A5: -0.9 | B5: 0 | C5: 0 | D5: 0 | E5: 0 | F5: 0 | G5: 0 | H5: 1.493428e-06 | I5: 0 | J5: 0 | K5: 0 | L5: 0 | M5: 0
A6: -0.8 | B6: 0 | C6: 1.653439e-06 | D6: 2.986857e-06 | E6: 0 | F6: 0 | G6: 0 | H6: 5.973715e-06 | I6: 2.986857e-06 | J6: 1.543209e-06 | K6: 1.493428e-06 | L6: 0 | M6: 0
A7: -0.7 | B7: 0 | C7: 0 | D7: 5.973715e-06 | E7: 0 | F7: 0 | G7: 0 | H7: 1.0454002e-05 | I7: 1.493428e-06 | J7: 0 | K7: 1.493428e-06 | L7: 0 | M7: 2.986857e-06
A8: -0.6 | B8: 0 | C8: 0 | D8: 1.0454002e-05 | E8: 1.543209e-06 | F8: 1.493428e-06 | G8: 0 | H8: 1.1947431e-05 | I8: 0 | J8: 3.086419e-06 | K8: 2.986857e-06 | L8: 0 | M8: 0
A9: -0.5 | B9: 0 | C9: 1.653439e-06 | D9: 1.344086e-05 | E9: 3.086419e-06 | F9: 0 | G9: 0 | H9: 8.960573e-06 | I9: 2.986857e-06 | J9: 3.086419e-06 | K9: 2.986857e-06 | L9: 0 | M9: 1.493428e-06
A10: -0.4 | B10: 0 | C10: 1.653439e-06 | D10: 1.344086e-05 | E10: 6.172839e-06 | F10: 1.493428e-06 | G10: 3.086419e-06 | H10: 8.3632019e-05 | I10: 1.1947431e-05 | J10: 6.172839e-06 | K10: 4.480286e-06 | L10: 0 | M10: 2.986857e-06
A11: -0.3 | B11: 0 | C11: 3.306878e-06 | D11: 0.00012096774 | E11: 1.0802469e-05 | F11: 2.986857e-06 | G11: 3.086419e-06 | H11: 0.00011648745 | I11: 4.1816009e-05 | J11: 9.259259e-06 | K11: 3.8829151e-05 | L11: 0 | M11: 1.6427718e-05
A12: -0.2 | B12: 1.0454018e-05 | C12: 4.9603174e-05 | D12: 0.0001702509 | E12: 0.00025308642 | F12: 3.2855436e-05 | G12: 3.7037037e-05 | H12: 0.00023446834 | I12: 9.7072879e-05 | J12: 7.7160493e-05 | K12: 0.00015681004 | L12: 3.086419e-06 | M12: 4.1816009e-05
A13: -0.1 | B13: 0.0079002507 | C13: 0.0059507275 | D13: 0.0049357826 | E13: 0.0034521605 | F13: 0.0026388889 | G13: 0.0027993827 | H13: 0.0042293907 | I13: 0.0021505376 | J13: 0.0028564815 | K13: 0.0036006571 | L13: 0.0035046296 | M13: 0.0039127838
A14: 0 | B14: 0.97425922 | C14: 0.97797619 | D14: 0.9847043 | E14: 0.9893179 | F14: 0.99238799 | G14: 0.99149846 | H14: 0.98869624 | I14: 0.99437425 | J14: 0.99310802 | K14: 0.98919803 | L14: 0.98554475 | M14: 0.9856825
A15: 0.1 | B15: 0.017830074 | C15: 0.016015212 | D15: 0.00994773 | E15: 0.0069552469 | F15: 0.0049327957 | G15: 0.0056574074 | H15: 0.0064531063 | I15: 0.0032780765 | J15: 0.003933642 | K15: 0.0069922342 | L15: 0.010945988 | M15: 0.010337515
... A24: 1 | B24: 0 | C24: 0 | D24: 0 | E24: 0 | F24: 0 | G24: 0 | H24: 0 | I24: 0 | J24: 0 | K24: 0 | L24: 0 | M24: 0

Sheet Hoja_10
A1: COMPORTAMIENTO PROMEDIO MENSUAL DE LA FRECUENCIA EN EL SNI (EN HZ Y %) 2025

Sheet Hoja_11
A1: COMPORTAMIENTO PROMEDIO MENSUAL DE LA FRECUENCIA EN EL SNI (EN HZ Y %) 2025

Sheet Hoja_12
A1: TENDENCIAS E INDICADORES
A3: MES/ POE | B3: PROMEDIO MENSUAL US$/MWH | C3: BANDA DE VALLE US$/MWH | D3: BANDA INTERMEDIA US$/MWH | E3: BANDA DE PUNTA US$/MWH | F3: promedio 12 meses US$/MWH | G3: Precio máximo a Ofertar por RRO US$/MW de acuerdo a NCC-8 numeral 8.2.2.2.
A4: ENERO-2005 | B4: 47.208228 | C4: 41.647198 | D4: 49.606231 | E4: 51.136279 | F4: 47.2082 | G4: 98.256
A5: FEBRERO-2005 | B5: 49.765346 | C5: 44.996647 | D5: 51.525926 | E5: 54.021002 | F5: 48.4868 | G5: 99.181
A6: MARZO-2005 | B6: 52.366546 | C6: 47.14044 | D6: 54.203645 | E6: 57.307462 | F6: 49.78 | G6: 100.3858
A7: ABRIL-2005 | B7: 61.295846 | C7: 53.733409 | D7: 63.387637 | E7: 70.145351 | F7: 52.659 | G7: 102.751
A8: MAYO-2005 | B8: 90.3795 | C8: 62.581913 | D8: 100.31092 | E8: 116.18043 | F8: 60.2031 | G8: 109.5046
A9: JUNIO-2005 | B9: 89.715822 | C9: 67.670277 | D9: 94.472979 | E9: 119.65943 | F9: 65.1219 | G9: 116.0932
A10: JULIO-2005 | B10: 55.545117 | C10: 37.88359 | D10: 62.684714 | E10: 69.44938 | F10: 63.7538 | G10: 117.5394
A11: AGOSTO-2005 | B11: 59.358917 | C11: 43.917556 | D11: 66.00174 | E11: 70.313168 | F11: 63.2044 | G11: 118.5474
A12: SEPTIEMBRE-2005 | B12: 55.012378 | C12: 32.755733 | D12: 63.906794 | E12: 72.842423 | F12: 62.2942 | G12: 118.1762
A13: OCTUBRE-2005 | B13: 49.482322 | C13: 27.67433 | D13: 55.852545 | E13: 73.987634 | F13: 61.013 | G13: 118.241
A14: NOVIEMBRE-2005 | B14: 68.906006 | C14: 57.28962 | D14: 71.328877 | E14: 84.870165 | F14: 61.7305 | G14: 121.1716
A15: DICIEMBRE-2005 | B15: 66.889914 | C15: 60.601931 | D15: 69.249196 | E15: 72.388037 | F15: 62.1605 | G15: 124.321
... A195: DICIEMBRE-2020 | B195: 27.065735 | C195: 15.7227 | D195: 29.183847 | E195: 43.397473 | F195: 41.1421 | G195: 82.2842
A196: 44197 | B196: 41.349712 | C196: 37.602111 | D196: 43.375174 | E196: 42.76853 | F196: 41.6765 | G196: 83.353
A197: 44228 | B197: 59.428531 | C197: 53.547663 | D197: 61.663151 | E197: 64.486411 | F197: 42.7315 | G197: 85.463
A198: 44256 | B198: 65.081383 | C198: 58.135092 | D198: 67.795201 | E198: 70.83251 | F198: 45.1765 | G198: 90.353
A199: 44287 | B199: 64.082801 | C199: 51.883352 | D199: 69.799417 | E199: 71.331849 | F199: 47.125 | G199: 94.25
A200: 44317 | B200: 63.258923 | C200: 52.167559 | D200: 68.646987 | E200: 69.277459 | F200: 48.2488 | G200: 96.4976
A201: 44348 | B201: 72.70039 | C201: 59.677127 | D201: 79.404629 | E201: 78.634198 | F201: 50.0823 | G201: 100.1646
A202: 44378 | B202: 71.923176 | C202: 61.595749 | D202: 73.799669 | E202: 86.948551 | F202: 51.4258 | G202: 102.8516
A203: 44409 | B203: 53.641553 | C203: 36.606972 | D203: 60.524191 | E203: 67.062803 | F203: 51.9709 | G203: 103.9418
A204: 44440 | B204: 59.208687 | C204: 39.033113 | D204: 64.312313 | E204: 84.248957 | F204: 53.702 | G204: 107.404
A205: 44470 | B205: 72.978125 | C205: 64.435874 | D205: 75.405098 | E205: 82.781707 | F205: 56.7447 | G205: 113.4894
A206: 44501 | B206: 67.391762 | C206: 52.606789 | D206: 74.379964 | E206: 75.997101 | F206: 59.8426 | G206: 119.6852
A207: 44531 | B207: 69.284518 | C207: 55.188564 | D207: 75.776938 | E207: 77.999165 | F207: 63.3608 | G207: 126.7216
... A255: 45992 | B255: 75.207687 | C255: 65.26457 | D255: 75.480616 | E255: 94.275133 | F255: 84.515 | G255: 169.03
A258: HISTORICO DE INDICADORES
B259: CONSUMO DE ENERGÍA S.N.I. (GWh) | C259: CRECIMIENTO DE LA DEMANDA DE ENERGÍA (%) | D259: IMPORTACIONES DE ENERGÍA (GWh) | E259: EXPORTACIONES DE ENERGÍA (GWh) | F259: PÉRDIDAS DE ENERGÍA S.N.I (GWh) | G259: DEMANDA MÁXIMA DE POTENCIA EN EL S.N.I (MW) | H259: CRECIMIENTO DE LA DEMANDA DE POTENCIA (%)
A260: 2025 | B260: 14042.014 | C260: 0.048139984 | D260: 2387.5414 | E260: 1108.7645 | F260: 458.0796 | G260: 2204.22 | H260: 0.038844377
A261: 2024 | B261: 13397.079 | C261: 0.060259782 | D261: 1793.9656 | E261: 969.55605 | F261: 457.62547 | G261: 2121.8 | H261: 0.077055838
A262: 2023 | B262: 12635.657 | C262: 0.059687764 | D262: 1870.9996 | E262: 1005.6166 | F262: 467.23069 | G262: 1970 | H262: 0.024414342
A263: 2022 | B263: 11923.944 | C263: 0.032416475 | D263: 1413.0687 | E263: 1035.3797 | F263: 477.61692 | G263: 1923.05 | H263: 0.051116954
A264: 2021 | B264: 11549.548 | C264: 0.082113846 | D264: 1140.9392 | E264: 1115.7532 | F264: 434.37042 | G264: 1829.53 | H264: 0.023708006
A265: 2020 | B265: 10673.136 | C265: -0.0083386894 | D265: 1007.912 | E265: 1063.4858 | F265: 377.46522 | G265: 1787.16 | H265: 0.00096895426
A266: 2019 | B266: 10762.884 | C266: 0.029860754 | D266: 1067.6278 | E266: 2101.8678 | F266: 415.88686 | G266: 1785.43 | H266: 0.013009929
A267: 2018 | B267: 10450.815 | C267: 0.03259196 | D267: 762.80346 | E267: 2416.1509 | F267: 396.92757 | G267: 1762.5 | H267: 0.0073731139
A268: 2017 | B268: 10120.953 | C268: 0.021613531 | D268: 828.71067 | E268: 1786.1519 | F268: 402.56767 | G268: 1749.6 | H268: 0.02822083
A269: 2016 | B269: 9906.8315 | C269: 0.046516659 | D269: 535.73586 | E269: 1119.2331 | F269: 383.19457 | G269: 1701.58 | H269: 0.017660955
A270: 2015 | B270: 9466.4824 | C270: 0.057300525 | D270: 346.52858 | E270: 843.22993 | F270: 332.98342 | G270: 1672.05 | H270: 0.022097928
A271: 2014 | B271: 8953.4453 | C271: 0.036892701 | D271: 496.8689 | E271: 986.42808 | F271: 330.15956 | G271: 1635.9 | H271: 0.046259521
... A282: 2001 | B282: 5292.69 | C282: 0.044281469 | D282: 53 | E282: 362.84 | F282: 152.43 | G282: 1074.6 | H282: 0.056325568
A283: 2000 | B283: 5068.26 | C283: - | D283: 122.94 | E283: 827.34 | F283: 161.09 | G283: 1017.3 | H283: -

Sheet Hoja_13
A1: DEMANDA MENSUAL LOCAL HISTORICA ( GWH )
B3: ENERO | C3: FEBRERO | D3: MARZO | E3: ABRIL | F3: MAYO | G3: JUNIO | H3: JULIO | I3: AGOSTO | J3: SEPTIEMBRE | K3: OCTUBRE | L3: NOVIEMBRE | M3: DICIEMBRE
A4: 1999 | B4: 378.58426 | C4: 416.15447 | D4: 386.1136 | E4: 414.67588 | F4: 409.33357 | G4: 409.88439 | H4: 412.85218 | I4: 443.41705 | J4: 440.0878 | K4: 427.43425 | L4: 458.61222 | M4: 460.08205
A5: =+A4+1 -> 2000 | B5: 410.23784 | C5: 422.60913 | D5: 402.73988 | E5: 423.39568 | F5: 449.66836 | G5: 405.55999 | H5: 425.32126 | I5: 435.94459 | J5: 412.6393 | K5: 433.56039 | L5: 426.28 | M5: 420.31
A6: =+A5+1 -> 2001 | B6: 435.66709 | C6: 407.48169 | D6: 453.39901 | E6: 423.87593 | F6: 454.82834 | G6: 424.36124 | H6: 444.1753 | I6: 451.43808 | J6: 431.27967 | K6: 462.90053 | L6: 447.9432 | M6: 455.33833
A7: =+A6+1 -> 2002 | B7: 465.94602 | C7: 430.50038 | D7: 459.03357 | E7: 472.15621 | F7: 479.40386 | G7: 454.90698 | H7: 476.14307 | I7: 485.01358 | J7: 462.87869 | K7: 489.68345 | L7: 469.80542 | M7: 482.92252
A8: =+A7+1 -> 2003 | B8: 487.02867 | C8: 452.88223 | D8: 502.81436 | E8: 466.18889 | F8: 495.05546 | G8: 466.5032 | H8: 498.91678 | I8: 500.9601 | J8: 493.65028 | K8: 519.90792 | L8: 504.74277 | M8: 512.13934
A9: =+A8+1 -> 2004 | B9: 514.32794 | C9: 496.32254 | D9: 541.92839 | E9: 508.22141 | F9: 532.44735 | G9: 511.86001 | H9: 531.77186 | I9: 537.59981 | J9: 520.62508 | K9: 535.83249 | L9: 527.00622 | M9: 545.05673
A10: =+A9+1 -> 2005 | B10: 577.57175 | C10: 541.34328 | D10: 601.14962 | E10: 606.44408 | F10: 600.97473 | G10: 564.28129 | H10: 600.21248 | I10: 609.28369 | J10: 576.28939 | K10: 545.03045 | L10: 544.64059 | M10: 579.83167
A11: =+A10+1 -> 2006 | B11: 577.85275 | C11: 535.81061 | D11: 610.02239 | E11: 565.17912 | F11: 600.03766 | G11: 577.33122 | H11: 605.43713 | I11: 615.44925 | J11: 594.00854 | K11: 624.65713 | L11: 612.83501 | M11: 620.44963
A12: =+A11+1 -> 2007 | B12: 625.58793 | C12: 578.91909 | D12: 656.70397 | E12: 610.94053 | F12: 656.08307 | G12: 625.10792 | H12: 643.29869 | I12: 656.20363 | J12: 623.19031 | K12: 655.77026 | L12: 632.42387 | M12: 647.73987
A13: 2008 | B13: 618.16655 | C13: 604.52359 | D13: 629.43956 | E13: 641.7544 | F13: 662.77418 | G13: 616.84844 | H13: 638.3205 | I13: 642.0332 | J13: 632.28439 | K13: 640.89767 | L13: 600.16024 | M13: 604.96532
A14: 2009 | B14: 605.34053 | C14: 559.84523 | D14: 634.04622 | E14: 616.44486 | F14: 648.81072 | G14: 625.39292 | H14: 657.00051 | I14: 649.56647 | J14: 643.49351 | K14: 666.03717 | L14: 638.36642 | M14: 653.51924
A15: 2010 | B15: 648.28928 | C15: 616.01427 | D15: 684.75127 | E15: 653.39897 | F15: 666.52338 | G15: 647.11696 | H15: 654.21016 | I15: 663.81487 | J15: 651.10144 | K15: 663.41167 | L15: 649.09996 | M15: 650.16091
A16: 2011 | B16: 670.61923 | C16: 625.27532 | D16: 702.34716 | E16: 668.17503 | F16: 713.34703 | G16: 679.10912 | H16: 688.06704 | I16: 702.11115 | J16: 674.21597 | K16: 677.55109 | L16: 675.54329 | M16: 684.65847
A17: 2012 | B17: 691.8236 | C17: 668.60793 | D17: 725.12085 | E17: 675.79084 | F17: 723.99527 | G17: 689.0226 | H17: 693.45058 | I17: 724.53093 | J17: 695.21841 | K17: 728.29232 | L17: 692.29672 | M17: 701.24255
A18: 2013 | B18: 703.26573 | C18: 660.94942 | D18: 715.94058 | E18: 735.58778 | F18: 746.5999 | G18: 706.26748 | H18: 732.99271 | I18: 734.47321 | J18: 708.66038 | K18: 746.05322 | L18: 717.18669 | M18: 726.90863
A19: 2014 | B19: 719.42101 | C19: 683.66378 | D19: 771.08554 | E19: 726.33024 | F19: 768.47443 | G19: 734.38534 | H19: 774.38936 | I19: 761.14116 | J19: 739.28364 | K19: 774.0621 | L19: 741.6053 | M19: 759.6034
A20: 2015 | B20: 754.33959 | C20: 706.30163 | D20: 803.4844 | E20: 771.44576 | F20: 807.0012 | G20: 777.65819 | H20: 815.106 | I20: 816.40692 | J20: 788.65265 | K20: 821.48425 | L20: 795.31216 | M20: 809.28965
A21: 2016 | B21: 800.60983 | C21: 766.74209 | D21: 833.9681 | E21: 835.61065 | F21: 861.20985 | G21: 812.30371 | H21: 833.41756 | I21: 845.54588 | J21: 812.02339 | K21: 841.8057 | L21: 818.31056 | M21: 845.28423
A22: 2017 | B22: 832.99983 | C22: 775.04536 | D22: 867.29028 | E22: 836.10938 | F22: 882.18246 | G22: 826.36311 | H22: 856.12024 | I22: 866.46656 | J22: 840.56184 | K22: 861.24044 | L22: 833.29284 | M22: 843.28081
A23: 2018 | B23: 835.8346 | C23: 793.38382 | D23: 887.93334 | E23: 870.09514 | F23: 909.41262 | G23: 858.89195 | H23: 899.74868 | I23: 894.38188 | J23: 860.03191 | K23: 895.61409 | L23: 875.54658 | M23: 869.94023
A24: 2019 | B24: 875.06462 | C24: 828.6589 | D24: 925.46363 | E24: 878.9058 | F24: 938.32463 | G24: 889.5845 | H24: 920.30101 | I24: 924.91344 | J24: 888.31757 | K24: 918.19209 | L24: 886.44701 | M24: 888.71085
... A30: 2025 | B30: 1129.2578 | C30: 1054.6632 | D30: 1211.8481 | E30: 1158.5459 | F30: 1258.2538 | G30: 1155.0088 | H30: 1210.7329 | I30: 1215.6065 | J30: 1177.8881 | K30: 1210.975 | L30: 1164.955 | M30: 1188.721

Sheet Hoja_14
A1: INFORMACIÓN ESTADÍSTICA HISTÓRICA
B2: 1999 | C2: 2000 | D2: 2001 | E2: 2002 | F2: 2003 | G2: 2004 | H2: 2005 | I2: 2006 | J2: 2007 | K2: 2008 | L2: 2009 | M2: 2010 | N2: 2011 | O2: 2012 | P2: 2013 | Q2: 2014 | R2: 2015 | S2: 2016 | T2: 2017 | U2: 2018 | V2: 2019 | W2: 2020 | X2: 2021 | Y2: 2022 | Z2: 2023 | AA2: 2024 | AB2: 2025
A3: PRODUCCIÓN CON INTER | B3: 5183.05 | C3: 6070.24 | D3: 5825.23 | E3: 6245.96 | F3: 6591.63 | G3: 7050.17 | H3: 7242.9787 | I3: 7445.0209 | J3: 7936.7326 | K3: 7922.0616 | L3: 8014.6745 | M3: 8276.2131 | N3: 8672.1396 | O3: 8929.2655 | P3: 9431.1469 | Q3: 10279.129 | R3: 10648.403 | S3: 11624.824 | T3: 12381.281 | U3: 13348.124 | V3: 13368.759 | W3: 12206.631 | X3: 13172.536 | Y3: 13505.509 | Z3: 14167.142 | AA3: 14980.287 | AB3: 15755.611 | AC3: PRODUCCIÓN CON INTER
A4: PRODUCCIÓN SIN INTER | B4: 4984.4545 | C4: 5947.29 | D4: 5772.24 | E4: 6191.08 | F4: 6561.1 | G4: 7009.26 | H4: 7219.7844 | I4: 7436.6154 | J4: 7928.616 | K4: 7917.3528 | L4: 7977.4678 | M4: 7913.9118 | N4: 8146.5412 | O4: 8703.4675 | P4: 9270.4739 | Q4: 9782.2603 | R4: 10301.874 | S4: 10877.905 | T4: 11489.899 | U4: 12522.391 | V4: 12228.232 | W4: 11122.028 | X4: 11943.078 | Y4: 12024.716 | Z4: 12222.89 | AA4: 13117.407 | AB4: 13308.411 | AC4: PRODUCCIÓN SIN INTER
A5: DEMANDA CON INTER | B5: 5057.21 | C5: 5895.61 | D5: 5655.54 | E5: 6068.17 | F5: 6334.96 | G5: 6785.99 | H5: 6960.576 | I5: 7171.4807 | J5: 7642.3306 | K5: 7608.2093 | L5: 7691.9684 | M5: 7986.8238 | N5: 8354.406 | O5: 8604.9455 | P5: 9112.9804 | Q5: 9939.8734 | R5: 10309.712 | S5: 11241.63 | T5: 11978.713 | U5: 12875.351 | V5: 12778.323 | W5: 11643.213 | X5: 12738.166 | Y5: 13027.892 | Z5: 13699.911 | AA5: 14423.452 | AB5: 15203.089 | AC5: DEMANDA CON INTER
A6: DEMANDA SIN INTER | B6: 4595.732 | C6: 5068.27 | D6: 5292.7 | E6: 5628.39 | F6: 5907.17 | G6: 6321.8 | H6: 6625.1394 | I6: 7083.2433 | J6: 7510.451 | K6: 7532.1681 | L6: 7597.8638 | M6: 7847.8931 | N6: 8161.0199 | O6: 8409.3926 | P6: 8634.8857 | Q6: 8953.4453 | R6: 9466.4824 | S6: 9906.8315 | T6: 10120.953 | U6: 10374.97 | V6: 10676.455 | W6: 10579.727 | X6: 11549.548 | Y6: 11923.944 | Z6: 12635.657 | AA6: 13397.079 | AB6: 14042.014 | AC6: DEMANDA SIN INTER
B45: 1999 | C45: 2000 | D45: 2001 | E45: 2002 | F45: 2003 | G45: 2004 | H45: 2005 | I45: 2006 | J45: 2007 | K45: 2008 | L45: 2009 | M45: 2010 | N45: 2011 | O45: 2012 | P45: 2013 | Q45: 2014 | R45: 2015 | S45: 2016 | T45: 2017 | U45: 2018 | V45: 2019 | W45: 2020 | X45: 2021 | Y45: 2022 | Z45: 2023 | AA45: 2024 | AB45: 2025
A46: EXPORTACIONES | B46: 461.47803 | C46: 827.34 | D46: 362.84 | E46: 439.78 | F46: 427.79 | G46: 464.19 | H46: 335.43657 | I46: 88.237408 | J46: 131.87964 | K46: 76.041227 | L46: 94.104627 | M46: 138.93066 | N46: 193.38608 | O46: 195.55293 | P46: 478.09466 | Q46: 986.42808 | R46: 843.22993 | S46: 1119.2331 | T46: 1786.1519 | U46: 2416.1509 | V46: 2101.8678 | W46: 1063.4858 | X46: 1115.7532 | Y46: 1035.3797 | Z46: 1005.6166 | AA46: 969.55605 | AB46: 1108.7645
A47: IMPORTACIONES | B47: 198.59551 | C47: 122.95 | D47: 52.99 | E47: 54.88 | F47: 30.53 | G47: 40.91 | H47: 23.19439 | I47: 8.4054714 | J47: 8.1165497 | K47: 4.7088687 | L47: 37.206686 | M47: 362.30127 | N47: 525.59833 | O47: 225.79806 | P47: 160.673 | Q47: 496.8689 | R47: 346.52858 | S47: 535.73586 | T47: 828.71067 | U47: 762.80346 | V47: 1067.6278 | W47: 1007.912 | X47: 1140.9392 | Y47: 1413.0687 | Z47: 1870.9996 | AA47: 1793.9656 | AB47: 2387.5414
B86: 1998 | C86: 1999 | D86: 2000 | E86: 2001 | F86: 2002 | G86: 2003 | H86: 2004 | I86: 2005 | J86: 2006 | K86: 2007 | L86: 2008 | M86: 2009 | N86: 2010 | O86: 2011 | P86: 2012 | Q86: 2013 | R86: 2014 | S86: 2015 | T86: 2016 | U86: 2017 | V86: 2018 | W86: 2019 | X86: 2020 | Y86: 2021 | Z86: 2022 | AA86: 2023 | AB86: 2024 | AC86: 2025
A87: DEMANDA SNI | B87: 870.9 | C87: 962.1 | D87: 1039.3 | E87: 1086.6 | F87: 1141 | G87: 1194.85 | H87: 1265.75 | I87: 1290.09 | J87: 1382.55 | K87: 1443.43 | L87: 1430.05 | M87: 1472.47 | N87: 1467.88 | O87: 1491.16 | P87: 1532.97 | Q87: 1563.57 | R87: 1635.9 | S87: 1672.05 | T87: 1701.6 | U87: 1749.5 | V87: 1762.5 | W87: 1785.43 | X87: 1787.16 | Y87: 1829.53 | Z87: 1923.05 | AA87: 1970 | AB87: 2121.8 | AC87: 2204.22
X88: =(X87-W87)/W87 -> 0.00096895426 | Y88: =(Y87-X87)/X87 -> 0.023708006 | Z88: =(Z87-Y87)/Y87 -> 0.051116954 | AA88: =(AA87-Z87)/Z87 -> 0.024414342 | AB88: =(AB87-AA87)/AA87 -> 0.077055838 | AC88: =(AC87-AB87)/AB87 -> 0.038844377
Y89: 0.023708006 | Z89: 0.051116954 | AA89: 0.024414342 | AB89: 0.077055838

Sheet Hoja_15
A1: INFORMACIÓN ESTADÍSTICA HISTÓRICA
B7: 2001 | C7: 2002 | D7: 2003 | E7: 2004 | F7: 2005 | G7: 2006 | H7: 2007 | I7: 2008 | J7: 2009 | K7: 2010 | L7: 2011 | M7: 2012 | N7: 2013 | O7: 2014 | P7: 2015 | Q7: 2016 | R7: 2017 | S7: 2018 | T7: 2019 | U7: 2020 | V7: 2021 | W7: 2022 | X7: 2023 | Y7: 2024 | Z7: 2025
A8: DP+ | B8: 42.090909 | C8: 149.99167 | D8: 169.205 | E8: 260.36167 | F8: 189.73853 | G8: 249.33044 | H8: 187.05388 | I8: 236.03942 | J8: 251.30167 | K8: 375.84466 | L8: 409.96136 | M8: 460.897 | N8: 606.68312 | O8: 552.38827 | P8: 658.83556 | Q8: 824.95975 | R8: 1095.8815 | S8: 1052.1403 | T8: 1098.9212 | U8: 961.53491 | V8: 742.71447 | W8: 657.04338 | X8: 517.55729 | Y8: 429.35007 | Z8: 439.30438
A9: DP- | B9: 32.227273 | C9: 46.391667 | D9: 33.92 | E9: 21.545833 | F9: 35.965591 | G9: 122.35099 | H9: 78.625951 | I9: 100.73618 | J9: 80.299976 | K9: 117.80812 | L9: 117.21544 | M9: 83.138729 | N9: 112.59404 | O9: 103.9174 | P9: 165.43996 | Q9: 64.809904 | R9: 45.525372 | S9: 48.455093 | T9: 33.382627 | U9: 47.585949 | V9: 39.659074 | W9: 61.740864 | X9: 94.64692 | Y9: 123.56521 | Z9: 200.04277
A10: PRECIO | B10: 6.7954545 | C10: 3.87 | D10: 2.6406347 | E10: 0.8489404 | F10: 1.7304945 | G10: 4.0787256 | H10: 3.7628238 | I10: 3.7944543 | J10: 2.937488 | K10: 2.809025 | L10: 2.5112948 | M10: 1.6473792 | N10: 1.6379348 | O10: 1.8195982 | P10: 2.2678965 | Q10: 0.78039138 | R10: 0.38367167 | S10: 0.42381619 | T10: 0.27944265 | U10: 0.46463555 | V10: 0.47637688 | W10: 0.8690984 | X10: 1.723889 | Y10: 2.6380774 | Z10: 4.1388551
B44: 1999 | C44: 2000 | D44: 2001 | E44: 2002 | F44: 2003 | G44: 2004 | H44: 2005 | I44: 2006 | J44: 2007 | K44: 2008 | L44: 2009 | M44: 2010 | N44: 2011 | O44: 2012 | P44: 2013 | Q44: 2014 | R44: 2015 | S44: 2016 | T44: 2017 | U44: 2018 | V44: 2019 | W44: 2020 | X44: 2021 | Y44: 2022 | Z44: 2023 | AA44: 2024 | AB44: 2025
A45: PROMEDIO MENSUAL | B45: 44.347 | C45: 57.3252 | D45: 43.1142 | E45: 49.6019 | F45: 56.4635 | G45: 48.8088 | H45: 62.1605 | I45: 76.9303 | J45: 89.6491 | K45: 120.4803 | L45: 103.2425 | M45: 103.82073 | N45: 132.50928 | O45: 146.54886 | P45: 120.964 | Q45: 103.65712 | R45: 71.055972 | S45: 51.694105 | T45: 51.482451 | U45: 62.363172 | V45: 63.320358 | W45: 42.422595 | X45: 63.360797 | Y45: 86.215321 | Z45: 105.19749 | AA45: 116.46361 | AB45: 84.51495
X46: =(X45-W45)/W45 -> 0.49356248 | Y46: =(Y45-X45)/X45 -> 0.3607045 | Z46: =(Z45-Y45)/Y45 -> 0.22017166 | AA46: =(AA45-Z45)/Z45 -> 0.1070949 | AB46: =(AB45-AA45)/AA45 -> -0.27432309
C83: 1999 | D83: 2000 | E83: 2001 | F83: 2002 | G83: 2003 | H83: 2004 | I83: 2005 | J83: 2006 | K83: 2007 | L83: 2008 | M83: 2009 | N83: 2010 | O83: 2011 | P83: 2012 | Q83: 2013 | R83: 2014 | S83: 2015 | T83: 2016 | U83: 2017 | V83: 2018 | W83: 2019 | X83: 2020 | Y83: 2021 | Z83: 2022 | AA83: 2023 | AB83: 2024 | AC83: 2025
B84: FACTOR DE CARGA | C84: 0.56022475 | D84: 0.57429934 | E84: 0.57386389 | F84: 0.58089916 | G84: 0.58888957 | H84: 0.59235239 | I84: 0.61122264 | J84: 0.60743949 | K84: 0.61725539 | L84: 0.62460562 | M84: 0.61405301 | N84: 0.6328266 | O84: 0.64908812 | P84: 0.64859398 | Q84: 0.65365665 | R84: 0.64845689 | S84: 0.66942492 | T84: 0.68844901 | U84: 0.686662 | V84: 0.70259675 | W84: 0.71473841 | X84: 0.70393107 | Y84: 0.7477479 | Z84: 0.736176 | AA84: 0.75927078 | AB84: 0.74868525 | AC84: 0.75584238
C122: POE REAL | D122: POE CON REFERENCIA AL AÑO 2000 *
B123: 1999 | C123: 44.347002 | D123: 45.389934
B124: 2000 | C124: 57.325204 | D124: 56.134085
B125: 2001 | C125: 43.114241 | D125: 40.13291
B126: 2002 | C126: 49.601865 | D126: 43.98357
B127: 2003 | C127: 56.463486 | D127: 48.194235
B128: 2004 | C128: 48.808787 | D128: 39.529369
B129: 2005 | C129: 62.160495 | D129: 47.283333
B130: 2006 | C130: 76.930346 | D130: 55.670353
B131: 2007 | C131: 89.649097 | D131: 61.65188
B132: 2008 | C132: 120.52334 | D132: 76.752363
B133: 2009 | C133: 103.24252 | D133: 65.035512
B134: 2010 | C134: 103.96751 | D134: 63.741177
... B149: 2025 | C149: 84.59 | D149: 31.051328
A157: * Fuente: Elaborado por la Coordinación de Estudios Económicos (AMM) con base en datos del Banco de Guatemala y Bureau of Labor Statistics, 2025

Sheet Hoja_16
A1: INFORMACIÓN ESTADÍSTICA HISTÓRICA
C5: 1999 | D5: 2000 | E5: 2001 | F5: 2002 | G5: 2003 | H5: 2004 | I5: 2005 | J5: 2006 | K5: 2007 | L5: 2008 | M5: 2009 | N5: 2010 | O5: 2011 | P5: 2012 | Q5: 2013 | R5: 2014 | S5: 2015 | T5: 2016 | U5: 2017 | V5: 2018 | W5: 2019 | X5: 2020 | Y5: 2021 | Z5: 2022 | AA5: 2023 | AB5: 2024 | AC5: 2025
B6: Hidraúlicas | C6: 2701.75 | D6: 2673.64 | E6: 2264.32 | F6: 2110.13 | G6: 2176.59 | H6: 2547.17 | I6: 2920.28 | J6: 3245.46 | K6: 2985.45 | L6: 3624.77 | M6: 2892.86 | N6: 3767.03 | O6: 4094.17 | P6: 4434.83 | Q6: 4630.73 | R6: 4825.15 | S6: 3851.7921 | T6: 3951.2925 | U6: 5765.3281 | V6: 5190.985 | W6: 4381.1295 | X6: 5816.5379 | Y6: 5960.293 | Z6: 6942.2262 | AA6: 5571.8793 | AB6: 5334.174 | AC6: 5467.8337 | AD6: Hidraúlicas
B7: Turbinas de vapor | C7: 34.73 | D7: 720.25 | E7: 849.88 | F7: 967.63 | G7: 911.67 | H7: 1097.338 | I7: 982.17 | J7: 1013.53 | K7: 1037.61 | L7: 1058.13 | M7: 695.93 | N7: 1043.42 | O7: 1094.28 | P7: 1249.83 | Q7: 1638.89 | R7: 1863.02 | S7: 2367.5897 | T7: 2862.0034 | U7: 2919.7232 | V7: 3382.1042 | W7: 3338.8344 | X7: 2043.206 | Y7: 2490.514 | Z7: 2053.2312 | AA7: 2527.9894 | AB7: 3487.5642 | AC7: 3352.5485 | AD7: Turbinas de vapor
B8: Motores reciprocantes | C8: 1433.83 | D8: 1699.73 | E8: 1780.71 | F8: 2215.13 | G8: 2605.17 | H8: 2621.56 | I8: 2427.24 | J8: 2226.15 | K8: 2704.69 | L8: 2082.37 | M8: 3005.25 | N8: 1861.36 | O8: 1793.34 | P8: 1752.52 | Q8: 1262.86 | R8: 1224.65 | S8: 1433.3416 | T8: 989.98768 | U8: 411.33873 | V8: 405.30357 | W8: 512.30424 | X8: 259.67583 | Y8: 252.68065 | Z8: 181.15729 | AA8: 551.61919 | AB8: 803.42788 | AC8: 600.93683 | AD8: Motores reciprocantes
B9: Cogeneradores | C9: 642.47 | D9: 551.92 | E9: 576.72 | F9: 621.12 | G9: 587.65 | H9: 541.932 | I9: 724.67 | J9: 806.97 | K9: 951.04 | L9: 865.15 | M9: 1068.79 | N9: 978.92 | O9: 897.86 | P9: 1010.81 | Q9: 1520.51 | R9: 1612.06 | S9: 2129.8672 | T9: 2373.1758 | U9: 1719.2551 | V9: 2764.5758 | W9: 3167.9818 | X9: 2183.907 | Y9: 2404.5701 | Z9: 2016.9542 | AA9: 2688.8328 | AB9: 2568.1016 | AC9: 2643.6904 | AD9: Cogeneradores
B10: Importaciones | C10: 204.97 | D10: 122.94 | E10: 53 | F10: 54.9 | G10: 30.54 | H10: 40.9 | I10: 23.19 | J10: 8.41 | K10: 8.12 | L10: 4.71 | M10: 37.21 | N10: 362.3 | O10: 525.6 | P10: 225.8 | Q10: 266.59 | R10: 708.2 | S10: 584.7989 | T10: 746.91919 | U10: 891.38176 | V10: 825.73306 | W10: 1140.5264 | X10: 1084.6032 | Y10: 1229.4586 | Z10: 1480.793 | AA10: 1944.252 | AB10: 1862.8799 | AC10: 2447.1995 | AD10: Importaciones
B11: Geotérmicas | C11: 8.57 | D11: 183.84574 | E11: 193.68 | F11: 129.99 | G11: 195.02 | H11: 194.23 | I11: 146.24 | J11: 142.53 | K11: 233.22 | L11: 271.98 | M11: 279.94 | N11: 259.31 | O11: 237.08 | P11: 245.63 | Q11: 212.35 | R11: 246.6 | S11: 251.53465 | T11: 289.13906 | U11: 253.04762 | V11: 249.75397 | W11: 262.13697 | X11: 273.85603 | Y11: 264.96828 | Z11: 281.9886 | AA11: 285.4383 | AB11: 275.03643 | AC11: 269.05261 | AD11: Geotérmicas
